Workbook

Sheet Übersicht
B2: NurGeld Schuldenabbau-Planer Pro
B4: Schulden systematisch abbauen, passende Tilgungsstrategie wählen und den Weg bis zur Schuldenfreiheit automatisch planen.
B7: Gesamtschulden | G7: Monatsbudget | L7: Voraussichtlich schuldenfrei
B8: =SUM(Schulden!E8:E22) | G8: =Strategie!C10 | L8: =IFERROR(INDEX(Monatsplan!B8:B127,MATCH(0,Monatsplan!G8:G127,0)),"über 10 Jahre")
B11: Gelbe Felder sind Eingaben. Hellblaue Felder werden automatisch berechnet. Mindestzahlungen, Zinsen, Zusatzbudget und Sonderzahlungen fließen automatisch in die Planung ein.
B15: Steuerungsübersicht
B16: Kennzahl | C16: Wert | D16: Einordnung
B17: Anzahl Schulden | C17: =COUNTIF(Schulden!C8:C22,"<>") | D17: Erfasste Verbindlichkeiten
B18: Summe Mindestzahlungen | C18: =SUM(Schulden!G8:G22) | D18: Monatlich vertraglich gebunden
B19: Zusätzlicher Monatsbetrag | C19: =Strategie!C9 | D19: Frei verfügbares Extra-Budget
B20: Gewählte Strategie | C20: =Strategie!C8 | D20: Avalanche, Snowball oder eigene Priorität
B21: Gewichteter Durchschnittszins | C21: =IFERROR(SUMPRODUCT(Schulden!E8:E22,Schulden!F8:F22)/SUM(Schulden!E8:E22),0) | D21: Nach aktuellem Schuldenstand
B22: Sonderzahlungen geplant | C22: =SUM(Sonderzahlungen!D8:D67) | D22: Zusätzliche Tilgung
B25: Schulden nach Zinshöhe
B26: Zinsklasse | C26: Restschuld
B27: 0–4,99 % | C27: =SUMIFS(Schulden!E8:E22,Schulden!F8:F22,">=0",Schulden!F8:F22,"<0.05")
B28: 5–9,99 % | C28: =SUMIFS(Schulden!E8:E22,Schulden!F8:F22,">=0.05",Schulden!F8:F22,"<0.10")
B29: 10–14,99 % | C29: =SUMIFS(Schulden!E8:E22,Schulden!F8:F22,">=0.10",Schulden!F8:F22,"<0.15")
B30: ab 15 % | C30: =SUMIFS(Schulden!E8:E22,Schulden!F8:F22,">=0.15")

Sheet Schulden
B2: NurGeld Schuldenübersicht
B4: Alle Verbindlichkeiten mit Restschuld, Zinssatz, Mindestzahlung und Priorität erfassen. Bis zu 15 Schulden können parallel geplant werden.
B7: ID | C7: Gläubiger / Kredit | D7: Schuldenart | E7: Startschuld | F7: Aktuelle Restschuld | G7: Zins p.a. | H7: Mindestzahlung | I7: Fälligkeit | J7: Eigene Priorität | K7: Strategie-Rang | L7: Status | M7: Notiz
B8: =IF(C8="","","S-"&TEXT(ROW()-7,"000")) | J8: =IF(C8="","",IF(Strategie!$C$8="Eigene Priorität",I8,IF(Strategie!$C$8="Avalanche",COUNTIFS($F$8:$F$22,">"&F8,$L$8:$L$22,"Aktiv")+COUNTIFS($F$8:F8,F8,$L$8:L8,"Aktiv"),COUNTIFS($E$8:$E$22,"<"&E8,$L$8:$L$22,"Aktiv")+COUNTIFS($E$8:E8,E8,$L$8:L8,"Aktiv")))) | L8: =IF(C8="","",IF(E8<=0,"Erledigt","Aktiv"))
B9: =IF(C9="","","S-"&TEXT(ROW()-7,"000")) | J9: =IF(C9="","",IF(Strategie!$C$8="Eigene Priorität",I9,IF(Strategie!$C$8="Avalanche",COUNTIFS($F$8:$F$22,">"&F9,$L$8:$L$22,"Aktiv")+COUNTIFS($F$8:F9,F9,$L$8:L9,"Aktiv"),COUNTIFS($E$8:$E$22,"<"&E9,$L$8:$L$22,"Aktiv")+COUNTIFS($E$8:E9,E9,$L$8:L9,"Aktiv")))) | L9: =IF(C9="","",IF(E9<=0,"Erledigt","Aktiv"))
B10: =IF(C10="","","S-"&TEXT(ROW()-7,"000")) | J10: =IF(C10="","",IF(Strategie!$C$8="Eigene Priorität",I10,IF(Strategie!$C$8="Avalanche",COUNTIFS($F$8:$F$22,">"&F10,$L$8:$L$22,"Aktiv")+COUNTIFS($F$8:F10,F10,$L$8:L10,"Aktiv"),COUNTIFS($E$8:$E$22,"<"&E10,$L$8:$L$22,"Aktiv")+COUNTIFS($E$8:E10,E10,$L$8:L10,"Aktiv")))) | L10: =IF(C10="","",IF(E10<=0,"Erledigt","Aktiv"))
B11: =IF(C11="","","S-"&TEXT(ROW()-7,"000")) | J11: =IF(C11="","",IF(Strategie!$C$8="Eigene Priorität",I11,IF(Strategie!$C$8="Avalanche",COUNTIFS($F$8:$F$22,">"&F11,$L$8:$L$22,"Aktiv")+COUNTIFS($F$8:F11,F11,$L$8:L11,"Aktiv"),COUNTIFS($E$8:$E$22,"<"&E11,$L$8:$L$22,"Aktiv")+COUNTIFS($E$8:E11,E11,$L$8:L11,"Aktiv")))) | L11: =IF(C11="","",IF(E11<=0,"Erledigt","Aktiv"))
B12: =IF(C12="","","S-"&TEXT(ROW()-7,"000")) | J12: =IF(C12="","",IF(Strategie!$C$8="Eigene Priorität",I12,IF(Strategie!$C$8="Avalanche",COUNTIFS($F$8:$F$22,">"&F12,$L$8:$L$22,"Aktiv")+COUNTIFS($F$8:F12,F12,$L$8:L12,"Aktiv"),COUNTIFS($E$8:$E$22,"<"&E12,$L$8:$L$22,"Aktiv")+COUNTIFS($E$8:E12,E12,$L$8:L12,"Aktiv")))) | L12: =IF(C12="","",IF(E12<=0,"Erledigt","Aktiv"))
B13: =IF(C13="","","S-"&TEXT(ROW()-7,"000")) | J13: =IF(C13="","",IF(Strategie!$C$8="Eigene Priorität",I13,IF(Strategie!$C$8="Avalanche",COUNTIFS($F$8:$F$22,">"&F13,$L$8:$L$22,"Aktiv")+COUNTIFS($F$8:F13,F13,$L$8:L13,"Aktiv"),COUNTIFS($E$8:$E$22,"<"&E13,$L$8:$L$22,"Aktiv")+COUNTIFS($E$8:E13,E13,$L$8:L13,"Aktiv")))) | L13: =IF(C13="","",IF(E13<=0,"Erledigt","Aktiv"))
B14: =IF(C14="","","S-"&TEXT(ROW()-7,"000")) | J14: =IF(C14="","",IF(Strategie!$C$8="Eigene Priorität",I14,IF(Strategie!$C$8="Avalanche",COUNTIFS($F$8:$F$22,">"&F14,$L$8:$L$22,"Aktiv")+COUNTIFS($F$8:F14,F14,$L$8:L14,"Aktiv"),COUNTIFS($E$8:$E$22,"<"&E14,$L$8:$L$22,"Aktiv")+COUNTIFS($E$8:E14,E14,$L$8:L14,"Aktiv")))) | L14: =IF(C14="","",IF(E14<=0,"Erledigt","Aktiv"))
B15: =IF(C15="","","S-"&TEXT(ROW()-7,"000")) | J15: =IF(C15="","",IF(Strategie!$C$8="Eigene Priorität",I15,IF(Strategie!$C$8="Avalanche",COUNTIFS($F$8:$F$22,">"&F15,$L$8:$L$22,"Aktiv")+COUNTIFS($F$8:F15,F15,$L$8:L15,"Aktiv"),COUNTIFS($E$8:$E$22,"<"&E15,$L$8:$L$22,"Aktiv")+COUNTIFS($E$8:E15,E15,$L$8:L15,"Aktiv")))) | L15: =IF(C15="","",IF(E15<=0,"Erledigt","Aktiv"))
B16: =IF(C16="","","S-"&TEXT(ROW()-7,"000")) | J16: =IF(C16="","",IF(Strategie!$C$8="Eigene Priorität",I16,IF(Strategie!$C$8="Avalanche",COUNTIFS($F$8:$F$22,">"&F16,$L$8:$L$22,"Aktiv")+COUNTIFS($F$8:F16,F16,$L$8:L16,"Aktiv"),COUNTIFS($E$8:$E$22,"<"&E16,$L$8:$L$22,"Aktiv")+COUNTIFS($E$8:E16,E16,$L$8:L16,"Aktiv")))) | L16: =IF(C16="","",IF(E16<=0,"Erledigt","Aktiv"))
B17: =IF(C17="","","S-"&TEXT(ROW()-7,"000")) | J17: =IF(C17="","",IF(Strategie!$C$8="Eigene Priorität",I17,IF(Strategie!$C$8="Avalanche",COUNTIFS($F$8:$F$22,">"&F17,$L$8:$L$22,"Aktiv")+COUNTIFS($F$8:F17,F17,$L$8:L17,"Aktiv"),COUNTIFS($E$8:$E$22,"<"&E17,$L$8:$L$22,"Aktiv")+COUNTIFS($E$8:E17,E17,$L$8:L17,"Aktiv")))) | L17: =IF(C17="","",IF(E17<=0,"Erledigt","Aktiv"))
B18: =IF(C18="","","S-"&TEXT(ROW()-7,"000")) | J18: =IF(C18="","",IF(Strategie!$C$8="Eigene Priorität",I18,IF(Strategie!$C$8="Avalanche",COUNTIFS($F$8:$F$22,">"&F18,$L$8:$L$22,"Aktiv")+COUNTIFS($F$8:F18,F18,$L$8:L18,"Aktiv"),COUNTIFS($E$8:$E$22,"<"&E18,$L$8:$L$22,"Aktiv")+COUNTIFS($E$8:E18,E18,$L$8:L18,"Aktiv")))) | L18: =IF(C18="","",IF(E18<=0,"Erledigt","Aktiv"))
B19: =IF(C19="","","S-"&TEXT(ROW()-7,"000")) | J19: =IF(C19="","",IF(Strategie!$C$8="Eigene Priorität",I19,IF(Strategie!$C$8="Avalanche",COUNTIFS($F$8:$F$22,">"&F19,$L$8:$L$22,"Aktiv")+COUNTIFS($F$8:F19,F19,$L$8:L19,"Aktiv"),COUNTIFS($E$8:$E$22,"<"&E19,$L$8:$L$22,"Aktiv")+COUNTIFS($E$8:E19,E19,$L$8:L19,"Aktiv")))) | L19: =IF(C19="","",IF(E19<=0,"Erledigt","Aktiv"))
... B22: =IF(C22="","","S-"&TEXT(ROW()-7,"000")) | J22: =IF(C22="","",IF(Strategie!$C$8="Eigene Priorität",I22,IF(Strategie!$C$8="Avalanche",COUNTIFS($F$8:$F$22,">"&F22,$L$8:$L$22,"Aktiv")+COUNTIFS($F$8:F22,F22,$L$8:L22,"Aktiv"),COUNTIFS($E$8:$E$22,"<"&E22,$L$8:$L$22,"Aktiv")+COUNTIFS($E$8:E22,E22,$L$8:L22,"Aktiv")))) | L22: =IF(C22="","",IF(E22<=0,"Erledigt","Aktiv"))

Sheet Strategie
B2: NurGeld Abbaustrategie
B4: Lege fest, wie zusätzliche Tilgung verteilt wird. Snowball priorisiert kleine Restschulden, Avalanche hohe Zinssätze.
B7: Strategie & Monatsbudget
B8: Gewählte Strategie | C8: Avalanche
B9: Zusätzlicher Monatsbetrag | C9: 250
B10: Gesamtes Monatsbudget | C10: =SUM(Schulden!G8:G22)+C9
B11: Startmonat | C11: 46296
B14: Was die Strategien bedeuten
B15: Avalanche | C15: Zusatzgeld fließt zuerst in die aktive Schuld mit dem höchsten Zinssatz. Ziel: Zinskosten möglichst stark reduzieren.
B16: Snowball | C16: Zusatzgeld fließt zuerst in die kleinste aktive Restschuld. Ziel: schneller sichtbare Erfolge und weniger offene Schulden.
B17: Eigene Priorität | C17: Du vergibst im Blatt „Schulden“ selbst Prioritäten. Kleinere Zahlen werden zuerst bedient.
B20: Planungslogik
B21: Der Plan zahlt zuerst die Mindestzahlungen aller aktiven Schulden. Das zusätzliche Budget wird nach dem gewählten Rang verteilt. Wird eine Schuld innerhalb eines Monats vollständig getilgt, fließt nicht benötigtes Zusatzbudget automatisch an die nächste Priorität weiter.

Sheet Sonderzahlungen
B2: NurGeld Sonderzahlungen
B4: Einmalige zusätzliche Tilgungen einplanen – zum Beispiel Bonus, Steuererstattung, Verkaufserlös oder Urlaubsgeld.
B7: Datum | C7: Bezeichnung | D7: Betrag | E7: Verteilung | F7: Ziel-ID | G7: Monat
G8: =IF(B8="","",EOMONTH(B8,-1)+1)
G9: =IF(B9="","",EOMONTH(B9,-1)+1)
G10: =IF(B10="","",EOMONTH(B10,-1)+1)
G11: =IF(B11="","",EOMONTH(B11,-1)+1)
G12: =IF(B12="","",EOMONTH(B12,-1)+1)
G13: =IF(B13="","",EOMONTH(B13,-1)+1)
G14: =IF(B14="","",EOMONTH(B14,-1)+1)
G15: =IF(B15="","",EOMONTH(B15,-1)+1)
G16: =IF(B16="","",EOMONTH(B16,-1)+1)
G17: =IF(B17="","",EOMONTH(B17,-1)+1)
G18: =IF(B18="","",EOMONTH(B18,-1)+1)
G19: =IF(B19="","",EOMONTH(B19,-1)+1)
... G67: =IF(B67="","",EOMONTH(B67,-1)+1)

Sheet Monatsplan
B2: NurGeld Monatsplan
B4: Monat für Monat sehen, wie sich Restschuld, Zinsen und Tilgung entwickeln. Der Plan reicht über zehn Jahre.
B7: Monat | C7: Startschuld | D7: Zinsen | E7: Zahlungen | F7: Sonderzahlungen | G7: Restschuld | H7: Fortschritt
B8: =Berechnung!B8 | C8: =Berechnung!D8+Berechnung!H8+Berechnung!L8+Berechnung!P8+Berechnung!T8+Berechnung!X8+Berechnung!AB8+Berechnung!AF8+Berechnung!AJ8+Berechnung!AN8+Berechnung!AR8+Berechnung!AV8+Berechnung!AZ8+Berechnung!BD8+Berechnung!BH8 | D8: =Berechnung!E8+Berechnung!I8+Berechnung!M8+Berechnung!Q8+Berechnung!U8+Berechnung!Y8+Berechnung!AC8+Berechnung!AG8+Berechnung!AK8+Berechnung!AO8+Berechnung!AS8+Berechnung!AW8+Berechnung!BA8+Berechnung!BE8+Berechnung!BI8 | E8: =Berechnung!F8+Berechnung!J8+Berechnung!N8+Berechnung!R8+Berechnung!V8+Berechnung!Z8+Berechnung!AD8+Berechnung!AH8+Berechnung!AL8+Berechnung!AP8+Berechnung!AT8+Berechnung!AX8+Berechnung!BB8+Berechnung!BF8+Berechnung!BJ8 | F8: =Berechnung!C8 | G8: =Berechnung!G8+Berechnung!K8+Berechnung!O8+Berechnung!S8+Berechnung!W8+Berechnung!AA8+Berechnung!AE8+Berechnung!AI8+Berechnung!AM8+Berechnung!AQ8+Berechnung!AU8+Berechnung!AY8+Berechnung!BC8+Berechnung!BG8+Berechnung!BK8 | H8: =IFERROR(1-G8/SUM(Schulden!$E$8:$E$22),0)
B9: =Berechnung!B9 | C9: =Berechnung!D9+Berechnung!H9+Berechnung!L9+Berechnung!P9+Berechnung!T9+Berechnung!X9+Berechnung!AB9+Berechnung!AF9+Berechnung!AJ9+Berechnung!AN9+Berechnung!AR9+Berechnung!AV9+Berechnung!AZ9+Berechnung!BD9+Berechnung!BH9 | D9: =Berechnung!E9+Berechnung!I9+Berechnung!M9+Berechnung!Q9+Berechnung!U9+Berechnung!Y9+Berechnung!AC9+Berechnung!AG9+Berechnung!AK9+Berechnung!AO9+Berechnung!AS9+Berechnung!AW9+Berechnung!BA9+Berechnung!BE9+Berechnung!BI9 | E9: =Berechnung!F9+Berechnung!J9+Berechnung!N9+Berechnung!R9+Berechnung!V9+Berechnung!Z9+Berechnung!AD9+Berechnung!AH9+Berechnung!AL9+Berechnung!AP9+Berechnung!AT9+Berechnung!AX9+Berechnung!BB9+Berechnung!BF9+Berechnung!BJ9 | F9: =Berechnung!C9 | G9: =Berechnung!G9+Berechnung!K9+Berechnung!O9+Berechnung!S9+Berechnung!W9+Berechnung!AA9+Berechnung!AE9+Berechnung!AI9+Berechnung!AM9+Berechnung!AQ9+Berechnung!AU9+Berechnung!AY9+Berechnung!BC9+Berechnung!BG9+Berechnung!BK9 | H9: =IFERROR(1-G9/SUM(Schulden!$E$8:$E$22),0)
B10: =Berechnung!B10 | C10: =Berechnung!D10+Berechnung!H10+Berechnung!L10+Berechnung!P10+Berechnung!T10+Berechnung!X10+Berechnung!AB10+Berechnung!AF10+Berechnung!AJ10+Berechnung!AN10+Berechnung!AR10+Berechnung!AV10+Berechnung!AZ10+Berechnung!BD10+Berechnung!BH10 | D10: =Berechnung!E10+Berechnung!I10+Berechnung!M10+Berechnung!Q10+Berechnung!U10+Berechnung!Y10+Berechnung!AC10+Berechnung!AG10+Berechnung!AK10+Berechnung!AO10+Berechnung!AS10+Berechnung!AW10+Berechnung!BA10+Berechnung!BE10+Berechnung!BI10 | E10: =Berechnung!F10+Berechnung!J10+Berechnung!N10+Berechnung!R10+Berechnung!V10+Berechnung!Z10+Berechnung!AD10+Berechnung!AH10+Berechnung!AL10+Berechnung!AP10+Berechnung!AT10+Berechnung!AX10+Berechnung!BB10+Berechnung!BF10+Berechnung!BJ10 | F10: =Berechnung!C10 | G10: =Berechnung!G10+Berechnung!K10+Berechnung!O10+Berechnung!S10+Berechnung!W10+Berechnung!AA10+Berechnung!AE10+Berechnung!AI10+Berechnung!AM10+Berechnung!AQ10+Berechnung!AU10+Berechnung!AY10+Berechnung!BC10+Berechnung!BG10+Berechnung!BK10 | H10: =IFERROR(1-G10/SUM(Schulden!$E$8:$E$22),0)
B11: =Berechnung!B11 | C11: =Berechnung!D11+Berechnung!H11+Berechnung!L11+Berechnung!P11+Berechnung!T11+Berechnung!X11+Berechnung!AB11+Berechnung!AF11+Berechnung!AJ11+Berechnung!AN11+Berechnung!AR11+Berechnung!AV11+Berechnung!AZ11+Berechnung!BD11+Berechnung!BH11 | D11: =Berechnung!E11+Berechnung!I11+Berechnung!M11+Berechnung!Q11+Berechnung!U11+Berechnung!Y11+Berechnung!AC11+Berechnung!AG11+Berechnung!AK11+Berechnung!AO11+Berechnung!AS11+Berechnung!AW11+Berechnung!BA11+Berechnung!BE11+Berechnung!BI11 | E11: =Berechnung!F11+Berechnung!J11+Berechnung!N11+Berechnung!R11+Berechnung!V11+Berechnung!Z11+Berechnung!AD11+Berechnung!AH11+Berechnung!AL11+Berechnung!AP11+Berechnung!AT11+Berechnung!AX11+Berechnung!BB11+Berechnung!BF11+Berechnung!BJ11 | F11: =Berechnung!C11 | G11: =Berechnung!G11+Berechnung!K11+Berechnung!O11+Berechnung!S11+Berechnung!W11+Berechnung!AA11+Berechnung!AE11+Berechnung!AI11+Berechnung!AM11+Berechnung!AQ11+Berechnung!AU11+Berechnung!AY11+Berechnung!BC11+Berechnung!BG11+Berechnung!BK11 | H11: =IFERROR(1-G11/SUM(Schulden!$E$8:$E$22),0)
B12: =Berechnung!B12 | C12: =Berechnung!D12+Berechnung!H12+Berechnung!L12+Berechnung!P12+Berechnung!T12+Berechnung!X12+Berechnung!AB12+Berechnung!AF12+Berechnung!AJ12+Berechnung!AN12+Berechnung!AR12+Berechnung!AV12+Berechnung!AZ12+Berechnung!BD12+Berechnung!BH12 | D12: =Berechnung!E12+Berechnung!I12+Berechnung!M12+Berechnung!Q12+Berechnung!U12+Berechnung!Y12+Berechnung!AC12+Berechnung!AG12+Berechnung!AK12+Berechnung!AO12+Berechnung!AS12+Berechnung!AW12+Berechnung!BA12+Berechnung!BE12+Berechnung!BI12 | E12: =Berechnung!F12+Berechnung!J12+Berechnung!N12+Berechnung!R12+Berechnung!V12+Berechnung!Z12+Berechnung!AD12+Berechnung!AH12+Berechnung!AL12+Berechnung!AP12+Berechnung!AT12+Berechnung!AX12+Berechnung!BB12+Berechnung!BF12+Berechnung!BJ12 | F12: =Berechnung!C12 | G12: =Berechnung!G12+Berechnung!K12+Berechnung!O12+Berechnung!S12+Berechnung!W12+Berechnung!AA12+Berechnung!AE12+Berechnung!AI12+Berechnung!AM12+Berechnung!AQ12+Berechnung!AU12+Berechnung!AY12+Berechnung!BC12+Berechnung!BG12+Berechnung!BK12 | H12: =IFERROR(1-G12/SUM(Schulden!$E$8:$E$22),0)
B13: =Berechnung!B13 | C13: =Berechnung!D13+Berechnung!H13+Berechnung!L13+Berechnung!P13+Berechnung!T13+Berechnung!X13+Berechnung!AB13+Berechnung!AF13+Berechnung!AJ13+Berechnung!AN13+Berechnung!AR13+Berechnung!AV13+Berechnung!AZ13+Berechnung!BD13+Berechnung!BH13 | D13: =Berechnung!E13+Berechnung!I13+Berechnung!M13+Berechnung!Q13+Berechnung!U13+Berechnung!Y13+Berechnung!AC13+Berechnung!AG13+Berechnung!AK13+Berechnung!AO13+Berechnung!AS13+Berechnung!AW13+Berechnung!BA13+Berechnung!BE13+Berechnung!BI13 | E13: =Berechnung!F13+Berechnung!J13+Berechnung!N13+Berechnung!R13+Berechnung!V13+Berechnung!Z13+Berechnung!AD13+Berechnung!AH13+Berechnung!AL13+Berechnung!AP13+Berechnung!AT13+Berechnung!AX13+Berechnung!BB13+Berechnung!BF13+Berechnung!BJ13 | F13: =Berechnung!C13 | G13: =Berechnung!G13+Berechnung!K13+Berechnung!O13+Berechnung!S13+Berechnung!W13+Berechnung!AA13+Berechnung!AE13+Berechnung!AI13+Berechnung!AM13+Berechnung!AQ13+Berechnung!AU13+Berechnung!AY13+Berechnung!BC13+Berechnung!BG13+Berechnung!BK13 | H13: =IFERROR(1-G13/SUM(Schulden!$E$8:$E$22),0)
B14: =Berechnung!B14 | C14: =Berechnung!D14+Berechnung!H14+Berechnung!L14+Berechnung!P14+Berechnung!T14+Berechnung!X14+Berechnung!AB14+Berechnung!AF14+Berechnung!AJ14+Berechnung!AN14+Berechnung!AR14+Berechnung!AV14+Berechnung!AZ14+Berechnung!BD14+Berechnung!BH14 | D14: =Berechnung!E14+Berechnung!I14+Berechnung!M14+Berechnung!Q14+Berechnung!U14+Berechnung!Y14+Berechnung!AC14+Berechnung!AG14+Berechnung!AK14+Berechnung!AO14+Berechnung!AS14+Berechnung!AW14+Berechnung!BA14+Berechnung!BE14+Berechnung!BI14 | E14: =Berechnung!F14+Berechnung!J14+Berechnung!N14+Berechnung!R14+Berechnung!V14+Berechnung!Z14+Berechnung!AD14+Berechnung!AH14+Berechnung!AL14+Berechnung!AP14+Berechnung!AT14+Berechnung!AX14+Berechnung!BB14+Berechnung!BF14+Berechnung!BJ14 | F14: =Berechnung!C14 | G14: =Berechnung!G14+Berechnung!K14+Berechnung!O14+Berechnung!S14+Berechnung!W14+Berechnung!AA14+Berechnung!AE14+Berechnung!AI14+Berechnung!AM14+Berechnung!AQ14+Berechnung!AU14+Berechnung!AY14+Berechnung!BC14+Berechnung!BG14+Berechnung!BK14 | H14: =IFERROR(1-G14/SUM(Schulden!$E$8:$E$22),0)
B15: =Berechnung!B15 | C15: =Berechnung!D15+Berechnung!H15+Berechnung!L15+Berechnung!P15+Berechnung!T15+Berechnung!X15+Berechnung!AB15+Berechnung!AF15+Berechnung!AJ15+Berechnung!AN15+Berechnung!AR15+Berechnung!AV15+Berechnung!AZ15+Berechnung!BD15+Berechnung!BH15 | D15: =Berechnung!E15+Berechnung!I15+Berechnung!M15+Berechnung!Q15+Berechnung!U15+Berechnung!Y15+Berechnung!AC15+Berechnung!AG15+Berechnung!AK15+Berechnung!AO15+Berechnung!AS15+Berechnung!AW15+Berechnung!BA15+Berechnung!BE15+Berechnung!BI15 | E15: =Berechnung!F15+Berechnung!J15+Berechnung!N15+Berechnung!R15+Berechnung!V15+Berechnung!Z15+Berechnung!AD15+Berechnung!AH15+Berechnung!AL15+Berechnung!AP15+Berechnung!AT15+Berechnung!AX15+Berechnung!BB15+Berechnung!BF15+Berechnung!BJ15 | F15: =Berechnung!C15 | G15: =Berechnung!G15+Berechnung!K15+Berechnung!O15+Berechnung!S15+Berechnung!W15+Berechnung!AA15+Berechnung!AE15+Berechnung!AI15+Berechnung!AM15+Berechnung!AQ15+Berechnung!AU15+Berechnung!AY15+Berechnung!BC15+Berechnung!BG15+Berechnung!BK15 | H15: =IFERROR(1-G15/SUM(Schulden!$E$8:$E$22),0)
B16: =Berechnung!B16 | C16: =Berechnung!D16+Berechnung!H16+Berechnung!L16+Berechnung!P16+Berechnung!T16+Berechnung!X16+Berechnung!AB16+Berechnung!AF16+Berechnung!AJ16+Berechnung!AN16+Berechnung!AR16+Berechnung!AV16+Berechnung!AZ16+Berechnung!BD16+Berechnung!BH16 | D16: =Berechnung!E16+Berechnung!I16+Berechnung!M16+Berechnung!Q16+Berechnung!U16+Berechnung!Y16+Berechnung!AC16+Berechnung!AG16+Berechnung!AK16+Berechnung!AO16+Berechnung!AS16+Berechnung!AW16+Berechnung!BA16+Berechnung!BE16+Berechnung!BI16 | E16: =Berechnung!F16+Berechnung!J16+Berechnung!N16+Berechnung!R16+Berechnung!V16+Berechnung!Z16+Berechnung!AD16+Berechnung!AH16+Berechnung!AL16+Berechnung!AP16+Berechnung!AT16+Berechnung!AX16+Berechnung!BB16+Berechnung!BF16+Berechnung!BJ16 | F16: =Berechnung!C16 | G16: =Berechnung!G16+Berechnung!K16+Berechnung!O16+Berechnung!S16+Berechnung!W16+Berechnung!AA16+Berechnung!AE16+Berechnung!AI16+Berechnung!AM16+Berechnung!AQ16+Berechnung!AU16+Berechnung!AY16+Berechnung!BC16+Berechnung!BG16+Berechnung!BK16 | H16: =IFERROR(1-G16/SUM(Schulden!$E$8:$E$22),0)
B17: =Berechnung!B17 | C17: =Berechnung!D17+Berechnung!H17+Berechnung!L17+Berechnung!P17+Berechnung!T17+Berechnung!X17+Berechnung!AB17+Berechnung!AF17+Berechnung!AJ17+Berechnung!AN17+Berechnung!AR17+Berechnung!AV17+Berechnung!AZ17+Berechnung!BD17+Berechnung!BH17 | D17: =Berechnung!E17+Berechnung!I17+Berechnung!M17+Berechnung!Q17+Berechnung!U17+Berechnung!Y17+Berechnung!AC17+Berechnung!AG17+Berechnung!AK17+Berechnung!AO17+Berechnung!AS17+Berechnung!AW17+Berechnung!BA17+Berechnung!BE17+Berechnung!BI17 | E17: =Berechnung!F17+Berechnung!J17+Berechnung!N17+Berechnung!R17+Berechnung!V17+Berechnung!Z17+Berechnung!AD17+Berechnung!AH17+Berechnung!AL17+Berechnung!AP17+Berechnung!AT17+Berechnung!AX17+Berechnung!BB17+Berechnung!BF17+Berechnung!BJ17 | F17: =Berechnung!C17 | G17: =Berechnung!G17+Berechnung!K17+Berechnung!O17+Berechnung!S17+Berechnung!W17+Berechnung!AA17+Berechnung!AE17+Berechnung!AI17+Berechnung!AM17+Berechnung!AQ17+Berechnung!AU17+Berechnung!AY17+Berechnung!BC17+Berechnung!BG17+Berechnung!BK17 | H17: =IFERROR(1-G17/SUM(Schulden!$E$8:$E$22),0)
B18: =Berechnung!B18 | C18: =Berechnung!D18+Berechnung!H18+Berechnung!L18+Berechnung!P18+Berechnung!T18+Berechnung!X18+Berechnung!AB18+Berechnung!AF18+Berechnung!AJ18+Berechnung!AN18+Berechnung!AR18+Berechnung!AV18+Berechnung!AZ18+Berechnung!BD18+Berechnung!BH18 | D18: =Berechnung!E18+Berechnung!I18+Berechnung!M18+Berechnung!Q18+Berechnung!U18+Berechnung!Y18+Berechnung!AC18+Berechnung!AG18+Berechnung!AK18+Berechnung!AO18+Berechnung!AS18+Berechnung!AW18+Berechnung!BA18+Berechnung!BE18+Berechnung!BI18 | E18: =Berechnung!F18+Berechnung!J18+Berechnung!N18+Berechnung!R18+Berechnung!V18+Berechnung!Z18+Berechnung!AD18+Berechnung!AH18+Berechnung!AL18+Berechnung!AP18+Berechnung!AT18+Berechnung!AX18+Berechnung!BB18+Berechnung!BF18+Berechnung!BJ18 | F18: =Berechnung!C18 | G18: =Berechnung!G18+Berechnung!K18+Berechnung!O18+Berechnung!S18+Berechnung!W18+Berechnung!AA18+Berechnung!AE18+Berechnung!AI18+Berechnung!AM18+Berechnung!AQ18+Berechnung!AU18+Berechnung!AY18+Berechnung!BC18+Berechnung!BG18+Berechnung!BK18 | H18: =IFERROR(1-G18/SUM(Schulden!$E$8:$E$22),0)
B19: =Berechnung!B19 | C19: =Berechnung!D19+Berechnung!H19+Berechnung!L19+Berechnung!P19+Berechnung!T19+Berechnung!X19+Berechnung!AB19+Berechnung!AF19+Berechnung!AJ19+Berechnung!AN19+Berechnung!AR19+Berechnung!AV19+Berechnung!AZ19+Berechnung!BD19+Berechnung!BH19 | D19: =Berechnung!E19+Berechnung!I19+Berechnung!M19+Berechnung!Q19+Berechnung!U19+Berechnung!Y19+Berechnung!AC19+Berechnung!AG19+Berechnung!AK19+Berechnung!AO19+Berechnung!AS19+Berechnung!AW19+Berechnung!BA19+Berechnung!BE19+Berechnung!BI19 | E19: =Berechnung!F19+Berechnung!J19+Berechnung!N19+Berechnung!R19+Berechnung!V19+Berechnung!Z19+Berechnung!AD19+Berechnung!AH19+Berechnung!AL19+Berechnung!AP19+Berechnung!AT19+Berechnung!AX19+Berechnung!BB19+Berechnung!BF19+Berechnung!BJ19 | F19: =Berechnung!C19 | G19: =Berechnung!G19+Berechnung!K19+Berechnung!O19+Berechnung!S19+Berechnung!W19+Berechnung!AA19+Berechnung!AE19+Berechnung!AI19+Berechnung!AM19+Berechnung!AQ19+Berechnung!AU19+Berechnung!AY19+Berechnung!BC19+Berechnung!BG19+Berechnung!BK19 | H19: =IFERROR(1-G19/SUM(Schulden!$E$8:$E$22),0)
... B127: =Berechnung!B127 | C127: =Berechnung!D127+Berechnung!H127+Berechnung!L127+Berechnung!P127+Berechnung!T127+Berechnung!X127+Berechnung!AB127+Berechnung!AF127+Berechnung!AJ127+Berechnung!AN127+Berechnung!AR127+Berechnung!AV127+Berechnung!AZ127+Berechnung!BD127+Berechnung!BH127 | D127: =Berechnung!E127+Berechnung!I127+Berechnung!M127+Berechnung!Q127+Berechnung!U127+Berechnung!Y127+Berechnung!AC127+Berechnung!AG127+Berechnung!AK127+Berechnung!AO127+Berechnung!AS127+Berechnung!AW127+Berechnung!BA127+Berechnung!BE127+Berechnung!BI127 | E127: =Berechnung!F127+Berechnung!J127+Berechnung!N127+Berechnung!R127+Berechnung!V127+Berechnung!Z127+Berechnung!AD127+Berechnung!AH127+Berechnung!AL127+Berechnung!AP127+Berechnung!AT127+Berechnung!AX127+Berechnung!BB127+Berechnung!BF127+Berechnung!BJ127 | F127: =Berechnung!C127 | G127: =Berechnung!G127+Berechnung!K127+Berechnung!O127+Berechnung!S127+Berechnung!W127+Berechnung!AA127+Berechnung!AE127+Berechnung!AI127+Berechnung!AM127+Berechnung!AQ127+Berechnung!AU127+Berechnung!AY127+Berechnung!BC127+Berechnung!BG127+Berechnung!BK127 | H127: =IFERROR(1-G127/SUM(Schulden!$E$8:$E$22),0)

Sheet Tilgungsplan
B2: NurGeld Tilgungsplan
B4: Reihenfolge, voraussichtlicher Tilgungsmonat und Zinsbelastung jeder einzelnen Schuld.
B7: Rang | C7: ID | D7: Gläubiger / Kredit | E7: Restschuld | F7: Zins | G7: Mindestzahlung | H7: Vorauss. erledigt | I7: Monate | J7: Zinsen im Plan
B8: =Schulden!J8 | C8: =Schulden!B8 | D8: =Schulden!C8 | E8: =Schulden!E8 | F8: =Schulden!F8 | G8: =Schulden!G8 | H8: =IF(D8="","",IFERROR(INDEX(Monatsplan!$B$8:$B$127,MATCH(0,Berechnung!G$8:G$127,0)),"über 10 Jahre")) | I8: =IF(D8="","",IFERROR(MATCH(0,Berechnung!G$8:G$127,0),"120+")) | J8: =IF(D8="","",SUM(Berechnung!E$8:E$127))
B9: =Schulden!J9 | C9: =Schulden!B9 | D9: =Schulden!C9 | E9: =Schulden!E9 | F9: =Schulden!F9 | G9: =Schulden!G9 | H9: =IF(D9="","",IFERROR(INDEX(Monatsplan!$B$8:$B$127,MATCH(0,Berechnung!K$8:K$127,0)),"über 10 Jahre")) | I9: =IF(D9="","",IFERROR(MATCH(0,Berechnung!K$8:K$127,0),"120+")) | J9: =IF(D9="","",SUM(Berechnung!I$8:I$127))
B10: =Schulden!J10 | C10: =Schulden!B10 | D10: =Schulden!C10 | E10: =Schulden!E10 | F10: =Schulden!F10 | G10: =Schulden!G10 | H10: =IF(D10="","",IFERROR(INDEX(Monatsplan!$B$8:$B$127,MATCH(0,Berechnung!O$8:O$127,0)),"über 10 Jahre")) | I10: =IF(D10="","",IFERROR(MATCH(0,Berechnung!O$8:O$127,0),"120+")) | J10: =IF(D10="","",SUM(Berechnung!M$8:M$127))
B11: =Schulden!J11 | C11: =Schulden!B11 | D11: =Schulden!C11 | E11: =Schulden!E11 | F11: =Schulden!F11 | G11: =Schulden!G11 | H11: =IF(D11="","",IFERROR(INDEX(Monatsplan!$B$8:$B$127,MATCH(0,Berechnung!S$8:S$127,0)),"über 10 Jahre")) | I11: =IF(D11="","",IFERROR(MATCH(0,Berechnung!S$8:S$127,0),"120+")) | J11: =IF(D11="","",SUM(Berechnung!Q$8:Q$127))
B12: =Schulden!J12 | C12: =Schulden!B12 | D12: =Schulden!C12 | E12: =Schulden!E12 | F12: =Schulden!F12 | G12: =Schulden!G12 | H12: =IF(D12="","",IFERROR(INDEX(Monatsplan!$B$8:$B$127,MATCH(0,Berechnung!W$8:W$127,0)),"über 10 Jahre")) | I12: =IF(D12="","",IFERROR(MATCH(0,Berechnung!W$8:W$127,0),"120+")) | J12: =IF(D12="","",SUM(Berechnung!U$8:U$127))
B13: =Schulden!J13 | C13: =Schulden!B13 | D13: =Schulden!C13 | E13: =Schulden!E13 | F13: =Schulden!F13 | G13: =Schulden!G13 | H13: =IF(D13="","",IFERROR(INDEX(Monatsplan!$B$8:$B$127,MATCH(0,Berechnung!AA$8:AA$127,0)),"über 10 Jahre")) | I13: =IF(D13="","",IFERROR(MATCH(0,Berechnung!AA$8:AA$127,0),"120+")) | J13: =IF(D13="","",SUM(Berechnung!Y$8:Y$127))
B14: =Schulden!J14 | C14: =Schulden!B14 | D14: =Schulden!C14 | E14: =Schulden!E14 | F14: =Schulden!F14 | G14: =Schulden!G14 | H14: =IF(D14="","",IFERROR(INDEX(Monatsplan!$B$8:$B$127,MATCH(0,Berechnung!AE$8:AE$127,0)),"über 10 Jahre")) | I14: =IF(D14="","",IFERROR(MATCH(0,Berechnung!AE$8:AE$127,0),"120+")) | J14: =IF(D14="","",SUM(Berechnung!AC$8:AC$127))
B15: =Schulden!J15 | C15: =Schulden!B15 | D15: =Schulden!C15 | E15: =Schulden!E15 | F15: =Schulden!F15 | G15: =Schulden!G15 | H15: =IF(D15="","",IFERROR(INDEX(Monatsplan!$B$8:$B$127,MATCH(0,Berechnung!AI$8:AI$127,0)),"über 10 Jahre")) | I15: =IF(D15="","",IFERROR(MATCH(0,Berechnung!AI$8:AI$127,0),"120+")) | J15: =IF(D15="","",SUM(Berechnung!AG$8:AG$127))
B16: =Schulden!J16 | C16: =Schulden!B16 | D16: =Schulden!C16 | E16: =Schulden!E16 | F16: =Schulden!F16 | G16: =Schulden!G16 | H16: =IF(D16="","",IFERROR(INDEX(Monatsplan!$B$8:$B$127,MATCH(0,Berechnung!AM$8:AM$127,0)),"über 10 Jahre")) | I16: =IF(D16="","",IFERROR(MATCH(0,Berechnung!AM$8:AM$127,0),"120+")) | J16: =IF(D16="","",SUM(Berechnung!AK$8:AK$127))
B17: =Schulden!J17 | C17: =Schulden!B17 | D17: =Schulden!C17 | E17: =Schulden!E17 | F17: =Schulden!F17 | G17: =Schulden!G17 | H17: =IF(D17="","",IFERROR(INDEX(Monatsplan!$B$8:$B$127,MATCH(0,Berechnung!AQ$8:AQ$127,0)),"über 10 Jahre")) | I17: =IF(D17="","",IFERROR(MATCH(0,Berechnung!AQ$8:AQ$127,0),"120+")) | J17: =IF(D17="","",SUM(Berechnung!AO$8:AO$127))
B18: =Schulden!J18 | C18: =Schulden!B18 | D18: =Schulden!C18 | E18: =Schulden!E18 | F18: =Schulden!F18 | G18: =Schulden!G18 | H18: =IF(D18="","",IFERROR(INDEX(Monatsplan!$B$8:$B$127,MATCH(0,Berechnung!AU$8:AU$127,0)),"über 10 Jahre")) | I18: =IF(D18="","",IFERROR(MATCH(0,Berechnung!AU$8:AU$127,0),"120+")) | J18: =IF(D18="","",SUM(Berechnung!AS$8:AS$127))
B19: =Schulden!J19 | C19: =Schulden!B19 | D19: =Schulden!C19 | E19: =Schulden!E19 | F19: =Schulden!F19 | G19: =Schulden!G19 | H19: =IF(D19="","",IFERROR(INDEX(Monatsplan!$B$8:$B$127,MATCH(0,Berechnung!AY$8:AY$127,0)),"über 10 Jahre")) | I19: =IF(D19="","",IFERROR(MATCH(0,Berechnung!AY$8:AY$127,0),"120+")) | J19: =IF(D19="","",SUM(Berechnung!AW$8:AW$127))
B20: =Schulden!J20 | C20: =Schulden!B20 | D20: =Schulden!C20 | E20: =Schulden!E20 | F20: =Schulden!F20 | G20: =Schulden!G20 | H20: =IF(D20="","",IFERROR(INDEX(Monatsplan!$B$8:$B$127,MATCH(0,Berechnung!BC$8:BC$127,0)),"über 10 Jahre")) | I20: =IF(D20="","",IFERROR(MATCH(0,Berechnung!BC$8:BC$127,0),"120+")) | J20: =IF(D20="","",SUM(Berechnung!BA$8:BA$127))
B21: =Schulden!J21 | C21: =Schulden!B21 | D21: =Schulden!C21 | E21: =Schulden!E21 | F21: =Schulden!F21 | G21: =Schulden!G21 | H21: =IF(D21="","",IFERROR(INDEX(Monatsplan!$B$8:$B$127,MATCH(0,Berechnung!BG$8:BG$127,0)),"über 10 Jahre")) | I21: =IF(D21="","",IFERROR(MATCH(0,Berechnung!BG$8:BG$127,0),"120+")) | J21: =IF(D21="","",SUM(Berechnung!BE$8:BE$127))
B22: =Schulden!J22 | C22: =Schulden!B22 | D22: =Schulden!C22 | E22: =Schulden!E22 | F22: =Schulden!F22 | G22: =Schulden!G22 | H22: =IF(D22="","",IFERROR(INDEX(Monatsplan!$B$8:$B$127,MATCH(0,Berechnung!BK$8:BK$127,0)),"über 10 Jahre")) | I22: =IF(D22="","",IFERROR(MATCH(0,Berechnung!BK$8:BK$127,0),"120+")) | J22: =IF(D22="","",SUM(Berechnung!BI$8:BI$127))

Sheet Szenarien
B2: NurGeld Szenario-Rechner
B4: Prüfe, wie sich ein höheres Zusatzbudget auf die ungefähre Laufzeit auswirkt.
B7: Budget-Szenarien
B8: Szenario | C8: Zusatzbetrag | D8: Gesamtbudget | E8: Grobe Laufzeit | F8: Einordnung
B9: Basis | C9: =MAX(0,Strategie!C9+0) | D9: =SUM(Schulden!G8:G22)+C9 | E9: =IFERROR(NPER((SUMPRODUCT(Schulden!E8:E22,Schulden!F8:F22)/SUM(Schulden!E8:E22))/12,-D9,SUM(Schulden!E8:E22)),0) | F9: =IF(E9=0,"Keine Berechnung",IF(E9<=24,"kurz",IF(E9<=60,"mittel","lang")))
B10: + 50 € | C10: =MAX(0,Strategie!C9+50) | D10: =SUM(Schulden!G8:G22)+C10 | E10: =IFERROR(NPER((SUMPRODUCT(Schulden!E8:E22,Schulden!F8:F22)/SUM(Schulden!E8:E22))/12,-D10,SUM(Schulden!E8:E22)),0) | F10: =IF(E10=0,"Keine Berechnung",IF(E10<=24,"kurz",IF(E10<=60,"mittel","lang")))
B11: + 100 € | C11: =MAX(0,Strategie!C9+100) | D11: =SUM(Schulden!G8:G22)+C11 | E11: =IFERROR(NPER((SUMPRODUCT(Schulden!E8:E22,Schulden!F8:F22)/SUM(Schulden!E8:E22))/12,-D11,SUM(Schulden!E8:E22)),0) | F11: =IF(E11=0,"Keine Berechnung",IF(E11<=24,"kurz",IF(E11<=60,"mittel","lang")))
B12: + 250 € | C12: =MAX(0,Strategie!C9+250) | D12: =SUM(Schulden!G8:G22)+C12 | E12: =IFERROR(NPER((SUMPRODUCT(Schulden!E8:E22,Schulden!F8:F22)/SUM(Schulden!E8:E22))/12,-D12,SUM(Schulden!E8:E22)),0) | F12: =IF(E12=0,"Keine Berechnung",IF(E12<=24,"kurz",IF(E12<=60,"mittel","lang")))
B13: + 500 € | C13: =MAX(0,Strategie!C9+500) | D13: =SUM(Schulden!G8:G22)+C13 | E13: =IFERROR(NPER((SUMPRODUCT(Schulden!E8:E22,Schulden!F8:F22)/SUM(Schulden!E8:E22))/12,-D13,SUM(Schulden!E8:E22)),0) | F13: =IF(E13=0,"Keine Berechnung",IF(E13<=24,"kurz",IF(E13<=60,"mittel","lang")))
B16: Die Szenario-Laufzeit ist eine Näherung mit gewichtetem Durchschnittszins. Der exakte Monatsplan berücksichtigt die einzelne Tilgungsreihenfolge und Sonderzahlungen.

Sheet Auswertung
B2: NurGeld Auswertung
B4: Automatische Kennzahlen zu Zinsen, Tilgungsdauer, Fortschritt und Budgetwirkung.
B7: Gesamte Zinskosten | G7: Geplante Laufzeit | L7: Abbau nach 12 Monaten
B8: =SUM(Monatsplan!D8:D127) | G8: =IFERROR(MATCH(0,Monatsplan!G8:G127,0),"120+") | L8: =IFERROR(1-Monatsplan!G19/SUM(Schulden!E8:E22),0)
B13: Kernkennzahlen
B14: Kennzahl | C14: Wert
B15: Startschuld | C15: =SUM(Schulden!E8:E22)
B16: Summe Mindestzahlungen | C16: =SUM(Schulden!G8:G22)
B17: Monatsbudget | C17: =Strategie!C10
B18: Zusatzbudget Anteil | C18: =IFERROR(Strategie!C9/Strategie!C10,0)
B19: Sonderzahlungen | C19: =SUM(Sonderzahlungen!D8:D67)
B20: Zinsen im Plan | C20: =SUM(Monatsplan!D8:D127)

Sheet Anleitung
B2: NurGeld Anleitung
B4: So nutzt du den Schuldenabbau-Planer Pro Schritt für Schritt.
B7: 1. Schulden erfassen
B8: Im Blatt „Schulden“ trägst du Gläubiger, aktuelle Restschuld, Jahreszins, Mindestzahlung und Fälligkeit ein. Gelbe Felder sind Eingabefelder.
B11: 2. Strategie wählen
B12: Wähle Avalanche, Snowball oder eine eigene Priorität und lege dein zusätzliches monatliches Tilgungsbudget fest.
B15: 3. Sonderzahlungen einplanen
B16: Bonus, Steuererstattung oder andere Einmalbeträge können nach Strategie verteilt oder gezielt einer Schuld zugeordnet werden.
B19: 4. Monatsplan prüfen
B20: Der Monatsplan zeigt für bis zu 120 Monate Startschuld, Zinsen, Zahlungen und verbleibende Restschuld.
B23: 5. Tilgungsplan nutzen
B24: Hier siehst du je Schuld Rang, voraussichtlichen Tilgungsmonat und die im Plan entstehenden Zinsen.
... B36: Der Planer ist eine Rechen- und Organisationshilfe. Tatsächliche Zinsen, Gebühren, Fälligkeiten und Verrechnungsregeln können je Vertrag oder Gläubiger abweichen. Bei Mahn- oder Vollstreckungsverfahren sollten Fristen zusätzlich anhand der Originalunterlagen geprüft werden.

Sheet Berechnung
B2: NurGeld Berechnungsmodell
B4: Technisches Rechenblatt des Schuldenabbau-Planers. Änderungen sind hier nicht erforderlich.
D6: =IF(Schulden!C8="","",Schulden!B8&" – "&Schulden!C8) | H6: =IF(Schulden!C9="","",Schulden!B9&" – "&Schulden!C9) | L6: =IF(Schulden!C10="","",Schulden!B10&" – "&Schulden!C10) | P6: =IF(Schulden!C11="","",Schulden!B11&" – "&Schulden!C11) | T6: =IF(Schulden!C12="","",Schulden!B12&" – "&Schulden!C12) | X6: =IF(Schulden!C13="","",Schulden!B13&" – "&Schulden!C13) | AB6: =IF(Schulden!C14="","",Schulden!B14&" – "&Schulden!C14) | AF6: =IF(Schulden!C15="","",Schulden!B15&" – "&Schulden!C15) | AJ6: =IF(Schulden!C16="","",Schulden!B16&" – "&Schulden!C16) | AN6: =IF(Schulden!C17="","",Schulden!B17&" – "&Schulden!C17) | AR6: =IF(Schulden!C18="","",Schulden!B18&" – "&Schulden!C18) | AV6: =IF(Schulden!C19="","",Schulden!B19&" – "&Schulden!C19) | AZ6: =IF(Schulden!C20="","",Schulden!B20&" – "&Schulden!C20) | BD6: =IF(Schulden!C21="","",Schulden!B21&" – "&Schulden!C21) | BH6: =IF(Schulden!C22="","",Schulden!B22&" – "&Schulden!C22)
B7: Monat | C7: Sonderzahlungen | D7: Start | E7: Zins | F7: Zahlung | G7: Ende | H7: Start | I7: Zins | J7: Zahlung | K7: Ende | L7: Start | M7: Zins | N7: Zahlung | O7: Ende | P7: Start | Q7: Zins | R7: Zahlung | S7: Ende | T7: Start | U7: Zins | V7: Zahlung | W7: Ende | X7: Start | Y7: Zins | Z7: Zahlung | AA7: Ende | AB7: Start | AC7: Zins | AD7: Zahlung | AE7: Ende | AF7: Start | AG7: Zins | AH7: Zahlung | AI7: Ende | AJ7: Start | AK7: Zins | AL7: Zahlung | AM7: Ende | AN7: Start | AO7: Zins | AP7: Zahlung | AQ7: Ende | AR7: Start | AS7: Zins | AT7: Zahlung | AU7: Ende | AV7: Start | AW7: Zins | AX7: Zahlung | AY7: Ende | AZ7: Start | BA7: Zins | BB7: Zahlung | BC7: Ende | BD7: Start | BE7: Zins | BF7: Zahlung | BG7: Ende | BH7: Start | BI7: Zins | BJ7: Zahlung | BK7: Ende
B8: =Strategie!C11 | C8: =SUMIFS(Sonderzahlungen!$D$8:$D$67,Sonderzahlungen!$G$8:$G$67,B8) | D8: =IF(Schulden!C8="",0,Schulden!E8) | E8: =IF(D8<=0,0,D8*Schulden!F8/12) | F8: =IF(D8<=0,0,MIN(D8+E8,MIN(Schulden!G8,D8+E8)+MIN(MAX(0,Strategie!$C$9+SUMIFS(Sonderzahlungen!$D$8:$D$67,Sonderzahlungen!$G$8:$G$67,$B8,Sonderzahlungen!$E$8:$E$67,"Nach Strategie")-(IF(AND(Schulden!J8<Schulden!J8,D8>0),MAX(0,D8+E8-MIN(Schulden!G8,D8+E8)),0)+IF(AND(Schulden!J9<Schulden!J8,H8>0),MAX(0,H8+I8-MIN(Schulden!G9,H8+I8)),0)+IF(AND(Schulden!J10<Schulden!J8,L8>0),MAX(0,L8+M8-MIN(Schulden!G10,L8+M8)),0)+IF(AND(Schulden!J11<Schulden!J8,P8>0),MAX(0,P8+Q8-MIN(Schulden!G11,P8+Q8)),0)+IF(AND(Schulden!J12<Schulden!J8,T8>0),MAX(0,T8+U8-MIN(Schulden!G12,T8+U8)),0)+IF(AND(Schulden!J13<Schulden!J8,X8>0),MAX(0,X8+Y8-MIN(Schulden!G13,X8+Y8)),0)+IF(AND(Schulden!J14<Schulden!J8,AB8>0),MAX(0,AB8+AC8-MIN(Schulden!G14,AB8+AC8)),0)+IF(AND(Schulden!J15<Schulden!J8,AF8>0),MAX(0,AF8+AG8-MIN(Schulden!G15,AF8+AG8)),0)+IF(AND(Schulden!J16<Schulden!J8,AJ8>0),MAX(0,AJ8+AK8-MIN(Schulden!G16,AJ8+AK8)),0)+IF(AND(Schulden!J17<Schulden!J8,AN8>0),MAX(0,AN8+AO8-MIN(Schulden!G17,AN8+AO8)),0)+IF(AND(Schulden!J18<Schulden!J8,AR8>0),MAX(0,AR8+AS8-MIN(Schulden!G18,AR8+AS8)),0)+IF(AND(Schulden!J19<Schulden!J8,AV8>0),MAX(0,AV8+AW8-MIN(Schulden!G19,AV8+AW8)),0)+IF(AND(Schulden!J20<Schulden!J8,AZ8>0),MAX(0,AZ8+BA8-MIN(Schulden!G20,AZ8+BA8)),0)+IF(AND(Schulden!J21<Schulden!J8,BD8>0),MAX(0,BD8+BE8-MIN(Schulden!G21,BD8+BE8)),0)+IF(AND(Schulden!J22<Schulden!J8,BH8>0),MAX(0,BH8+BI8-MIN(Schulden!G22,BH8+BI8)),0))),MAX(0,D8+E8-MIN(Schulden!G8,D8+E8)))+SUMIFS(Sonderzahlungen!$D$8:$D$67,Sonderzahlungen!$G$8:$G$67,$B8,Sonderzahlungen!$E$8:$E$67,"Gezielte Schuld",Sonderzahlungen!$F$8:$F$67,Schulden!B8))) | G8: =MAX(0,D8+E8-F8) | H8: =IF(Schulden!C9="",0,Schulden!E9) | I8: =IF(H8<=0,0,H8*Schulden!F9/12) | J8: =IF(H8<=0,0,MIN(H8+I8,MIN(Schulden!G9,H8+I8)+MIN(MAX(0,Strategie!$C$9+SUMIFS(Sonderzahlungen!$D$8:$D$67,Sonderzahlungen!$G$8:$G$67,$B8,Sonderzahlungen!$E$8:$E$67,"Nach Strategie")-(IF(AND(Schulden!J8<Schulden!J9,D8>0),MAX(0,D8+E8-MIN(Schulden!G8,D8+E8)),0)+IF(AND(Schulden!J9<Schulden!J9,H8>0),MAX(0,H8+I8-MIN(Schulden!G9,H8+I8)),0)+IF(AND(Schulden!J10<Schulden!J9,L8>0),MAX(0,L8+M8-MIN(Schulden!G10,L8+M8)),0)+IF(AND(Schulden!J11<Schulden!J9,P8>0),MAX(0,P8+Q8-MIN(Schulden!G11,P8+Q8)),0)+IF(AND(Schulden!J12<Schulden!J9,T8>0),MAX(0,T8+U8-MIN(Schulden!G12,T8+U8)),0)+IF(AND(Schulden!J13<Schulden!J9,X8>0),MAX(0,X8+Y8-MIN(Schulden!G13,X8+Y8)),0)+IF(AND(Schulden!J14<Schulden!J9,AB8>0),MAX(0,AB8+AC8-MIN(Schulden!G14,AB8+AC8)),0)+IF(AND(Schulden!J15<Schulden!J9,AF8>0),MAX(0,AF8+AG8-MIN(Schulden!G15,AF8+AG8)),0)+IF(AND(Schulden!J16<Schulden!J9,AJ8>0),MAX(0,AJ8+AK8-MIN(Schulden!G16,AJ8+AK8)),0)+IF(AND(Schulden!J17<Schulden!J9,AN8>0),MAX(0,AN8+AO8-MIN(Schulden!G17,AN8+AO8)),0)+IF(AND(Schulden!J18<Schulden!J9,AR8>0),MAX(0,AR8+AS8-MIN(Schulden!G18,AR8+AS8)),0)+IF(AND(Schulden!J19<Schulden!J9,AV8>0),MAX(0,AV8+AW8-MIN(Schulden!G19,AV8+AW8)),0)+IF(AND(Schulden!J20<Schulden!J9,AZ8>0),MAX(0,AZ8+BA8-MIN(Schulden!G20,AZ8+BA8)),0)+IF(AND(Schulden!J21<Schulden!J9,BD8>0),MAX(0,BD8+BE8-MIN(Schulden!G21,BD8+BE8)),0)+IF(AND(Schulden!J22<Schulden!J9,BH8>0),MAX(0,BH8+BI8-MIN(Schulden!G22,BH8+BI8)),0))),MAX(0,H8+I8-MIN(Schulden!G9,H8+I8)))+SUMIFS(Sonderzahlungen!$D$8:$D$67,Sonderzahlungen!$G$8:$G$67,$B8,Sonderzahlungen!$E$8:$E$67,"Gezielte Schuld",Sonderzahlungen!$F$8:$F$67,Schulden!B9))) | K8: =MAX(0,H8+I8-J8) | L8: =IF(Schulden!C10="",0,Schulden!E10) | M8: =IF(L8<=0,0,L8*Schulden!F10/12) | N8: =IF(L8<=0,0,MIN(L8+M8,MIN(Schulden!G10,L8+M8)+MIN(MAX(0,Strategie!$C$9+SUMIFS(Sonderzahlungen!$D$8:$D$67,Sonderzahlungen!$G$8:$G$67,$B8,Sonderzahlungen!$E$8:$E$67,"Nach Strategie")-(IF(AND(Schulden!J8<Schulden!J10,D8>0),MAX(0,D8+E8-MIN(Schulden!G8,D8+E8)),0)+IF(AND(Schulden!J9<Schulden!J10,H8>0),MAX(0,H8+I8-MIN(Schulden!G9,H8+I8)),0)+IF(AND(Schulden!J10<Schulden!J10,L8>0),MAX(0,L8+M8-MIN(Schulden!G10,L8+M8)),0)+IF(AND(Schulden!J11<Schulden!J10,P8>0),MAX(0,P8+Q8-MIN(Schulden!G11,P8+Q8)),0)+IF(AND(Schulden!J12<Schulden!J10,T8>0),MAX(0,T8+U8-MIN(Schulden!G12,T8+U8)),0)+IF(AND(Schulden!J13<Schulden!J10,X8>0),MAX(0,X8+Y8-MIN(Schulden!G13,X8+Y8)),0)+IF(AND(Schulden!J14<Schulden!J10,AB8>0),MAX(0,AB8+AC8-MIN(Schulden!G14,AB8+AC8)),0)+IF(AND(Schulden!J15<Schulden!J10,AF8>0),MAX(0,AF8+AG8-MIN(Schulden!G15,AF8+AG8)),0)+IF(AND(Schulden!J16<Schulden!J10,AJ8>0),MAX(0,AJ8+AK8-MIN(Schulden!G16,AJ8+AK8)),0)+IF(AND(Schulden!J17<Schulden!J10,AN8>0),MAX(0,AN8+AO8-MIN(Schulden!G17,AN8+AO8)),0)+IF(AND(Schulden!J18<Schulden!J10,AR8>0),MAX(0,AR8+AS8-MIN(Schulden!G18,AR8+AS8)),0)+IF(AND(Schulden!J19<Schulden!J10,AV8>0),MAX(0,AV8+AW8-MIN(Schulden!G19,AV8+AW8)),0)+IF(AND(Schulden!J20<Schulden!J10,AZ8>0),MAX(0,AZ8+BA8-MIN(Schulden!G20,AZ8+BA8)),0)+IF(AND(Schulden!J21<Schulden!J10,BD8>0),MAX(0,BD8+BE8-MIN(Schulden!G21,BD8+BE8)),0)+IF(AND(Schulden!J22<Schulden!J10,BH8>0),MAX(0,BH8+BI8-MIN(Schulden!G22,BH8+BI8)),0))),MAX(0,L8+M8-MIN(Schulden!G10,L8+M8)))+SUMIFS(Sonderzahlungen!$D$8:$D$67,Sonderzahlungen!$G$8:$G$67,$B8,Sonderzahlungen!$E$8:$E$67,"Gezielte Schuld",Sonderzahlungen!$F$8:$F$67,Schulden!B10))) | O8: =MAX(0,L8+M8-N8) | P8: =IF(Schulden!C11="",0,Schulden!E11) | Q8: =IF(P8<=0,0,P8*Schulden!F11/12) | R8: =IF(P8<=0,0,MIN(P8+Q8,MIN(Schulden!G11,P8+Q8)+MIN(MAX(0,Strategie!$C$9+SUMIFS(Sonderzahlungen!$D$8:$D$67,Sonderzahlungen!$G$8:$G$67,$B8,Sonderzahlungen!$E$8:$E$67,"Nach Strategie")-(IF(AND(Schulden!J8<Schulden!J11,D8>0),MAX(0,D8+E8-MIN(Schulden!G8,D8+E8)),0)+IF(AND(Schulden!J9<Schulden!J11,H8>0),MAX(0,H8+I8-MIN(Schulden!G9,H8+I8)),0)+IF(AND(Schulden!J10<Schulden!J11,L8>0),MAX(0,L8+M8-MIN(Schulden!G10,L8+M8)),0)+IF(AND(Schulden!J11<Schulden!J11,P8>0),MAX(0,P8+Q8-MIN(Schulden!G11,P8+Q8)),0)+IF(AND(Schulden!J12<Schulden!J11,T8>0),MAX(0,T8+U8-MIN(Schulden!G12,T8+U8)),0)+IF(AND(Schulden!J13<Schulden!J11,X8>0),MAX(0,X8+Y8-MIN(Schulden!G13,X8+Y8)),0)+IF(AND(Schulden!J14<Schulden!J11,AB8>0),MAX(0,AB8+AC8-MIN(Schulden!G14,AB8+AC8)),0)+IF(AND(Schulden!J15<Schulden!J11,AF8>0),MAX(0,AF8+AG8-MIN(Schulden!G15,AF8+AG8)),0)+IF(AND(Schulden!J16<Schulden!J11,AJ8>0),MAX(0,AJ8+AK8-MIN(Schulden!G16,AJ8+AK8)),0)+IF(AND(Schulden!J17<Schulden!J11,AN8>0),MAX(0,AN8+AO8-MIN(Schulden!G17,AN8+AO8)),0)+IF(AND(Schulden!J18<Schulden!J11,AR8>0),MAX(0,AR8+AS8-MIN(Schulden!G18,AR8+AS8)),0)+IF(AND(Schulden!J19<Schulden!J11,AV8>0),MAX(0,AV8+AW8-MIN(Schulden!G19,AV8+AW8)),0)+IF(AND(Schulden!J20<Schulden!J11,AZ8>0),MAX(0,AZ8+BA8-MIN(Schulden!G20,AZ8+BA8)),0)+IF(AND(Schulden!J21<Schulden!J11,BD8>0),MAX(0,BD8+BE8-MIN(Schulden!G21,BD8+BE8)),0)+IF(AND(Schulden!J22<Schulden!J11,BH8>0),MAX(0,BH8+BI8-MIN(Schulden!G22,BH8+BI8)),0))),MAX(0,P8+Q8-MIN(Schulden!G11,P8+Q8)))+SUMIFS(Sonderzahlungen!$D$8:$D$67,Sonderzahlungen!$G$8:$G$67,$B8,Sonderzahlungen!$E$8:$E$67,"Gezielte Schuld",Sonderzahlungen!$F$8:$F$67,Schulden!B11))) | S8: =MAX(0,P8+Q8-R8) | T8: =IF(Schulden!C12="",0,Schulden!E12) | U8: =IF(T8<=0,0,T8*Schulden!F12/12) | V8: =IF(T8<=0,0,MIN(T8+U8,MIN(Schulden!G12,T8+U8)+MIN(MAX(0,Strategie!$C$9+SUMIFS(Sonderzahlungen!$D$8:$D$67,Sonderzahlungen!$G$8:$G$67,$B8,Sonderzahlungen!$E$8:$E$67,"Nach Strategie")-(IF(AND(Schulden!J8<Schulden!J12,D8>0),MAX(0,D8+E8-MIN(Schulden!G8,D8+E8)),0)+IF(AND(Schulden!J9<Schulden!J12,H8>0),MAX(0,H8+I8-MIN(Schulden!G9,H8+I8)),0)+IF(AND(Schulden!J10<Schulden!J12,L8>0),MAX(0,L8+M8-MIN(Schulden!G10,L8+M8)),0)+IF(AND(Schulden!J11<Schulden!J12,P8>0),MAX(0,P8+Q8-MIN(Schulden!G11,P8+Q8)),0)+IF(AND(Schulden!J12<Schulden!J12,T8>0),MAX(0,T8+U8-MIN(Schulden!G12,T8+U8)),0)+IF(AND(Schulden!J13<Schulden!J12,X8>0),MAX(0,X8+Y8-MIN(Schulden!G13,X8+Y8)),0)+IF(AND(Schulden!J14<Schulden!J12,AB8>0),MAX(0,AB8+AC8-MIN(Schulden!G14,AB8+AC8)),0)+IF(AND(Schulden!J15<Schulden!J12,AF8>0),MAX(0,AF8+AG8-MIN(Schulden!G15,AF8+AG8)),0)+IF(AND(Schulden!J16<Schulden!J12,AJ8>0),MAX(0,AJ8+AK8-MIN(Schulden!G16,AJ8+AK8)),0)+IF(AND(Schulden!J17<Schulden!J12,AN8>0),MAX(0,AN8+AO8-MIN(Schulden!G17,AN8+AO8)),0)+IF(AND(Schulden!J18<Schulden!J12,AR8>0),MAX(0,AR8+AS8-MIN(Schulden!G18,AR8+AS8)),0)+IF(AND(Schulden!J19<Schulden!J12,AV8>0),MAX(0,AV8+AW8-MIN(Schulden!G19,AV8+AW8)),0)+IF(AND(Schulden!J20<Schulden!J12,AZ8>0),MAX(0,AZ8+BA8-MIN(Schulden!G20,AZ8+BA8)),0)+IF(AND(Schulden!J21<Schulden!J12,BD8>0),MAX(0,BD8+BE8-MIN(Schulden!G21,BD8+BE8)),0)+IF(AND(Schulden!J22<Schulden!J12,BH8>0),MAX(0,BH8+BI8-MIN(Schulden!G22,BH8+BI8)),0))),MAX(0,T8+U8-MIN(Schulden!G12,T8+U8)))+SUMIFS(Sonderzahlungen!$D$8:$D$67,Sonderzahlungen!$G$8:$G$67,$B8,Sonderzahlungen!$E$8:$E$67,"Gezielte Schuld",Sonderzahlungen!$F$8:$F$67,Schulden!B12))) | W8: =MAX(0,T8+U8-V8) | X8: =IF(Schulden!C13="",0,Schulden!E13) | Y8: =IF(X8<=0,0,X8*Schulden!F13/12) | Z8: =IF(X8<=0,0,MIN(X8+Y8,MIN(Schulden!G13,X8+Y8)+MIN(MAX(0,Strategie!$C$9+SUMIFS(Sonderzahlungen!$D$8:$D$67,Sonderzahlungen!$G$8:$G$67,$B8,Sonderzahlungen!$E$8:$E$67,"Nach Strategie")-(IF(AND(Schulden!J8<Schulden!J13,D8>0),MAX(0,D8+E8-MIN(Schulden!G8,D8+E8)),0)+IF(AND(Schulden!J9<Schulden!J13,H8>0),MAX(0,H8+I8-MIN(Schulden!G9,H8+I8)),0)+IF(AND(Schulden!J10<Schulden!J13,L8>0),MAX(0,L8+M8-MIN(Schulden!G10,L8+M8)),0)+IF(AND(Schulden!J11<Schulden!J13,P8>0),MAX(0,P8+Q8-MIN(Schulden!G11,P8+Q8)),0)+IF(AND(Schulden!J12<Schulden!J13,T8>0),MAX(0,T8+U8-MIN(Schulden!G12,T8+U8)),0)+IF(AND(Schulden!J13<Schulden!J13,X8>0),MAX(0,X8+Y8-MIN(Schulden!G13,X8+Y8)),0)+IF(AND(Schulden!J14<Schulden!J13,AB8>0),MAX(0,AB8+AC8-MIN(Schulden!G14,AB8+AC8)),0)+IF(AND(Schulden!J15<Schulden!J13,AF8>0),MAX(0,AF8+AG8-MIN(Schulden!G15,AF8+AG8)),0)+IF(AND(Schulden!J16<Schulden!J13,AJ8>0),MAX(0,AJ8+AK8-MIN(Schulden!G16,AJ8+AK8)),0)+IF(AND(Schulden!J17<Schulden!J13,AN8>0),MAX(0,AN8+AO8-MIN(Schulden!G17,AN8+AO8)),0)+IF(AND(Schulden!J18<Schulden!J13,AR8>0),MAX(0,AR8+AS8-MIN(Schulden!G18,AR8+AS8)),0)+IF(AND(Schulden!J19<Schulden!J13,AV8>0),MAX(0,AV8+AW8-MIN(Schulden!G19,AV8+AW8)),0)+IF(AND(Schulden!J20<Schulden!J13,AZ8>0),MAX(0,AZ8+BA8-MIN(Schulden!G20,AZ8+BA8)),0)+IF(AND(Schulden!J21<Schulden!J13,BD8>0),MAX(0,BD8+BE8-MIN(Schulden!G21,BD8+BE8)),0)+IF(AND(Schulden!J22<Schulden!J13,BH8>0),MAX(0,BH8+BI8-MIN(Schulden!G22,BH8+BI8)),0))),MAX(0,X8+Y8-MIN(Schulden!G13,X8+Y8)))+SUMIFS(Sonderzahlungen!$D$8:$D$67,Sonderzahlungen!$G$8:$G$67,$B8,Sonderzahlungen!$E$8:$E$67,"Gezielte Schuld",Sonderzahlungen!$F$8:$F$67,Schulden!B13))) | AA8: =MAX(0,X8+Y8-Z8) | AB8: =IF(Schulden!C14="",0,Schulden!E14) | AC8: =IF(AB8<=0,0,AB8*Schulden!F14/12) | AD8: =IF(AB8<=0,0,MIN(AB8+AC8,MIN(Schulden!G14,AB8+AC8)+MIN(MAX(0,Strategie!$C$9+SUMIFS(Sonderzahlungen!$D$8:$D$67,Sonderzahlungen!$G$8:$G$67,$B8,Sonderzahlungen!$E$8:$E$67,"Nach Strategie")-(IF(AND(Schulden!J8<Schulden!J14,D8>0),MAX(0,D8+E8-MIN(Schulden!G8,D8+E8)),0)+IF(AND(Schulden!J9<Schulden!J14,H8>0),MAX(0,H8+I8-MIN(Schulden!G9,H8+I8)),0)+IF(AND(Schulden!J10<Schulden!J14,L8>0),MAX(0,L8+M8-MIN(Schulden!G10,L8+M8)),0)+IF(AND(Schulden!J11<Schulden!J14,P8>0),MAX(0,P8+Q8-MIN(Schulden!G11,P8+Q8)),0)+IF(AND(Schulden!J12<Schulden!J14,T8>0),MAX(0,T8+U8-MIN(Schulden!G12,T8+U8)),0)+IF(AND(Schulden!J13<Schulden!J14,X8>0),MAX(0,X8+Y8-MIN(Schulden!G13,X8+Y8)),0)+IF(AND(Schulden!J14<Schulden!J14,AB8>0),MAX(0,AB8+AC8-MIN(Schulden!G14,AB8+AC8)),0)+IF(AND(Schulden!J15<Schulden!J14,AF8>0),MAX(0,AF8+AG8-MIN(Schulden!G15,AF8+AG8)),0)+IF(AND(Schulden!J16<Schulden!J14,AJ8>0),MAX(0,AJ8+AK8-MIN(Schulden!G16,AJ8+AK8)),0)+IF(AND(Schulden!J17<Schulden!J14,AN8>0),MAX(0,AN8+AO8-MIN(Schulden!G17,AN8+AO8)),0)+IF(AND(Schulden!J18<Schulden!J14,AR8>0),MAX(0,AR8+AS8-MIN(Schulden!G18,AR8+AS8)),0)+IF(AND(Schulden!J19<Schulden!J14,AV8>0),MAX(0,AV8+AW8-MIN(Schulden!G19,AV8+AW8)),0)+IF(AND(Schulden!J20<Schulden!J14,AZ8>0),MAX(0,AZ8+BA8-MIN(Schulden!G20,AZ8+BA8)),0)+IF(AND(Schulden!J21<Schulden!J14,BD8>0),MAX(0,BD8+BE8-MIN(Schulden!G21,BD8+BE8)),0)+IF(AND(Schulden!J22<Schulden!J14,BH8>0),MAX(0,BH8+BI8-MIN(Schulden!G22,BH8+BI8)),0))),MAX(0,AB8+AC8-MIN(Schulden!G14,AB8+AC8)))+SUMIFS(Sonderzahlungen!$D$8:$D$67,Sonderzahlungen!$G$8:$G$67,$B8,Sonderzahlungen!$E$8:$E$67,"Gezielte Schuld",Sonderzahlungen!$F$8:$F$67,Schulden!B14))) | AE8: =MAX(0,AB8+AC8-AD8) | AF8: =IF(Schulden!C15="",0,Schulden!E15) | AG8: =IF(AF8<=0,0,AF8*Schulden!F15/12) | AH8: =IF(AF8<=0,0,MIN(AF8+AG8,MIN(Schulden!G15,AF8+AG8)+MIN(MAX(0,Strategie!$C$9+SUMIFS(Sonderzahlungen!$D$8:$D$67,Sonderzahlungen!$G$8:$G$67,$B8,Sonderzahlungen!$E$8:$E$67,"Nach Strategie")-(IF(AND(Schulden!J8<Schulden!J15,D8>0),MAX(0,D8+E8-MIN(Schulden!G8,D8+E8)),0)+IF(AND(Schulden!J9<Schulden!J15,H8>0),MAX(0,H8+I8-MIN(Schulden!G9,H8+I8)),0)+IF(AND(Schulden!J10<Schulden!J15,L8>0),MAX(0,L8+M8-MIN(Schulden!G10,L8+M8)),0)+IF(AND(Schulden!J11<Schulden!J15,P8>0),MAX(0,P8+Q8-MIN(Schulden!G11,P8+Q8)),0)+IF(AND(Schulden!J12<Schulden!J15,T8>0),MAX(0,T8+U8-MIN(Schulden!G12,T8+U8)),0)+IF(AND(Schulden!J13<Schulden!J15,X8>0),MAX(0,X8+Y8-MIN(Schulden!G13,X8+Y8)),0)+IF(AND(Schulden!J14<Schulden!J15,AB8>0),MAX(0,AB8+AC8-MIN(Schulden!G14,AB8+AC8)),0)+IF(AND(Schulden!J15<Schulden!J15,AF8>0),MAX(0,AF8+AG8-MIN(Schulden!G15,AF8+AG8)),0)+IF(AND(Schulden!J16<Schulden!J15,AJ8>0),MAX(0,AJ8+AK8-MIN(Schulden!G16,AJ8+AK8)),0)+IF(AND(Schulden!J17<Schulden!J15,AN8>0),MAX(0,AN8+AO8-MIN(Schulden!G17,AN8+AO8)),0)+IF(AND(Schulden!J18<Schulden!J15,AR8>0),MAX(0,AR8+AS8-MIN(Schulden!G18,AR8+AS8)),0)+IF(AND(Schulden!J19<Schulden!J15,AV8>0),MAX(0,AV8+AW8-MIN(Schulden!G19,AV8+AW8)),0)+IF(AND(Schulden!J20<Schulden!J15,AZ8>0),MAX(0,AZ8+BA8-MIN(Schulden!G20,AZ8+BA8)),0)+IF(AND(Schulden!J21<Schulden!J15,BD8>0),MAX(0,BD8+BE8-MIN(Schulden!G21,BD8+BE8)),0)+IF(AND(Schulden!J22<Schulden!J15,BH8>0),MAX(0,BH8+BI8-MIN(Schulden!G22,BH8+BI8)),0))),MAX(0,AF8+AG8-MIN(Schulden!G15,AF8+AG8)))+SUMIFS(Sonderzahlungen!$D$8:$D$67,Sonderzahlungen!$G$8:$G$67,$B8,Sonderzahlungen!$E$8:$E$67,"Gezielte Schuld",Sonderzahlungen!$F$8:$F$67,Schulden!B15))) | AI8: =MAX(0,AF8+AG8-AH8) | AJ8: =IF(Schulden!C16="",0,Schulden!E16) | AK8: =IF(AJ8<=0,0,AJ8*Schulden!F16/12) | AL8: =IF(AJ8<=0,0,MIN(AJ8+AK8,MIN(Schulden!G16,AJ8+AK8)+MIN(MAX(0,Strategie!$C$9+SUMIFS(Sonderzahlungen!$D$8:$D$67,Sonderzahlungen!$G$8:$G$67,$B8,Sonderzahlungen!$E$8:$E$67,"Nach Strategie")-(IF(AND(Schulden!J8<Schulden!J16,D8>0),MAX(0,D8+E8-MIN(Schulden!G8,D8+E8)),0)+IF(AND(Schulden!J9<Schulden!J16,H8>0),MAX(0,H8+I8-MIN(Schulden!G9,H8+I8)),0)+IF(AND(Schulden!J10<Schulden!J16,L8>0),MAX(0,L8+M8-MIN(Schulden!G10,L8+M8)),0)+IF(AND(Schulden!J11<Schulden!J16,P8>0),MAX(0,P8+Q8-MIN(Schulden!G11,P8+Q8)),0)+IF(AND(Schulden!J12<Schulden!J16,T8>0),MAX(0,T8+U8-MIN(Schulden!G12,T8+U8)),0)+IF(AND(Schulden!J13<Schulden!J16,X8>0),MAX(0,X8+Y8-MIN(Schulden!G13,X8+Y8)),0)+IF(AND(Schulden!J14<Schulden!J16,AB8>0),MAX(0,AB8+AC8-MIN(Schulden!G14,AB8+AC8)),0)+IF(AND(Schulden!J15<Schulden!J16,AF8>0),MAX(0,AF8+AG8-MIN(Schulden!G15,AF8+AG8)),0)+IF(AND(Schulden!J16<Schulden!J16,AJ8>0),MAX(0,AJ8+AK8-MIN(Schulden!G16,AJ8+AK8)),0)+IF(AND(Schulden!J17<Schulden!J16,AN8>0),MAX(0,AN8+AO8-MIN(Schulden!G17,AN8+AO8)),0)+IF(AND(Schulden!J18<Schulden!J16,AR8>0),MAX(0,AR8+AS8-MIN(Schulden!G18,AR8+AS8)),0)+IF(AND(Schulden!J19<Schulden!J16,AV8>0),MAX(0,AV8+AW8-MIN(Schulden!G19,AV8+AW8)),0)+IF(AND(Schulden!J20<Schulden!J16,AZ8>0),MAX(0,AZ8+BA8-MIN(Schulden!G20,AZ8+BA8)),0)+IF(AND(Schulden!J21<Schulden!J16,BD8>0),MAX(0,BD8+BE8-MIN(Schulden!G21,BD8+BE8)),0)+IF(AND(Schulden!J22<Schulden!J16,BH8>0),MAX(0,BH8+BI8-MIN(Schulden!G22,BH8+BI8)),0))),MAX(0,AJ8+AK8-MIN(Schulden!G16,AJ8+AK8)))+SUMIFS(Sonderzahlungen!$D$8:$D$67,Sonderzahlungen!$G$8:$G$67,$B8,Sonderzahlungen!$E$8:$E$67,"Gezielte Schuld",Sonderzahlungen!$F$8:$F$67,Schulden!B16))) | AM8: =MAX(0,AJ8+AK8-AL8) | AN8: =IF(Schulden!C17="",0,Schulden!E17) | AO8: =IF(AN8<=0,0,AN8*Schulden!F17/12) | AP8: =IF(AN8<=0,0,MIN(AN8+AO8,MIN(Schulden!G17,AN8+AO8)+MIN(MAX(0,Strategie!$C$9+SUMIFS(Sonderzahlungen!$D$8:$D$67,Sonderzahlungen!$G$8:$G$67,$B8,Sonderzahlungen!$E$8:$E$67,"Nach Strategie")-(IF(AND(Schulden!J8<Schulden!J17,D8>0),MAX(0,D8+E8-MIN(Schulden!G8,D8+E8)),0)+IF(AND(Schulden!J9<Schulden!J17,H8>0),MAX(0,H8+I8-MIN(Schulden!G9,H8+I8)),0)+IF(AND(Schulden!J10<Schulden!J17,L8>0),MAX(0,L8+M8-MIN(Schulden!G10,L8+M8)),0)+IF(AND(Schulden!J11<Schulden!J17,P8>0),MAX(0,P8+Q8-MIN(Schulden!G11,P8+Q8)),0)+IF(AND(Schulden!J12<Schulden!J17,T8>0),MAX(0,T8+U8-MIN(Schulden!G12,T8+U8)),0)+IF(AND(Schulden!J13<Schulden!J17,X8>0),MAX(0,X8+Y8-MIN(Schulden!G13,X8+Y8)),0)+IF(AND(Schulden!J14<Schulden!J17,AB8>0),MAX(0,AB8+AC8-MIN(Schulden!G14,AB8+AC8)),0)+IF(AND(Schulden!J15<Schulden!J17,AF8>0),MAX(0,AF8+AG8-MIN(Schulden!G15,AF8+AG8)),0)+IF(AND(Schulden!J16<Schulden!J17,AJ8>0),MAX(0,AJ8+AK8-MIN(Schulden!G16,AJ8+AK8)),0)+IF(AND(Schulden!J17<Schulden!J17,AN8>0),MAX(0,AN8+AO8-MIN(Schulden!G17,AN8+AO8)),0)+IF(AND(Schulden!J18<Schulden!J17,AR8>0),MAX(0,AR8+AS8-MIN(Schulden!G18,AR8+AS8)),0)+IF(AND(Schulden!J19<Schulden!J17,AV8>0),MAX(0,AV8+AW8-MIN(Schulden!G19,AV8+AW8)),0)+IF(AND(Schulden!J20<Schulden!J17,AZ8>0),MAX(0,AZ8+BA8-MIN(Schulden!G20,AZ8+BA8)),0)+IF(AND(Schulden!J21<Schulden!J17,BD8>0),MAX(0,BD8+BE8-MIN(Schulden!G21,BD8+BE8)),0)+IF(AND(Schulden!J22<Schulden!J17,BH8>0),MAX(0,BH8+BI8-MIN(Schulden!G22,BH8+BI8)),0))),MAX(0,AN8+AO8-MIN(Schulden!G17,AN8+AO8)))+SUMIFS(Sonderzahlungen!$D$8:$D$67,Sonderzahlungen!$G$8:$G$67,$B8,Sonderzahlungen!$E$8:$E$67,"Gezielte Schuld",Sonderzahlungen!$F$8:$F$67,Schulden!B17))) | AQ8: =MAX(0,AN8+AO8-AP8) | AR8: =IF(Schulden!C18="",0,Schulden!E18) | AS8: =IF(AR8<=0,0,AR8*Schulden!F18/12) | AT8: =IF(AR8<=0,0,MIN(AR8+AS8,MIN(Schulden!G18,AR8+AS8)+MIN(MAX(0,Strategie!$C$9+SUMIFS(Sonderzahlungen!$D$8:$D$67,Sonderzahlungen!$G$8:$G$67,$B8,Sonderzahlungen!$E$8:$E$67,"Nach Strategie")-(IF(AND(Schulden!J8<Schulden!J18,D8>0),MAX(0,D8+E8-MIN(Schulden!G8,D8+E8)),0)+IF(AND(Schulden!J9<Schulden!J18,H8>0),MAX(0,H8+I8-MIN(Schulden!G9,H8+I8)),0)+IF(AND(Schulden!J10<Schulden!J18,L8>0),MAX(0,L8+M8-MIN(Schulden!G10,L8+M8)),0)+IF(AND(Schulden!J11<Schulden!J18,P8>0),MAX(0,P8+Q8-MIN(Schulden!G11,P8+Q8)),0)+IF(AND(Schulden!J12<Schulden!J18,T8>0),MAX(0,T8+U8-MIN(Schulden!G12,T8+U8)),0)+IF(AND(Schulden!J13<Schulden!J18,X8>0),MAX(0,X8+Y8-MIN(Schulden!G13,X8+Y8)),0)+IF(AND(Schulden!J14<Schulden!J18,AB8>0),MAX(0,AB8+AC8-MIN(Schulden!G14,AB8+AC8)),0)+IF(AND(Schulden!J15<Schulden!J18,AF8>0),MAX(0,AF8+AG8-MIN(Schulden!G15,AF8+AG8)),0)+IF(AND(Schulden!J16<Schulden!J18,AJ8>0),MAX(0,AJ8+AK8-MIN(Schulden!G16,AJ8+AK8)),0)+IF(AND(Schulden!J17<Schulden!J18,AN8>0),MAX(0,AN8+AO8-MIN(Schulden!G17,AN8+AO8)),0)+IF(AND(Schulden!J18<Schulden!J18,AR8>0),MAX(0,AR8+AS8-MIN(Schulden!G18,AR8+AS8)),0)+IF(AND(Schulden!J19<Schulden!J18,AV8>0),MAX(0,AV8+AW8-MIN(Schulden!G19,AV8+AW8)),0)+IF(AND(Schulden!J20<Schulden!J18,AZ8>0),MAX(0,AZ8+BA8-MIN(Schulden!G20,AZ8+BA8)),0)+IF(AND(Schulden!J21<Schulden!J18,BD8>0),MAX(0,BD8+BE8-MIN(Schulden!G21,BD8+BE8)),0)+IF(AND(Schulden!J22<Schulden!J18,BH8>0),MAX(0,BH8+BI8-MIN(Schulden!G22,BH8+BI8)),0))),MAX(0,AR8+AS8-MIN(Schulden!G18,AR8+AS8)))+SUMIFS(Sonderzahlungen!$D$8:$D$67,Sonderzahlungen!$G$8:$G$67,$B8,Sonderzahlungen!$E$8:$E$67,"Gezielte Schuld",Sonderzahlungen!$F$8:$F$67,Schulden!B18))) | AU8: =MAX(0,AR8+AS8-AT8) | AV8: =IF(Schulden!C19="",0,Schulden!E19) | AW8: =IF(AV8<=0,0,AV8*Schulden!F19/12) | AX8: =IF(AV8<=0,0,MIN(AV8+AW8,MIN(Schulden!G19,AV8+AW8)+MIN(MAX(0,Strategie!$C$9+SUMIFS(Sonderzahlungen!$D$8:$D$67,Sonderzahlungen!$G$8:$G$67,$B8,Sonderzahlungen!$E$8:$E$67,"Nach Strategie")-(IF(AND(Schulden!J8<Schulden!J19,D8>0),MAX(0,D8+E8-MIN(Schulden!G8,D8+E8)),0)+IF(AND(Schulden!J9<Schulden!J19,H8>0),MAX(0,H8+I8-MIN(Schulden!G9,H8+I8)),0)+IF(AND(Schulden!J10<Schulden!J19,L8>0),MAX(0,L8+M8-MIN(Schulden!G10,L8+M8)),0)+IF(AND(Schulden!J11<Schulden!J19,P8>0),MAX(0,P8+Q8-MIN(Schulden!G11,P8+Q8)),0)+IF(AND(Schulden!J12<Schulden!J19,T8>0),MAX(0,T8+U8-MIN(Schulden!G12,T8+U8)),0)+IF(AND(Schulden!J13<Schulden!J19,X8>0),MAX(0,X8+Y8-MIN(Schulden!G13,X8+Y8)),0)+IF(AND(Schulden!J14<Schulden!J19,AB8>0),MAX(0,AB8+AC8-MIN(Schulden!G14,AB8+AC8)),0)+IF(AND(Schulden!J15<Schulden!J19,AF8>0),MAX(0,AF8+AG8-MIN(Schulden!G15,AF8+AG8)),0)+IF(AND(Schulden!J16<Schulden!J19,AJ8>0),MAX(0,AJ8+AK8-MIN(Schulden!G16,AJ8+AK8)),0)+IF(AND(Schulden!J17<Schulden!J19,AN8>0),MAX(0,AN8+AO8-MIN(Schulden!G17,AN8+AO8)),0)+IF(AND(Schulden!J18<Schulden!J19,AR8>0),MAX(0,AR8+AS8-MIN(Schulden!G18,AR8+AS8)),0)+IF(AND(Schulden!J19<Schulden!J19,AV8>0),MAX(0,AV8+AW8-MIN(Schulden!G19,AV8+AW8)),0)+IF(AND(Schulden!J20<Schulden!J19,AZ8>0),MAX(0,AZ8+BA8-MIN(Schulden!G20,AZ8+BA8)),0)+IF(AND(Schulden!J21<Schulden!J19,BD8>0),MAX(0,BD8+BE8-MIN(Schulden!G21,BD8+BE8)),0)+IF(AND(Schulden!J22<Schulden!J19,BH8>0),MAX(0,BH8+BI8-MIN(Schulden!G22,BH8+BI8)),0))),MAX(0,AV8+AW8-MIN(Schulden!G19,AV8+AW8)))+SUMIFS(Sonderzahlungen!$D$8:$D$67,Sonderzahlungen!$G$8:$G$67,$B8,Sonderzahlungen!$E$8:$E$67,"Gezielte Schuld",Sonderzahlungen!$F$8:$F$67,Schulden!B19))) | AY8: =MAX(0,AV8+AW8-AX8) | AZ8: =IF(Schulden!C20="",0,Schulden!E20) | BA8: =IF(AZ8<=0,0,AZ8*Schulden!F20/12) | BB8: =IF(AZ8<=0,0,MIN(AZ8+BA8,MIN(Schulden!G20,AZ8+BA8)+MIN(MAX(0,Strategie!$C$9+SUMIFS(Sonderzahlungen!$D$8:$D$67,Sonderzahlungen!$G$8:$G$67,$B8,Sonderzahlungen!$E$8:$E$67,"Nach Strategie")-(IF(AND(Schulden!J8<Schulden!J20,D8>0),MAX(0,D8+E8-MIN(Schulden!G8,D8+E8)),0)+IF(AND(Schulden!J9<Schulden!J20,H8>0),MAX(0,H8+I8-MIN(Schulden!G9,H8+I8)),0)+IF(AND(Schulden!J10<Schulden!J20,L8>0),MAX(0,L8+M8-MIN(Schulden!G10,L8+M8)),0)+IF(AND(Schulden!J11<Schulden!J20,P8>0),MAX(0,P8+Q8-MIN(Schulden!G11,P8+Q8)),0)+IF(AND(Schulden!J12<Schulden!J20,T8>0),MAX(0,T8+U8-MIN(Schulden!G12,T8+U8)),0)+IF(AND(Schulden!J13<Schulden!J20,X8>0),MAX(0,X8+Y8-MIN(Schulden!G13,X8+Y8)),0)+IF(AND(Schulden!J14<Schulden!J20,AB8>0),MAX(0,AB8+AC8-MIN(Schulden!G14,AB8+AC8)),0)+IF(AND(Schulden!J15<Schulden!J20,AF8>0),MAX(0,AF8+AG8-MIN(Schulden!G15,AF8+AG8)),0)+IF(AND(Schulden!J16<Schulden!J20,AJ8>0),MAX(0,AJ8+AK8-MIN(Schulden!G16,AJ8+AK8)),0)+IF(AND(Schulden!J17<Schulden!J20,AN8>0),MAX(0,AN8+AO8-MIN(Schulden!G17,AN8+AO8)),0)+IF(AND(Schulden!J18<Schulden!J20,AR8>0),MAX(0,AR8+AS8-MIN(Schulden!G18,AR8+AS8)),0)+IF(AND(Schulden!J19<Schulden!J20,AV8>0),MAX(0,AV8+AW8-MIN(Schulden!G19,AV8+AW8)),0)+IF(AND(Schulden!J20<Schulden!J20,AZ8>0),MAX(0,AZ8+BA8-MIN(Schulden!G20,AZ8+BA8)),0)+IF(AND(Schulden!J21<Schulden!J20,BD8>0),MAX(0,BD8+BE8-MIN(Schulden!G21,BD8+BE8)),0)+IF(AND(Schulden!J22<Schulden!J20,BH8>0),MAX(0,BH8+BI8-MIN(Schulden!G22,BH8+BI8)),0))),MAX(0,AZ8+BA8-MIN(Schulden!G20,AZ8+BA8)))+SUMIFS(Sonderzahlungen!$D$8:$D$67,Sonderzahlungen!$G$8:$G$67,$B8,Sonderzahlungen!$E$8:$E$67,"Gezielte Schuld",Sonderzahlungen!$F$8:$F$67,Schulden!B20))) | BC8: =MAX(0,AZ8+BA8-BB8) | BD8: =IF(Schulden!C21="",0,Schulden!E21) | BE8: =IF(BD8<=0,0,BD8*Schulden!F21/12) | BF8: =IF(BD8<=0,0,MIN(BD8+BE8,MIN(Schulden!G21,BD8+BE8)+MIN(MAX(0,Strategie!$C$9+SUMIFS(Sonderzahlungen!$D$8:$D$67,Sonderzahlungen!$G$8:$G$67,$B8,Sonderzahlungen!$E$8:$E$67,"Nach Strategie")-(IF(AND(Schulden!J8<Schulden!J21,D8>0),MAX(0,D8+E8-MIN(Schulden!G8,D8+E8)),0)+IF(AND(Schulden!J9<Schulden!J21,H8>0),MAX(0,H8+I8-MIN(Schulden!G9,H8+I8)),0)+IF(AND(Schulden!J10<Schulden!J21,L8>0),MAX(0,L8+M8-MIN(Schulden!G10,L8+M8)),0)+IF(AND(Schulden!J11<Schulden!J21,P8>0),MAX(0,P8+Q8-MIN(Schulden!G11,P8+Q8)),0)+IF(AND(Schulden!J12<Schulden!J21,T8>0),MAX(0,T8+U8-MIN(Schulden!G12,T8+U8)),0)+IF(AND(Schulden!J13<Schulden!J21,X8>0),MAX(0,X8+Y8-MIN(Schulden!G13,X8+Y8)),0)+IF(AND(Schulden!J14<Schulden!J21,AB8>0),MAX(0,AB8+AC8-MIN(Schulden!G14,AB8+AC8)),0)+IF(AND(Schulden!J15<Schulden!J21,AF8>0),MAX(0,AF8+AG8-MIN(Schulden!G15,AF8+AG8)),0)+IF(AND(Schulden!J16<Schulden!J21,AJ8>0),MAX(0,AJ8+AK8-MIN(Schulden!G16,AJ8+AK8)),0)+IF(AND(Schulden!J17<Schulden!J21,AN8>0),MAX(0,AN8+AO8-MIN(Schulden!G17,AN8+AO8)),0)+IF(AND(Schulden!J18<Schulden!J21,AR8>0),MAX(0,AR8+AS8-MIN(Schulden!G18,AR8+AS8)),0)+IF(AND(Schulden!J19<Schulden!J21,AV8>0),MAX(0,AV8+AW8-MIN(Schulden!G19,AV8+AW8)),0)+IF(AND(Schulden!J20<Schulden!J21,AZ8>0),MAX(0,AZ8+BA8-MIN(Schulden!G20,AZ8+BA8)),0)+IF(AND(Schulden!J21<Schulden!J21,BD8>0),MAX(0,BD8+BE8-MIN(Schulden!G21,BD8+BE8)),0)+IF(AND(Schulden!J22<Schulden!J21,BH8>0),MAX(0,BH8+BI8-MIN(Schulden!G22,BH8+BI8)),0))),MAX(0,BD8+BE8-MIN(Schulden!G21,BD8+BE8)))+SUMIFS(Sonderzahlungen!$D$8:$D$67,Sonderzahlungen!$G$8:$G$67,$B8,Sonderzahlungen!$E$8:$E$67,"Gezielte Schuld",Sonderzahlungen!$F$8:$F$67,Schulden!B21))) | BG8: =MAX(0,BD8+BE8-BF8) | BH8: =IF(Schulden!C22="",0,Schulden!E22) | BI8: =IF(BH8<=0,0,BH8*Schulden!F22/12) | BJ8: =IF(BH8<=0,0,MIN(BH8+BI8,MIN(Schulden!G22,BH8+BI8)+MIN(MAX(0,Strategie!$C$9+SUMIFS(Sonderzahlungen!$D$8:$D$67,Sonderzahlungen!$G$8:$G$67,$B8,Sonderzahlungen!$E$8:$E$67,"Nach Strategie")-(IF(AND(Schulden!J8<Schulden!J22,D8>0),MAX(0,D8+E8-MIN(Schulden!G8,D8+E8)),0)+IF(AND(Schulden!J9<Schulden!J22,H8>0),MAX(0,H8+I8-MIN(Schulden!G9,H8+I8)),0)+IF(AND(Schulden!J10<Schulden!J22,L8>0),MAX(0,L8+M8-MIN(Schulden!G10,L8+M8)),0)+IF(AND(Schulden!J11<Schulden!J22,P8>0),MAX(0,P8+Q8-MIN(Schulden!G11,P8+Q8)),0)+IF(AND(Schulden!J12<Schulden!J22,T8>0),MAX(0,T8+U8-MIN(Schulden!G12,T8+U8)),0)+IF(AND(Schulden!J13<Schulden!J22,X8>0),MAX(0,X8+Y8-MIN(Schulden!G13,X8+Y8)),0)+IF(AND(Schulden!J14<Schulden!J22,AB8>0),MAX(0,AB8+AC8-MIN(Schulden!G14,AB8+AC8)),0)+IF(AND(Schulden!J15<Schulden!J22,AF8>0),MAX(0,AF8+AG8-MIN(Schulden!G15,AF8+AG8)),0)+IF(AND(Schulden!J16<Schulden!J22,AJ8>0),MAX(0,AJ8+AK8-MIN(Schulden!G16,AJ8+AK8)),0)+IF(AND(Schulden!J17<Schulden!J22,AN8>0),MAX(0,AN8+AO8-MIN(Schulden!G17,AN8+AO8)),0)+IF(AND(Schulden!J18<Schulden!J22,AR8>0),MAX(0,AR8+AS8-MIN(Schulden!G18,AR8+AS8)),0)+IF(AND(Schulden!J19<Schulden!J22,AV8>0),MAX(0,AV8+AW8-MIN(Schulden!G19,AV8+AW8)),0)+IF(AND(Schulden!J20<Schulden!J22,AZ8>0),MAX(0,AZ8+BA8-MIN(Schulden!G20,AZ8+BA8)),0)+IF(AND(Schulden!J21<Schulden!J22,BD8>0),MAX(0,BD8+BE8-MIN(Schulden!G21,BD8+BE8)),0)+IF(AND(Schulden!J22<Schulden!J22,BH8>0),MAX(0,BH8+BI8-MIN(Schulden!G22,BH8+BI8)),0))),MAX(0,BH8+BI8-MIN(Schulden!G22,BH8+BI8)))+SUMIFS(Sonderzahlungen!$D$8:$D$67,Sonderzahlungen!$G$8:$G$67,$B8,Sonderzahlungen!$E$8:$E$67,"Gezielte Schuld",Sonderzahlungen!$F$8:$F$67,Schulden!B22))) | BK8: =MAX(0,BH8+BI8-BJ8)
B9: =EDATE(B8,1) | C9: =SUMIFS(Sonderzahlungen!$D$8:$D$67,Sonderzahlungen!$G$8:$G$67,B9) | D9: =G8 | E9: =IF(D9<=0,0,D9*Schulden!F8/12) | F9: =IF(D9<=0,0,MIN(D9+E9,MIN(Schulden!G8,D9+E9)+MIN(MAX(0,Strategie!$C$9+SUMIFS(Sonderzahlungen!$D$8:$D$67,Sonderzahlungen!$G$8:$G$67,$B9,Sonderzahlungen!$E$8:$E$67,"Nach Strategie")-(IF(AND(Schulden!J8<Schulden!J8,D9>0),MAX(0,D9+E9-MIN(Schulden!G8,D9+E9)),0)+IF(AND(Schulden!J9<Schulden!J8,H9>0),MAX(0,H9+I9-MIN(Schulden!G9,H9+I9)),0)+IF(AND(Schulden!J10<Schulden!J8,L9>0),MAX(0,L9+M9-MIN(Schulden!G10,L9+M9)),0)+IF(AND(Schulden!J11<Schulden!J8,P9>0),MAX(0,P9+Q9-MIN(Schulden!G11,P9+Q9)),0)+IF(AND(Schulden!J12<Schulden!J8,T9>0),MAX(0,T9+U9-MIN(Schulden!G12,T9+U9)),0)+IF(AND(Schulden!J13<Schulden!J8,X9>0),MAX(0,X9+Y9-MIN(Schulden!G13,X9+Y9)),0)+IF(AND(Schulden!J14<Schulden!J8,AB9>0),MAX(0,AB9+AC9-MIN(Schulden!G14,AB9+AC9)),0)+IF(AND(Schulden!J15<Schulden!J8,AF9>0),MAX(0,AF9+AG9-MIN(Schulden!G15,AF9+AG9)),0)+IF(AND(Schulden!J16<Schulden!J8,AJ9>0),MAX(0,AJ9+AK9-MIN(Schulden!G16,AJ9+AK9)),0)+IF(AND(Schulden!J17<Schulden!J8,AN9>0),MAX(0,AN9+AO9-MIN(Schulden!G17,AN9+AO9)),0)+IF(AND(Schulden!J18<Schulden!J8,AR9>0),MAX(0,AR9+AS9-MIN(Schulden!G18,AR9+AS9)),0)+IF(AND(Schulden!J19<Schulden!J8,AV9>0),MAX(0,AV9+AW9-MIN(Schulden!G19,AV9+AW9)),0)+IF(AND(Schulden!J20<Schulden!J8,AZ9>0),MAX(0,AZ9+BA9-MIN(Schulden!G20,AZ9+BA9)),0)+IF(AND(Schulden!J21<Schulden!J8,BD9>0),MAX(0,BD9+BE9-MIN(Schulden!G21,BD9+BE9)),0)+IF(AND(Schulden!J22<Schulden!J8,BH9>0),MAX(0,BH9+BI9-MIN(Schulden!G22,BH9+BI9)),0))),MAX(0,D9+E9-MIN(Schulden!G8,D9+E9)))+SUMIFS(Sonderzahlungen!$D$8:$D$67,Sonderzahlungen!$G$8:$G$67,$B9,Sonderzahlungen!$E$8:$E$67,"Gezielte Schuld",Sonderzahlungen!$F$8:$F$67,Schulden!B8))) | G9: =MAX(0,D9+E9-F9) | H9: =K8 | I9: =IF(H9<=0,0,H9*Schulden!F9/12) | J9: =IF(H9<=0,0,MIN(H9+I9,MIN(Schulden!G9,H9+I9)+MIN(MAX(0,Strategie!$C$9+SUMIFS(Sonderzahlungen!$D$8:$D$67,Sonderzahlungen!$G$8:$G$67,$B9,Sonderzahlungen!$E$8:$E$67,"Nach Strategie")-(IF(AND(Schulden!J8<Schulden!J9,D9>0),MAX(0,D9+E9-MIN(Schulden!G8,D9+E9)),0)+IF(AND(Schulden!J9<Schulden!J9,H9>0),MAX(0,H9+I9-MIN(Schulden!G9,H9+I9)),0)+IF(AND(Schulden!J10<Schulden!J9,L9>0),MAX(0,L9+M9-MIN(Schulden!G10,L9+M9)),0)+IF(AND(Schulden!J11<Schulden!J9,P9>0),MAX(0,P9+Q9-MIN(Schulden!G11,P9+Q9)),0)+IF(AND(Schulden!J12<Schulden!J9,T9>0),MAX(0,T9+U9-MIN(Schulden!G12,T9+U9)),0)+IF(AND(Schulden!J13<Schulden!J9,X9>0),MAX(0,X9+Y9-MIN(Schulden!G13,X9+Y9)),0)+IF(AND(Schulden!J14<Schulden!J9,AB9>0),MAX(0,AB9+AC9-MIN(Schulden!G14,AB9+AC9)),0)+IF(AND(Schulden!J15<Schulden!J9,AF9>0),MAX(0,AF9+AG9-MIN(Schulden!G15,AF9+AG9)),0)+IF(AND(Schulden!J16<Schulden!J9,AJ9>0),MAX(0,AJ9+AK9-MIN(Schulden!G16,AJ9+AK9)),0)+IF(AND(Schulden!J17<Schulden!J9,AN9>0),MAX(0,AN9+AO9-MIN(Schulden!G17,AN9+AO9)),0)+IF(AND(Schulden!J18<Schulden!J9,AR9>0),MAX(0,AR9+AS9-MIN(Schulden!G18,AR9+AS9)),0)+IF(AND(Schulden!J19<Schulden!J9,AV9>0),MAX(0,AV9+AW9-MIN(Schulden!G19,AV9+AW9)),0)+IF(AND(Schulden!J20<Schulden!J9,AZ9>0),MAX(0,AZ9+BA9-MIN(Schulden!G20,AZ9+BA9)),0)+IF(AND(Schulden!J21<Schulden!J9,BD9>0),MAX(0,BD9+BE9-MIN(Schulden!G21,BD9+BE9)),0)+IF(AND(Schulden!J22<Schulden!J9,BH9>0),MAX(0,BH9+BI9-MIN(Schulden!G22,BH9+BI9)),0))),MAX(0,H9+I9-MIN(Schulden!G9,H9+I9)))+SUMIFS(Sonderzahlungen!$D$8:$D$67,Sonderzahlungen!$G$8:$G$67,$B9,Sonderzahlungen!$E$8:$E$67,"Gezielte Schuld",Sonderzahlungen!$F$8:$F$67,Schulden!B9))) | K9: =MAX(0,H9+I9-J9) | L9: =O8 | M9: =IF(L9<=0,0,L9*Schulden!F10/12) | N9: =IF(L9<=0,0,MIN(L9+M9,MIN(Schulden!G10,L9+M9)+MIN(MAX(0,Strategie!$C$9+SUMIFS(Sonderzahlungen!$D$8:$D$67,Sonderzahlungen!$G$8:$G$67,$B9,Sonderzahlungen!$E$8:$E$67,"Nach Strategie")-(IF(AND(Schulden!J8<Schulden!J10,D9>0),MAX(0,D9+E9-MIN(Schulden!G8,D9+E9)),0)+IF(AND(Schulden!J9<Schulden!J10,H9>0),MAX(0,H9+I9-MIN(Schulden!G9,H9+I9)),0)+IF(AND(Schulden!J10<Schulden!J10,L9>0),MAX(0,L9+M9-MIN(Schulden!G10,L9+M9)),0)+IF(AND(Schulden!J11<Schulden!J10,P9>0),MAX(0,P9+Q9-MIN(Schulden!G11,P9+Q9)),0)+IF(AND(Schulden!J12<Schulden!J10,T9>0),MAX(0,T9+U9-MIN(Schulden!G12,T9+U9)),0)+IF(AND(Schulden!J13<Schulden!J10,X9>0),MAX(0,X9+Y9-MIN(Schulden!G13,X9+Y9)),0)+IF(AND(Schulden!J14<Schulden!J10,AB9>0),MAX(0,AB9+AC9-MIN(Schulden!G14,AB9+AC9)),0)+IF(AND(Schulden!J15<Schulden!J10,AF9>0),MAX(0,AF9+AG9-MIN(Schulden!G15,AF9+AG9)),0)+IF(AND(Schulden!J16<Schulden!J10,AJ9>0),MAX(0,AJ9+AK9-MIN(Schulden!G16,AJ9+AK9)),0)+IF(AND(Schulden!J17<Schulden!J10,AN9>0),MAX(0,AN9+AO9-MIN(Schulden!G17,AN9+AO9)),0)+IF(AND(Schulden!J18<Schulden!J10,AR9>0),MAX(0,AR9+AS9-MIN(Schulden!G18,AR9+AS9)),0)+IF(AND(Schulden!J19<Schulden!J10,AV9>0),MAX(0,AV9+AW9-MIN(Schulden!G19,AV9+AW9)),0)+IF(AND(Schulden!J20<Schulden!J10,AZ9>0),MAX(0,AZ9+BA9-MIN(Schulden!G20,AZ9+BA9)),0)+IF(AND(Schulden!J21<Schulden!J10,BD9>0),MAX(0,BD9+BE9-MIN(Schulden!G21,BD9+BE9)),0)+IF(AND(Schulden!J22<Schulden!J10,BH9>0),MAX(0,BH9+BI9-MIN(Schulden!G22,BH9+BI9)),0))),MAX(0,L9+M9-MIN(Schulden!G10,L9+M9)))+SUMIFS(Sonderzahlungen!$D$8:$D$67,Sonderzahlungen!$G$8:$G$67,$B9,Sonderzahlungen!$E$8:$E$67,"Gezielte Schuld",Sonderzahlungen!$F$8:$F$67,Schulden!B10))) | O9: =MAX(0,L9+M9-N9) | P9: =S8 | Q9: =IF(P9<=0,0,P9*Schulden!F11/12) | R9: =IF(P9<=0,0,MIN(P9+Q9,MIN(Schulden!G11,P9+Q9)+MIN(MAX(0,Strategie!$C$9+SUMIFS(Sonderzahlungen!$D$8:$D$67,Sonderzahlungen!$G$8:$G$67,$B9,Sonderzahlungen!$E$8:$E$67,"Nach Strategie")-(IF(AND(Schulden!J8<Schulden!J11,D9>0),MAX(0,D9+E9-MIN(Schulden!G8,D9+E9)),0)+IF(AND(Schulden!J9<Schulden!J11,H9>0),MAX(0,H9+I9-MIN(Schulden!G9,H9+I9)),0)+IF(AND(Schulden!J10<Schulden!J11,L9>0),MAX(0,L9+M9-MIN(Schulden!G10,L9+M9)),0)+IF(AND(Schulden!J11<Schulden!J11,P9>0),MAX(0,P9+Q9-MIN(Schulden!G11,P9+Q9)),0)+IF(AND(Schulden!J12<Schulden!J11,T9>0),MAX(0,T9+U9-MIN(Schulden!G12,T9+U9)),0)+IF(AND(Schulden!J13<Schulden!J11,X9>0),MAX(0,X9+Y9-MIN(Schulden!G13,X9+Y9)),0)+IF(AND(Schulden!J14<Schulden!J11,AB9>0),MAX(0,AB9+AC9-MIN(Schulden!G14,AB9+AC9)),0)+IF(AND(Schulden!J15<Schulden!J11,AF9>0),MAX(0,AF9+AG9-MIN(Schulden!G15,AF9+AG9)),0)+IF(AND(Schulden!J16<Schulden!J11,AJ9>0),MAX(0,AJ9+AK9-MIN(Schulden!G16,AJ9+AK9)),0)+IF(AND(Schulden!J17<Schulden!J11,AN9>0),MAX(0,AN9+AO9-MIN(Schulden!G17,AN9+AO9)),0)+IF(AND(Schulden!J18<Schulden!J11,AR9>0),MAX(0,AR9+AS9-MIN(Schulden!G18,AR9+AS9)),0)+IF(AND(Schulden!J19<Schulden!J11,AV9>0),MAX(0,AV9+AW9-MIN(Schulden!G19,AV9+AW9)),0)+IF(AND(Schulden!J20<Schulden!J11,AZ9>0),MAX(0,AZ9+BA9-MIN(Schulden!G20,AZ9+BA9)),0)+IF(AND(Schulden!J21<Schulden!J11,BD9>0),MAX(0,BD9+BE9-MIN(Schulden!G21,BD9+BE9)),0)+IF(AND(Schulden!J22<Schulden!J11,BH9>0),MAX(0,BH9+BI9-MIN(Schulden!G22,BH9+BI9)),0))),MAX(0,P9+Q9-MIN(Schulden!G11,P9+Q9)))+SUMIFS(Sonderzahlungen!$D$8:$D$67,Sonderzahlungen!$G$8:$G$67,$B9,Sonderzahlungen!$E$8:$E$67,"Gezielte Schuld",Sonderzahlungen!$F$8:$F$67,Schulden!B11))) | S9: =MAX(0,P9+Q9-R9) | T9: =W8 | U9: =IF(T9<=0,0,T9*Schulden!F12/12) | V9: =IF(T9<=0,0,MIN(T9+U9,MIN(Schulden!G12,T9+U9)+MIN(MAX(0,Strategie!$C$9+SUMIFS(Sonderzahlungen!$D$8:$D$67,Sonderzahlungen!$G$8:$G$67,$B9,Sonderzahlungen!$E$8:$E$67,"Nach Strategie")-(IF(AND(Schulden!J8<Schulden!J12,D9>0),MAX(0,D9+E9-MIN(Schulden!G8,D9+E9)),0)+IF(AND(Schulden!J9<Schulden!J12,H9>0),MAX(0,H9+I9-MIN(Schulden!G9,H9+I9)),0)+IF(AND(Schulden!J10<Schulden!J12,L9>0),MAX(0,L9+M9-MIN(Schulden!G10,L9+M9)),0)+IF(AND(Schulden!J11<Schulden!J12,P9>0),MAX(0,P9+Q9-MIN(Schulden!G11,P9+Q9)),0)+IF(AND(Schulden!J12<Schulden!J12,T9>0),MAX(0,T9+U9-MIN(Schulden!G12,T9+U9)),0)+IF(AND(Schulden!J13<Schulden!J12,X9>0),MAX(0,X9+Y9-MIN(Schulden!G13,X9+Y9)),0)+IF(AND(Schulden!J14<Schulden!J12,AB9>0),MAX(0,AB9+AC9-MIN(Schulden!G14,AB9+AC9)),0)+IF(AND(Schulden!J15<Schulden!J12,AF9>0),MAX(0,AF9+AG9-MIN(Schulden!G15,AF9+AG9)),0)+IF(AND(Schulden!J16<Schulden!J12,AJ9>0),MAX(0,AJ9+AK9-MIN(Schulden!G16,AJ9+AK9)),0)+IF(AND(Schulden!J17<Schulden!J12,AN9>0),MAX(0,AN9+AO9-MIN(Schulden!G17,AN9+AO9)),0)+IF(AND(Schulden!J18<Schulden!J12,AR9>0),MAX(0,AR9+AS9-MIN(Schulden!G18,AR9+AS9)),0)+IF(AND(Schulden!J19<Schulden!J12,AV9>0),MAX(0,AV9+AW9-MIN(Schulden!G19,AV9+AW9)),0)+IF(AND(Schulden!J20<Schulden!J12,AZ9>0),MAX(0,AZ9+BA9-MIN(Schulden!G20,AZ9+BA9)),0)+IF(AND(Schulden!J21<Schulden!J12,BD9>0),MAX(0,BD9+BE9-MIN(Schulden!G21,BD9+BE9)),0)+IF(AND(Schulden!J22<Schulden!J12,BH9>0),MAX(0,BH9+BI9-MIN(Schulden!G22,BH9+BI9)),0))),MAX(0,T9+U9-MIN(Schulden!G12,T9+U9)))+SUMIFS(Sonderzahlungen!$D$8:$D$67,Sonderzahlungen!$G$8:$G$67,$B9,Sonderzahlungen!$E$8:$E$67,"Gezielte Schuld",Sonderzahlungen!$F$8:$F$67,Schulden!B12))) | W9: =MAX(0,T9+U9-V9) | X9: =AA8 | Y9: =IF(X9<=0,0,X9*Schulden!F13/12) | Z9: =IF(X9<=0,0,MIN(X9+Y9,MIN(Schulden!G13,X9+Y9)+MIN(MAX(0,Strategie!$C$9+SUMIFS(Sonderzahlungen!$D$8:$D$67,Sonderzahlungen!$G$8:$G$67,$B9,Sonderzahlungen!$E$8:$E$67,"Nach Strategie")-(IF(AND(Schulden!J8<Schulden!J13,D9>0),MAX(0,D9+E9-MIN(Schulden!G8,D9+E9)),0)+IF(AND(Schulden!J9<Schulden!J13,H9>0),MAX(0,H9+I9-MIN(Schulden!G9,H9+I9)),0)+IF(AND(Schulden!J10<Schulden!J13,L9>0),MAX(0,L9+M9-MIN(Schulden!G10,L9+M9)),0)+IF(AND(Schulden!J11<Schulden!J13,P9>0),MAX(0,P9+Q9-MIN(Schulden!G11,P9+Q9)),0)+IF(AND(Schulden!J12<Schulden!J13,T9>0),MAX(0,T9+U9-MIN(Schulden!G12,T9+U9)),0)+IF(AND(Schulden!J13<Schulden!J13,X9>0),MAX(0,X9+Y9-MIN(Schulden!G13,X9+Y9)),0)+IF(AND(Schulden!J14<Schulden!J13,AB9>0),MAX(0,AB9+AC9-MIN(Schulden!G14,AB9+AC9)),0)+IF(AND(Schulden!J15<Schulden!J13,AF9>0),MAX(0,AF9+AG9-MIN(Schulden!G15,AF9+AG9)),0)+IF(AND(Schulden!J16<Schulden!J13,AJ9>0),MAX(0,AJ9+AK9-MIN(Schulden!G16,AJ9+AK9)),0)+IF(AND(Schulden!J17<Schulden!J13,AN9>0),MAX(0,AN9+AO9-MIN(Schulden!G17,AN9+AO9)),0)+IF(AND(Schulden!J18<Schulden!J13,AR9>0),MAX(0,AR9+AS9-MIN(Schulden!G18,AR9+AS9)),0)+IF(AND(Schulden!J19<Schulden!J13,AV9>0),MAX(0,AV9+AW9-MIN(Schulden!G19,AV9+AW9)),0)+IF(AND(Schulden!J20<Schulden!J13,AZ9>0),MAX(0,AZ9+BA9-MIN(Schulden!G20,AZ9+BA9)),0)+IF(AND(Schulden!J21<Schulden!J13,BD9>0),MAX(0,BD9+BE9-MIN(Schulden!G21,BD9+BE9)),0)+IF(AND(Schulden!J22<Schulden!J13,BH9>0),MAX(0,BH9+BI9-MIN(Schulden!G22,BH9+BI9)),0))),MAX(0,X9+Y9-MIN(Schulden!G13,X9+Y9)))+SUMIFS(Sonderzahlungen!$D$8:$D$67,Sonderzahlungen!$G$8:$G$67,$B9,Sonderzahlungen!$E$8:$E$67,"Gezielte Schuld",Sonderzahlungen!$F$8:$F$67,Schulden!B13))) | AA9: =MAX(0,X9+Y9-Z9) | AB9: =AE8 | AC9: =IF(AB9<=0,0,AB9*Schulden!F14/12) | AD9: =IF(AB9<=0,0,MIN(AB9+AC9,MIN(Schulden!G14,AB9+AC9)+MIN(MAX(0,Strategie!$C$9+SUMIFS(Sonderzahlungen!$D$8:$D$67,Sonderzahlungen!$G$8:$G$67,$B9,Sonderzahlungen!$E$8:$E$67,"Nach Strategie")-(IF(AND(Schulden!J8<Schulden!J14,D9>0),MAX(0,D9+E9-MIN(Schulden!G8,D9+E9)),0)+IF(AND(Schulden!J9<Schulden!J14,H9>0),MAX(0,H9+I9-MIN(Schulden!G9,H9+I9)),0)+IF(AND(Schulden!J10<Schulden!J14,L9>0),MAX(0,L9+M9-MIN(Schulden!G10,L9+M9)),0)+IF(AND(Schulden!J11<Schulden!J14,P9>0),MAX(0,P9+Q9-MIN(Schulden!G11,P9+Q9)),0)+IF(AND(Schulden!J12<Schulden!J14,T9>0),MAX(0,T9+U9-MIN(Schulden!G12,T9+U9)),0)+IF(AND(Schulden!J13<Schulden!J14,X9>0),MAX(0,X9+Y9-MIN(Schulden!G13,X9+Y9)),0)+IF(AND(Schulden!J14<Schulden!J14,AB9>0),MAX(0,AB9+AC9-MIN(Schulden!G14,AB9+AC9)),0)+IF(AND(Schulden!J15<Schulden!J14,AF9>0),MAX(0,AF9+AG9-MIN(Schulden!G15,AF9+AG9)),0)+IF(AND(Schulden!J16<Schulden!J14,AJ9>0),MAX(0,AJ9+AK9-MIN(Schulden!G16,AJ9+AK9)),0)+IF(AND(Schulden!J17<Schulden!J14,AN9>0),MAX(0,AN9+AO9-MIN(Schulden!G17,AN9+AO9)),0)+IF(AND(Schulden!J18<Schulden!J14,AR9>0),MAX(0,AR9+AS9-MIN(Schulden!G18,AR9+AS9)),0)+IF(AND(Schulden!J19<Schulden!J14,AV9>0),MAX(0,AV9+AW9-MIN(Schulden!G19,AV9+AW9)),0)+IF(AND(Schulden!J20<Schulden!J14,AZ9>0),MAX(0,AZ9+BA9-MIN(Schulden!G20,AZ9+BA9)),0)+IF(AND(Schulden!J21<Schulden!J14,BD9>0),MAX(0,BD9+BE9-MIN(Schulden!G21,BD9+BE9)),0)+IF(AND(Schulden!J22<Schulden!J14,BH9>0),MAX(0,BH9+BI9-MIN(Schulden!G22,BH9+BI9)),0))),MAX(0,AB9+AC9-MIN(Schulden!G14,AB9+AC9)))+SUMIFS(Sonderzahlungen!$D$8:$D$67,Sonderzahlungen!$G$8:$G$67,$B9,Sonderzahlungen!$E$8:$E$67,"Gezielte Schuld",Sonderzahlungen!$F$8:$F$67,Schulden!B14))) | AE9: =MAX(0,AB9+AC9-AD9) | AF9: =AI8 | AG9: =IF(AF9<=0,0,AF9*Schulden!F15/12) | AH9: =IF(AF9<=0,0,MIN(AF9+AG9,MIN(Schulden!G15,AF9+AG9)+MIN(MAX(0,Strategie!$C$9+SUMIFS(Sonderzahlungen!$D$8:$D$67,Sonderzahlungen!$G$8:$G$67,$B9,Sonderzahlungen!$E$8:$E$67,"Nach Strategie")-(IF(AND(Schulden!J8<Schulden!J15,D9>0),MAX(0,D9+E9-MIN(Schulden!G8,D9+E9)),0)+IF(AND(Schulden!J9<Schulden!J15,H9>0),MAX(0,H9+I9-MIN(Schulden!G9,H9+I9)),0)+IF(AND(Schulden!J10<Schulden!J15,L9>0),MAX(0,L9+M9-MIN(Schulden!G10,L9+M9)),0)+IF(AND(Schulden!J11<Schulden!J15,P9>0),MAX(0,P9+Q9-MIN(Schulden!G11,P9+Q9)),0)+IF(AND(Schulden!J12<Schulden!J15,T9>0),MAX(0,T9+U9-MIN(Schulden!G12,T9+U9)),0)+IF(AND(Schulden!J13<Schulden!J15,X9>0),MAX(0,X9+Y9-MIN(Schulden!G13,X9+Y9)),0)+IF(AND(Schulden!J14<Schulden!J15,AB9>0),MAX(0,AB9+AC9-MIN(Schulden!G14,AB9+AC9)),0)+IF(AND(Schulden!J15<Schulden!J15,AF9>0),MAX(0,AF9+AG9-MIN(Schulden!G15,AF9+AG9)),0)+IF(AND(Schulden!J16<Schulden!J15,AJ9>0),MAX(0,AJ9+AK9-MIN(Schulden!G16,AJ9+AK9)),0)+IF(AND(Schulden!J17<Schulden!J15,AN9>0),MAX(0,AN9+AO9-MIN(Schulden!G17,AN9+AO9)),0)+IF(AND(Schulden!J18<Schulden!J15,AR9>0),MAX(0,AR9+AS9-MIN(Schulden!G18,AR9+AS9)),0)+IF(AND(Schulden!J19<Schulden!J15,AV9>0),MAX(0,AV9+AW9-MIN(Schulden!G19,AV9+AW9)),0)+IF(AND(Schulden!J20<Schulden!J15,AZ9>0),MAX(0,AZ9+BA9-MIN(Schulden!G20,AZ9+BA9)),0)+IF(AND(Schulden!J21<Schulden!J15,BD9>0),MAX(0,BD9+BE9-MIN(Schulden!G21,BD9+BE9)),0)+IF(AND(Schulden!J22<Schulden!J15,BH9>0),MAX(0,BH9+BI9-MIN(Schulden!G22,BH9+BI9)),0))),MAX(0,AF9+AG9-MIN(Schulden!G15,AF9+AG9)))+SUMIFS(Sonderzahlungen!$D$8:$D$67,Sonderzahlungen!$G$8:$G$67,$B9,Sonderzahlungen!$E$8:$E$67,"Gezielte Schuld",Sonderzahlungen!$F$8:$F$67,Schulden!B15))) | AI9: =MAX(0,AF9+AG9-AH9) | AJ9: =AM8 | AK9: =IF(AJ9<=0,0,AJ9*Schulden!F16/12) | AL9: =IF(AJ9<=0,0,MIN(AJ9+AK9,MIN(Schulden!G16,AJ9+AK9)+MIN(MAX(0,Strategie!$C$9+SUMIFS(Sonderzahlungen!$D$8:$D$67,Sonderzahlungen!$G$8:$G$67,$B9,Sonderzahlungen!$E$8:$E$67,"Nach Strategie")-(IF(AND(Schulden!J8<Schulden!J16,D9>0),MAX(0,D9+E9-MIN(Schulden!G8,D9+E9)),0)+IF(AND(Schulden!J9<Schulden!J16,H9>0),MAX(0,H9+I9-MIN(Schulden!G9,H9+I9)),0)+IF(AND(Schulden!J10<Schulden!J16,L9>0),MAX(0,L9+M9-MIN(Schulden!G10,L9+M9)),0)+IF(AND(Schulden!J11<Schulden!J16,P9>0),MAX(0,P9+Q9-MIN(Schulden!G11,P9+Q9)),0)+IF(AND(Schulden!J12<Schulden!J16,T9>0),MAX(0,T9+U9-MIN(Schulden!G12,T9+U9)),0)+IF(AND(Schulden!J13<Schulden!J16,X9>0),MAX(0,X9+Y9-MIN(Schulden!G13,X9+Y9)),0)+IF(AND(Schulden!J14<Schulden!J16,AB9>0),MAX(0,AB9+AC9-MIN(Schulden!G14,AB9+AC9)),0)+IF(AND(Schulden!J15<Schulden!J16,AF9>0),MAX(0,AF9+AG9-MIN(Schulden!G15,AF9+AG9)),0)+IF(AND(Schulden!J16<Schulden!J16,AJ9>0),MAX(0,AJ9+AK9-MIN(Schulden!G16,AJ9+AK9)),0)+IF(AND(Schulden!J17<Schulden!J16,AN9>0),MAX(0,AN9+AO9-MIN(Schulden!G17,AN9+AO9)),0)+IF(AND(Schulden!J18<Schulden!J16,AR9>0),MAX(0,AR9+AS9-MIN(Schulden!G18,AR9+AS9)),0)+IF(AND(Schulden!J19<Schulden!J16,AV9>0),MAX(0,AV9+AW9-MIN(Schulden!G19,AV9+AW9)),0)+IF(AND(Schulden!J20<Schulden!J16,AZ9>0),MAX(0,AZ9+BA9-MIN(Schulden!G20,AZ9+BA9)),0)+IF(AND(Schulden!J21<Schulden!J16,BD9>0),MAX(0,BD9+BE9-MIN(Schulden!G21,BD9+BE9)),0)+IF(AND(Schulden!J22<Schulden!J16,BH9>0),MAX(0,BH9+BI9-MIN(Schulden!G22,BH9+BI9)),0))),MAX(0,AJ9+AK9-MIN(Schulden!G16,AJ9+AK9)))+SUMIFS(Sonderzahlungen!$D$8:$D$67,Sonderzahlungen!$G$8:$G$67,$B9,Sonderzahlungen!$E$8:$E$67,"Gezielte Schuld",Sonderzahlungen!$F$8:$F$67,Schulden!B16))) | AM9: =MAX(0,AJ9+AK9-AL9) | AN9: =AQ8 | AO9: =IF(AN9<=0,0,AN9*Schulden!F17/12) | AP9: =IF(AN9<=0,0,MIN(AN9+AO9,MIN(Schulden!G17,AN9+AO9)+MIN(MAX(0,Strategie!$C$9+SUMIFS(Sonderzahlungen!$D$8:$D$67,Sonderzahlungen!$G$8:$G$67,$B9,Sonderzahlungen!$E$8:$E$67,"Nach Strategie")-(IF(AND(Schulden!J8<Schulden!J17,D9>0),MAX(0,D9+E9-MIN(Schulden!G8,D9+E9)),0)+IF(AND(Schulden!J9<Schulden!J17,H9>0),MAX(0,H9+I9-MIN(Schulden!G9,H9+I9)),0)+IF(AND(Schulden!J10<Schulden!J17,L9>0),MAX(0,L9+M9-MIN(Schulden!G10,L9+M9)),0)+IF(AND(Schulden!J11<Schulden!J17,P9>0),MAX(0,P9+Q9-MIN(Schulden!G11,P9+Q9)),0)+IF(AND(Schulden!J12<Schulden!J17,T9>0),MAX(0,T9+U9-MIN(Schulden!G12,T9+U9)),0)+IF(AND(Schulden!J13<Schulden!J17,X9>0),MAX(0,X9+Y9-MIN(Schulden!G13,X9+Y9)),0)+IF(AND(Schulden!J14<Schulden!J17,AB9>0),MAX(0,AB9+AC9-MIN(Schulden!G14,AB9+AC9)),0)+IF(AND(Schulden!J15<Schulden!J17,AF9>0),MAX(0,AF9+AG9-MIN(Schulden!G15,AF9+AG9)),0)+IF(AND(Schulden!J16<Schulden!J17,AJ9>0),MAX(0,AJ9+AK9-MIN(Schulden!G16,AJ9+AK9)),0)+IF(AND(Schulden!J17<Schulden!J17,AN9>0),MAX(0,AN9+AO9-MIN(Schulden!G17,AN9+AO9)),0)+IF(AND(Schulden!J18<Schulden!J17,AR9>0),MAX(0,AR9+AS9-MIN(Schulden!G18,AR9+AS9)),0)+IF(AND(Schulden!J19<Schulden!J17,AV9>0),MAX(0,AV9+AW9-MIN(Schulden!G19,AV9+AW9)),0)+IF(AND(Schulden!J20<Schulden!J17,AZ9>0),MAX(0,AZ9+BA9-MIN(Schulden!G20,AZ9+BA9)),0)+IF(AND(Schulden!J21<Schulden!J17,BD9>0),MAX(0,BD9+BE9-MIN(Schulden!G21,BD9+BE9)),0)+IF(AND(Schulden!J22<Schulden!J17,BH9>0),MAX(0,BH9+BI9-MIN(Schulden!G22,BH9+BI9)),0))),MAX(0,AN9+AO9-MIN(Schulden!G17,AN9+AO9)))+SUMIFS(Sonderzahlungen!$D$8:$D$67,Sonderzahlungen!$G$8:$G$67,$B9,Sonderzahlungen!$E$8:$E$67,"Gezielte Schuld",Sonderzahlungen!$F$8:$F$67,Schulden!B17))) | AQ9: =MAX(0,AN9+AO9-AP9) | AR9: =AU8 | AS9: =IF(AR9<=0,0,AR9*Schulden!F18/12) | AT9: =IF(AR9<=0,0,MIN(AR9+AS9,MIN(Schulden!G18,AR9+AS9)+MIN(MAX(0,Strategie!$C$9+SUMIFS(Sonderzahlungen!$D$8:$D$67,Sonderzahlungen!$G$8:$G$67,$B9,Sonderzahlungen!$E$8:$E$67,"Nach Strategie")-(IF(AND(Schulden!J8<Schulden!J18,D9>0),MAX(0,D9+E9-MIN(Schulden!G8,D9+E9)),0)+IF(AND(Schulden!J9<Schulden!J18,H9>0),MAX(0,H9+I9-MIN(Schulden!G9,H9+I9)),0)+IF(AND(Schulden!J10<Schulden!J18,L9>0),MAX(0,L9+M9-MIN(Schulden!G10,L9+M9)),0)+IF(AND(Schulden!J11<Schulden!J18,P9>0),MAX(0,P9+Q9-MIN(Schulden!G11,P9+Q9)),0)+IF(AND(Schulden!J12<Schulden!J18,T9>0),MAX(0,T9+U9-MIN(Schulden!G12,T9+U9)),0)+IF(AND(Schulden!J13<Schulden!J18,X9>0),MAX(0,X9+Y9-MIN(Schulden!G13,X9+Y9)),0)+IF(AND(Schulden!J14<Schulden!J18,AB9>0),MAX(0,AB9+AC9-MIN(Schulden!G14,AB9+AC9)),0)+IF(AND(Schulden!J15<Schulden!J18,AF9>0),MAX(0,AF9+AG9-MIN(Schulden!G15,AF9+AG9)),0)+IF(AND(Schulden!J16<Schulden!J18,AJ9>0),MAX(0,AJ9+AK9-MIN(Schulden!G16,AJ9+AK9)),0)+IF(AND(Schulden!J17<Schulden!J18,AN9>0),MAX(0,AN9+AO9-MIN(Schulden!G17,AN9+AO9)),0)+IF(AND(Schulden!J18<Schulden!J18,AR9>0),MAX(0,AR9+AS9-MIN(Schulden!G18,AR9+AS9)),0)+IF(AND(Schulden!J19<Schulden!J18,AV9>0),MAX(0,AV9+AW9-MIN(Schulden!G19,AV9+AW9)),0)+IF(AND(Schulden!J20<Schulden!J18,AZ9>0),MAX(0,AZ9+BA9-MIN(Schulden!G20,AZ9+BA9)),0)+IF(AND(Schulden!J21<Schulden!J18,BD9>0),MAX(0,BD9+BE9-MIN(Schulden!G21,BD9+BE9)),0)+IF(AND(Schulden!J22<Schulden!J18,BH9>0),MAX(0,BH9+BI9-MIN(Schulden!G22,BH9+BI9)),0))),MAX(0,AR9+AS9-MIN(Schulden!G18,AR9+AS9)))+SUMIFS(Sonderzahlungen!$D$8:$D$67,Sonderzahlungen!$G$8:$G$67,$B9,Sonderzahlungen!$E$8:$E$67,"Gezielte Schuld",Sonderzahlungen!$F$8:$F$67,Schulden!B18))) | AU9: =MAX(0,AR9+AS9-AT9) | AV9: =AY8 | AW9: =IF(AV9<=0,0,AV9*Schulden!F19/12) | AX9: =IF(AV9<=0,0,MIN(AV9+AW9,MIN(Schulden!G19,AV9+AW9)+MIN(MAX(0,Strategie!$C$9+SUMIFS(Sonderzahlungen!$D$8:$D$67,Sonderzahlungen!$G$8:$G$67,$B9,Sonderzahlungen!$E$8:$E$67,"Nach Strategie")-(IF(AND(Schulden!J8<Schulden!J19,D9>0),MAX(0,D9+E9-MIN(Schulden!G8,D9+E9)),0)+IF(AND(Schulden!J9<Schulden!J19,H9>0),MAX(0,H9+I9-MIN(Schulden!G9,H9+I9)),0)+IF(AND(Schulden!J10<Schulden!J19,L9>0),MAX(0,L9+M9-MIN(Schulden!G10,L9+M9)),0)+IF(AND(Schulden!J11<Schulden!J19,P9>0),MAX(0,P9+Q9-MIN(Schulden!G11,P9+Q9)),0)+IF(AND(Schulden!J12<Schulden!J19,T9>0),MAX(0,T9+U9-MIN(Schulden!G12,T9+U9)),0)+IF(AND(Schulden!J13<Schulden!J19,X9>0),MAX(0,X9+Y9-MIN(Schulden!G13,X9+Y9)),0)+IF(AND(Schulden!J14<Schulden!J19,AB9>0),MAX(0,AB9+AC9-MIN(Schulden!G14,AB9+AC9)),0)+IF(AND(Schulden!J15<Schulden!J19,AF9>0),MAX(0,AF9+AG9-MIN(Schulden!G15,AF9+AG9)),0)+IF(AND(Schulden!J16<Schulden!J19,AJ9>0),MAX(0,AJ9+AK9-MIN(Schulden!G16,AJ9+AK9)),0)+IF(AND(Schulden!J17<Schulden!J19,AN9>0),MAX(0,AN9+AO9-MIN(Schulden!G17,AN9+AO9)),0)+IF(AND(Schulden!J18<Schulden!J19,AR9>0),MAX(0,AR9+AS9-MIN(Schulden!G18,AR9+AS9)),0)+IF(AND(Schulden!J19<Schulden!J19,AV9>0),MAX(0,AV9+AW9-MIN(Schulden!G19,AV9+AW9)),0)+IF(AND(Schulden!J20<Schulden!J19,AZ9>0),MAX(0,AZ9+BA9-MIN(Schulden!G20,AZ9+BA9)),0)+IF(AND(Schulden!J21<Schulden!J19,BD9>0),MAX(0,BD9+BE9-MIN(Schulden!G21,BD9+BE9)),0)+IF(AND(Schulden!J22<Schulden!J19,BH9>0),MAX(0,BH9+BI9-MIN(Schulden!G22,BH9+BI9)),0))),MAX(0,AV9+AW9-MIN(Schulden!G19,AV9+AW9)))+SUMIFS(Sonderzahlungen!$D$8:$D$67,Sonderzahlungen!$G$8:$G$67,$B9,Sonderzahlungen!$E$8:$E$67,"Gezielte Schuld",Sonderzahlungen!$F$8:$F$67,Schulden!B19))) | AY9: =MAX(0,AV9+AW9-AX9) | AZ9: =BC8 | BA9: =IF(AZ9<=0,0,AZ9*Schulden!F20/12) | BB9: =IF(AZ9<=0,0,MIN(AZ9+BA9,MIN(Schulden!G20,AZ9+BA9)+MIN(MAX(0,Strategie!$C$9+SUMIFS(Sonderzahlungen!$D$8:$D$67,Sonderzahlungen!$G$8:$G$67,$B9,Sonderzahlungen!$E$8:$E$67,"Nach Strategie")-(IF(AND(Schulden!J8<Schulden!J20,D9>0),MAX(0,D9+E9-MIN(Schulden!G8,D9+E9)),0)+IF(AND(Schulden!J9<Schulden!J20,H9>0),MAX(0,H9+I9-MIN(Schulden!G9,H9+I9)),0)+IF(AND(Schulden!J10<Schulden!J20,L9>0),MAX(0,L9+M9-MIN(Schulden!G10,L9+M9)),0)+IF(AND(Schulden!J11<Schulden!J20,P9>0),MAX(0,P9+Q9-MIN(Schulden!G11,P9+Q9)),0)+IF(AND(Schulden!J12<Schulden!J20,T9>0),MAX(0,T9+U9-MIN(Schulden!G12,T9+U9)),0)+IF(AND(Schulden!J13<Schulden!J20,X9>0),MAX(0,X9+Y9-MIN(Schulden!G13,X9+Y9)),0)+IF(AND(Schulden!J14<Schulden!J20,AB9>0),MAX(0,AB9+AC9-MIN(Schulden!G14,AB9+AC9)),0)+IF(AND(Schulden!J15<Schulden!J20,AF9>0),MAX(0,AF9+AG9-MIN(Schulden!G15,AF9+AG9)),0)+IF(AND(Schulden!J16<Schulden!J20,AJ9>0),MAX(0,AJ9+AK9-MIN(Schulden!G16,AJ9+AK9)),0)+IF(AND(Schulden!J17<Schulden!J20,AN9>0),MAX(0,AN9+AO9-MIN(Schulden!G17,AN9+AO9)),0)+IF(AND(Schulden!J18<Schulden!J20,AR9>0),MAX(0,AR9+AS9-MIN(Schulden!G18,AR9+AS9)),0)+IF(AND(Schulden!J19<Schulden!J20,AV9>0),MAX(0,AV9+AW9-MIN(Schulden!G19,AV9+AW9)),0)+IF(AND(Schulden!J20<Schulden!J20,AZ9>0),MAX(0,AZ9+BA9-MIN(Schulden!G20,AZ9+BA9)),0)+IF(AND(Schulden!J21<Schulden!J20,BD9>0),MAX(0,BD9+BE9-MIN(Schulden!G21,BD9+BE9)),0)+IF(AND(Schulden!J22<Schulden!J20,BH9>0),MAX(0,BH9+BI9-MIN(Schulden!G22,BH9+BI9)),0))),MAX(0,AZ9+BA9-MIN(Schulden!G20,AZ9+BA9)))+SUMIFS(Sonderzahlungen!$D$8:$D$67,Sonderzahlungen!$G$8:$G$67,$B9,Sonderzahlungen!$E$8:$E$67,"Gezielte Schuld",Sonderzahlungen!$F$8:$F$67,Schulden!B20))) | BC9: =MAX(0,AZ9+BA9-BB9) | BD9: =BG8 | BE9: =IF(BD9<=0,0,BD9*Schulden!F21/12) | BF9: =IF(BD9<=0,0,MIN(BD9+BE9,MIN(Schulden!G21,BD9+BE9)+MIN(MAX(0,Strategie!$C$9+SUMIFS(Sonderzahlungen!$D$8:$D$67,Sonderzahlungen!$G$8:$G$67,$B9,Sonderzahlungen!$E$8:$E$67,"Nach Strategie")-(IF(AND(Schulden!J8<Schulden!J21,D9>0),MAX(0,D9+E9-MIN(Schulden!G8,D9+E9)),0)+IF(AND(Schulden!J9<Schulden!J21,H9>0),MAX(0,H9+I9-MIN(Schulden!G9,H9+I9)),0)+IF(AND(Schulden!J10<Schulden!J21,L9>0),MAX(0,L9+M9-MIN(Schulden!G10,L9+M9)),0)+IF(AND(Schulden!J11<Schulden!J21,P9>0),MAX(0,P9+Q9-MIN(Schulden!G11,P9+Q9)),0)+IF(AND(Schulden!J12<Schulden!J21,T9>0),MAX(0,T9+U9-MIN(Schulden!G12,T9+U9)),0)+IF(AND(Schulden!J13<Schulden!J21,X9>0),MAX(0,X9+Y9-MIN(Schulden!G13,X9+Y9)),0)+IF(AND(Schulden!J14<Schulden!J21,AB9>0),MAX(0,AB9+AC9-MIN(Schulden!G14,AB9+AC9)),0)+IF(AND(Schulden!J15<Schulden!J21,AF9>0),MAX(0,AF9+AG9-MIN(Schulden!G15,AF9+AG9)),0)+IF(AND(Schulden!J16<Schulden!J21,AJ9>0),MAX(0,AJ9+AK9-MIN(Schulden!G16,AJ9+AK9)),0)+IF(AND(Schulden!J17<Schulden!J21,AN9>0),MAX(0,AN9+AO9-MIN(Schulden!G17,AN9+AO9)),0)+IF(AND(Schulden!J18<Schulden!J21,AR9>0),MAX(0,AR9+AS9-MIN(Schulden!G18,AR9+AS9)),0)+IF(AND(Schulden!J19<Schulden!J21,AV9>0),MAX(0,AV9+AW9-MIN(Schulden!G19,AV9+AW9)),0)+IF(AND(Schulden!J20<Schulden!J21,AZ9>0),MAX(0,AZ9+BA9-MIN(Schulden!G20,AZ9+BA9)),0)+IF(AND(Schulden!J21<Schulden!J21,BD9>0),MAX(0,BD9+BE9-MIN(Schulden!G21,BD9+BE9)),0)+IF(AND(Schulden!J22<Schulden!J21,BH9>0),MAX(0,BH9+BI9-MIN(Schulden!G22,BH9+BI9)),0))),MAX(0,BD9+BE9-MIN(Schulden!G21,BD9+BE9)))+SUMIFS(Sonderzahlungen!$D$8:$D$67,Sonderzahlungen!$G$8:$G$67,$B9,Sonderzahlungen!$E$8:$E$67,"Gezielte Schuld",Sonderzahlungen!$F$8:$F$67,Schulden!B21))) | BG9: =MAX(0,BD9+BE9-BF9) | BH9: =BK8 | BI9: =IF(BH9<=0,0,BH9*Schulden!F22/12) | BJ9: =IF(BH9<=0,0,MIN(BH9+BI9,MIN(Schulden!G22,BH9+BI9)+MIN(MAX(0,Strategie!$C$9+SUMIFS(Sonderzahlungen!$D$8:$D$67,Sonderzahlungen!$G$8:$G$67,$B9,Sonderzahlungen!$E$8:$E$67,"Nach Strategie")-(IF(AND(Schulden!J8<Schulden!J22,D9>0),MAX(0,D9+E9-MIN(Schulden!G8,D9+E9)),0)+IF(AND(Schulden!J9<Schulden!J22,H9>0),MAX(0,H9+I9-MIN(Schulden!G9,H9+I9)),0)+IF(AND(Schulden!J10<Schulden!J22,L9>0),MAX(0,L9+M9-MIN(Schulden!G10,L9+M9)),0)+IF(AND(Schulden!J11<Schulden!J22,P9>0),MAX(0,P9+Q9-MIN(Schulden!G11,P9+Q9)),0)+IF(AND(Schulden!J12<Schulden!J22,T9>0),MAX(0,T9+U9-MIN(Schulden!G12,T9+U9)),0)+IF(AND(Schulden!J13<Schulden!J22,X9>0),MAX(0,X9+Y9-MIN(Schulden!G13,X9+Y9)),0)+IF(AND(Schulden!J14<Schulden!J22,AB9>0),MAX(0,AB9+AC9-MIN(Schulden!G14,AB9+AC9)),0)+IF(AND(Schulden!J15<Schulden!J22,AF9>0),MAX(0,AF9+AG9-MIN(Schulden!G15,AF9+AG9)),0)+IF(AND(Schulden!J16<Schulden!J22,AJ9>0),MAX(0,AJ9+AK9-MIN(Schulden!G16,AJ9+AK9)),0)+IF(AND(Schulden!J17<Schulden!J22,AN9>0),MAX(0,AN9+AO9-MIN(Schulden!G17,AN9+AO9)),0)+IF(AND(Schulden!J18<Schulden!J22,AR9>0),MAX(0,AR9+AS9-MIN(Schulden!G18,AR9+AS9)),0)+IF(AND(Schulden!J19<Schulden!J22,AV9>0),MAX(0,AV9+AW9-MIN(Schulden!G19,AV9+AW9)),0)+IF(AND(Schulden!J20<Schulden!J22,AZ9>0),MAX(0,AZ9+BA9-MIN(Schulden!G20,AZ9+BA9)),0)+IF(AND(Schulden!J21<Schulden!J22,BD9>0),MAX(0,BD9+BE9-MIN(Schulden!G21,BD9+BE9)),0)+IF(AND(Schulden!J22<Schulden!J22,BH9>0),MAX(0,BH9+BI9-MIN(Schulden!G22,BH9+BI9)),0))),MAX(0,BH9+BI9-MIN(Schulden!G22,BH9+BI9)))+SUMIFS(Sonderzahlungen!$D$8:$D$67,Sonderzahlungen!$G$8:$G$67,$B9,Sonderzahlungen!$E$8:$E$67,"Gezielte Schuld",Sonderzahlungen!$F$8:$F$67,Schulden!B22))) | BK9: =MAX(0,BH9+BI9-BJ9)
B10: =EDATE(B9,1) | C10: =SUMIFS(Sonderzahlungen!$D$8:$D$67,Sonderzahlungen!$G$8:$G$67,B10) | D10: =G9 | E10: =IF(D10<=0,0,D10*Schulden!F8/12) | F10: =IF(D10<=0,0,MIN(D10+E10,MIN(Schulden!G8,D10+E10)+MIN(MAX(0,Strategie!$C$9+SUMIFS(Sonderzahlungen!$D$8:$D$67,Sonderzahlungen!$G$8:$G$67,$B10,Sonderzahlungen!$E$8:$E$67,"Nach Strategie")-(IF(AND(Schulden!J8<Schulden!J8,D10>0),MAX(0,D10+E10-MIN(Schulden!G8,D10+E10)),0)+IF(AND(Schulden!J9<Schulden!J8,H10>0),MAX(0,H10+I10-MIN(Schulden!G9,H10+I10)),0)+IF(AND(Schulden!J10<Schulden!J8,L10>0),MAX(0,L10+M10-MIN(Schulden!G10,L10+M10)),0)+IF(AND(Schulden!J11<Schulden!J8,P10>0),MAX(0,P10+Q10-MIN(Schulden!G11,P10+Q10)),0)+IF(AND(Schulden!J12<Schulden!J8,T10>0),MAX(0,T10+U10-MIN(Schulden!G12,T10+U10)),0)+IF(AND(Schulden!J13<Schulden!J8,X10>0),MAX(0,X10+Y10-MIN(Schulden!G13,X10+Y10)),0)+IF(AND(Schulden!J14<Schulden!J8,AB10>0),MAX(0,AB10+AC10-MIN(Schulden!G14,AB10+AC10)),0)+IF(AND(Schulden!J15<Schulden!J8,AF10>0),MAX(0,AF10+AG10-MIN(Schulden!G15,AF10+AG10)),0)+IF(AND(Schulden!J16<Schulden!J8,AJ10>0),MAX(0,AJ10+AK10-MIN(Schulden!G16,AJ10+AK10)),0)+IF(AND(Schulden!J17<Schulden!J8,AN10>0),MAX(0,AN10+AO10-MIN(Schulden!G17,AN10+AO10)),0)+IF(AND(Schulden!J18<Schulden!J8,AR10>0),MAX(0,AR10+AS10-MIN(Schulden!G18,AR10+AS10)),0)+IF(AND(Schulden!J19<Schulden!J8,AV10>0),MAX(0,AV10+AW10-MIN(Schulden!G19,AV10+AW10)),0)+IF(AND(Schulden!J20<Schulden!J8,AZ10>0),MAX(0,AZ10+BA10-MIN(Schulden!G20,AZ10+BA10)),0)+IF(AND(Schulden!J21<Schulden!J8,BD10>0),MAX(0,BD10+BE10-MIN(Schulden!G21,BD10+BE10)),0)+IF(AND(Schulden!J22<Schulden!J8,BH10>0),MAX(0,BH10+BI10-MIN(Schulden!G22,BH10+BI10)),0))),MAX(0,D10+E10-MIN(Schulden!G8,D10+E10)))+SUMIFS(Sonderzahlungen!$D$8:$D$67,Sonderzahlungen!$G$8:$G$67,$B10,Sonderzahlungen!$E$8:$E$67,"Gezielte Schuld",Sonderzahlungen!$F$8:$F$67,Schulden!B8))) | G10: =MAX(0,D10+E10-F10) | H10: =K9 | I10: =IF(H10<=0,0,H10*Schulden!F9/12) | J10: =IF(H10<=0,0,MIN(H10+I10,MIN(Schulden!G9,H10+I10)+MIN(MAX(0,Strategie!$C$9+SUMIFS(Sonderzahlungen!$D$8:$D$67,Sonderzahlungen!$G$8:$G$67,$B10,Sonderzahlungen!$E$8:$E$67,"Nach Strategie")-(IF(AND(Schulden!J8<Schulden!J9,D10>0),MAX(0,D10+E10-MIN(Schulden!G8,D10+E10)),0)+IF(AND(Schulden!J9<Schulden!J9,H10>0),MAX(0,H10+I10-MIN(Schulden!G9,H10+I10)),0)+IF(AND(Schulden!J10<Schulden!J9,L10>0),MAX(0,L10+M10-MIN(Schulden!G10,L10+M10)),0)+IF(AND(Schulden!J11<Schulden!J9,P10>0),MAX(0,P10+Q10-MIN(Schulden!G11,P10+Q10)),0)+IF(AND(Schulden!J12<Schulden!J9,T10>0),MAX(0,T10+U10-MIN(Schulden!G12,T10+U10)),0)+IF(AND(Schulden!J13<Schulden!J9,X10>0),MAX(0,X10+Y10-MIN(Schulden!G13,X10+Y10)),0)+IF(AND(Schulden!J14<Schulden!J9,AB10>0),MAX(0,AB10+AC10-MIN(Schulden!G14,AB10+AC10)),0)+IF(AND(Schulden!J15<Schulden!J9,AF10>0),MAX(0,AF10+AG10-MIN(Schulden!G15,AF10+AG10)),0)+IF(AND(Schulden!J16<Schulden!J9,AJ10>0),MAX(0,AJ10+AK10-MIN(Schulden!G16,AJ10+AK10)),0)+IF(AND(Schulden!J17<Schulden!J9,AN10>0),MAX(0,AN10+AO10-MIN(Schulden!G17,AN10+AO10)),0)+IF(AND(Schulden!J18<Schulden!J9,AR10>0),MAX(0,AR10+AS10-MIN(Schulden!G18,AR10+AS10)),0)+IF(AND(Schulden!J19<Schulden!J9,AV10>0),MAX(0,AV10+AW10-MIN(Schulden!G19,AV10+AW10)),0)+IF(AND(Schulden!J20<Schulden!J9,AZ10>0),MAX(0,AZ10+BA10-MIN(Schulden!G20,AZ10+BA10)),0)+IF(AND(Schulden!J21<Schulden!J9,BD10>0),MAX(0,BD10+BE10-MIN(Schulden!G21,BD10+BE10)),0)+IF(AND(Schulden!J22<Schulden!J9,BH10>0),MAX(0,BH10+BI10-MIN(Schulden!G22,BH10+BI10)),0))),MAX(0,H10+I10-MIN(Schulden!G9,H10+I10)))+SUMIFS(Sonderzahlungen!$D$8:$D$67,Sonderzahlungen!$G$8:$G$67,$B10,Sonderzahlungen!$E$8:$E$67,"Gezielte Schuld",Sonderzahlungen!$F$8:$F$67,Schulden!B9))) | K10: =MAX(0,H10+I10-J10) | L10: =O9 | M10: =IF(L10<=0,0,L10*Schulden!F10/12) | N10: =IF(L10<=0,0,MIN(L10+M10,MIN(Schulden!G10,L10+M10)+MIN(MAX(0,Strategie!$C$9+SUMIFS(Sonderzahlungen!$D$8:$D$67,Sonderzahlungen!$G$8:$G$67,$B10,Sonderzahlungen!$E$8:$E$67,"Nach Strategie")-(IF(AND(Schulden!J8<Schulden!J10,D10>0),MAX(0,D10+E10-MIN(Schulden!G8,D10+E10)),0)+IF(AND(Schulden!J9<Schulden!J10,H10>0),MAX(0,H10+I10-MIN(Schulden!G9,H10+I10)),0)+IF(AND(Schulden!J10<Schulden!J10,L10>0),MAX(0,L10+M10-MIN(Schulden!G10,L10+M10)),0)+IF(AND(Schulden!J11<Schulden!J10,P10>0),MAX(0,P10+Q10-MIN(Schulden!G11,P10+Q10)),0)+IF(AND(Schulden!J12<Schulden!J10,T10>0),MAX(0,T10+U10-MIN(Schulden!G12,T10+U10)),0)+IF(AND(Schulden!J13<Schulden!J10,X10>0),MAX(0,X10+Y10-MIN(Schulden!G13,X10+Y10)),0)+IF(AND(Schulden!J14<Schulden!J10,AB10>0),MAX(0,AB10+AC10-MIN(Schulden!G14,AB10+AC10)),0)+IF(AND(Schulden!J15<Schulden!J10,AF10>0),MAX(0,AF10+AG10-MIN(Schulden!G15,AF10+AG10)),0)+IF(AND(Schulden!J16<Schulden!J10,AJ10>0),MAX(0,AJ10+AK10-MIN(Schulden!G16,AJ10+AK10)),0)+IF(AND(Schulden!J17<Schulden!J10,AN10>0),MAX(0,AN10+AO10-MIN(Schulden!G17,AN10+AO10)),0)+IF(AND(Schulden!J18<Schulden!J10,AR10>0),MAX(0,AR10+AS10-MIN(Schulden!G18,AR10+AS10)),0)+IF(AND(Schulden!J19<Schulden!J10,AV10>0),MAX(0,AV10+AW10-MIN(Schulden!G19,AV10+AW10)),0)+IF(AND(Schulden!J20<Schulden!J10,AZ10>0),MAX(0,AZ10+BA10-MIN(Schulden!G20,AZ10+BA10)),0)+IF(AND(Schulden!J21<Schulden!J10,BD10>0),MAX(0,BD10+BE10-MIN(Schulden!G21,BD10+BE10)),0)+IF(AND(Schulden!J22<Schulden!J10,BH10>0),MAX(0,BH10+BI10-MIN(Schulden!G22,BH10+BI10)),0))),MAX(0,L10+M10-MIN(Schulden!G10,L10+M10)))+SUMIFS(Sonderzahlungen!$D$8:$D$67,Sonderzahlungen!$G$8:$G$67,$B10,Sonderzahlungen!$E$8:$E$67,"Gezielte Schuld",Sonderzahlungen!$F$8:$F$67,Schulden!B10))) | O10: =MAX(0,L10+M10-N10) | P10: =S9 | Q10: =IF(P10<=0,0,P10*Schulden!F11/12) | R10: =IF(P10<=0,0,MIN(P10+Q10,MIN(Schulden!G11,P10+Q10)+MIN(MAX(0,Strategie!$C$9+SUMIFS(Sonderzahlungen!$D$8:$D$67,Sonderzahlungen!$G$8:$G$67,$B10,Sonderzahlungen!$E$8:$E$67,"Nach Strategie")-(IF(AND(Schulden!J8<Schulden!J11,D10>0),MAX(0,D10+E10-MIN(Schulden!G8,D10+E10)),0)+IF(AND(Schulden!J9<Schulden!J11,H10>0),MAX(0,H10+I10-MIN(Schulden!G9,H10+I10)),0)+IF(AND(Schulden!J10<Schulden!J11,L10>0),MAX(0,L10+M10-MIN(Schulden!G10,L10+M10)),0)+IF(AND(Schulden!J11<Schulden!J11,P10>0),MAX(0,P10+Q10-MIN(Schulden!G11,P10+Q10)),0)+IF(AND(Schulden!J12<Schulden!J11,T10>0),MAX(0,T10+U10-MIN(Schulden!G12,T10+U10)),0)+IF(AND(Schulden!J13<Schulden!J11,X10>0),MAX(0,X10+Y10-MIN(Schulden!G13,X10+Y10)),0)+IF(AND(Schulden!J14<Schulden!J11,AB10>0),MAX(0,AB10+AC10-MIN(Schulden!G14,AB10+AC10)),0)+IF(AND(Schulden!J15<Schulden!J11,AF10>0),MAX(0,AF10+AG10-MIN(Schulden!G15,AF10+AG10)),0)+IF(AND(Schulden!J16<Schulden!J11,AJ10>0),MAX(0,AJ10+AK10-MIN(Schulden!G16,AJ10+AK10)),0)+IF(AND(Schulden!J17<Schulden!J11,AN10>0),MAX(0,AN10+AO10-MIN(Schulden!G17,AN10+AO10)),0)+IF(AND(Schulden!J18<Schulden!J11,AR10>0),MAX(0,AR10+AS10-MIN(Schulden!G18,AR10+AS10)),0)+IF(AND(Schulden!J19<Schulden!J11,AV10>0),MAX(0,AV10+AW10-MIN(Schulden!G19,AV10+AW10)),0)+IF(AND(Schulden!J20<Schulden!J11,AZ10>0),MAX(0,AZ10+BA10-MIN(Schulden!G20,AZ10+BA10)),0)+IF(AND(Schulden!J21<Schulden!J11,BD10>0),MAX(0,BD10+BE10-MIN(Schulden!G21,BD10+BE10)),0)+IF(AND(Schulden!J22<Schulden!J11,BH10>0),MAX(0,BH10+BI10-MIN(Schulden!G22,BH10+BI10)),0))),MAX(0,P10+Q10-MIN(Schulden!G11,P10+Q10)))+SUMIFS(Sonderzahlungen!$D$8:$D$67,Sonderzahlungen!$G$8:$G$67,$B10,Sonderzahlungen!$E$8:$E$67,"Gezielte Schuld",Sonderzahlungen!$F$8:$F$67,Schulden!B11))) | S10: =MAX(0,P10+Q10-R10) | T10: =W9 | U10: =IF(T10<=0,0,T10*Schulden!F12/12) | V10: =IF(T10<=0,0,MIN(T10+U10,MIN(Schulden!G12,T10+U10)+MIN(MAX(0,Strategie!$C$9+SUMIFS(Sonderzahlungen!$D$8:$D$67,Sonderzahlungen!$G$8:$G$67,$B10,Sonderzahlungen!$E$8:$E$67,"Nach Strategie")-(IF(AND(Schulden!J8<Schulden!J12,D10>0),MAX(0,D10+E10-MIN(Schulden!G8,D10+E10)),0)+IF(AND(Schulden!J9<Schulden!J12,H10>0),MAX(0,H10+I10-MIN(Schulden!G9,H10+I10)),0)+IF(AND(Schulden!J10<Schulden!J12,L10>0),MAX(0,L10+M10-MIN(Schulden!G10,L10+M10)),0)+IF(AND(Schulden!J11<Schulden!J12,P10>0),MAX(0,P10+Q10-MIN(Schulden!G11,P10+Q10)),0)+IF(AND(Schulden!J12<Schulden!J12,T10>0),MAX(0,T10+U10-MIN(Schulden!G12,T10+U10)),0)+IF(AND(Schulden!J13<Schulden!J12,X10>0),MAX(0,X10+Y10-MIN(Schulden!G13,X10+Y10)),0)+IF(AND(Schulden!J14<Schulden!J12,AB10>0),MAX(0,AB10+AC10-MIN(Schulden!G14,AB10+AC10)),0)+IF(AND(Schulden!J15<Schulden!J12,AF10>0),MAX(0,AF10+AG10-MIN(Schulden!G15,AF10+AG10)),0)+IF(AND(Schulden!J16<Schulden!J12,AJ10>0),MAX(0,AJ10+AK10-MIN(Schulden!G16,AJ10+AK10)),0)+IF(AND(Schulden!J17<Schulden!J12,AN10>0),MAX(0,AN10+AO10-MIN(Schulden!G17,AN10+AO10)),0)+IF(AND(Schulden!J18<Schulden!J12,AR10>0),MAX(0,AR10+AS10-MIN(Schulden!G18,AR10+AS10)),0)+IF(AND(Schulden!J19<Schulden!J12,AV10>0),MAX(0,AV10+AW10-MIN(Schulden!G19,AV10+AW10)),0)+IF(AND(Schulden!J20<Schulden!J12,AZ10>0),MAX(0,AZ10+BA10-MIN(Schulden!G20,AZ10+BA10)),0)+IF(AND(Schulden!J21<Schulden!J12,BD10>0),MAX(0,BD10+BE10-MIN(Schulden!G21,BD10+BE10)),0)+IF(AND(Schulden!J22<Schulden!J12,BH10>0),MAX(0,BH10+BI10-MIN(Schulden!G22,BH10+BI10)),0))),MAX(0,T10+U10-MIN(Schulden!G12,T10+U10)))+SUMIFS(Sonderzahlungen!$D$8:$D$67,Sonderzahlungen!$G$8:$G$67,$B10,Sonderzahlungen!$E$8:$E$67,"Gezielte Schuld",Sonderzahlungen!$F$8:$F$67,Schulden!B12))) | W10: =MAX(0,T10+U10-V10) | X10: =AA9 | Y10: =IF(X10<=0,0,X10*Schulden!F13/12) | Z10: =IF(X10<=0,0,MIN(X10+Y10,MIN(Schulden!G13,X10+Y10)+MIN(MAX(0,Strategie!$C$9+SUMIFS(Sonderzahlungen!$D$8:$D$67,Sonderzahlungen!$G$8:$G$67,$B10,Sonderzahlungen!$E$8:$E$67,"Nach Strategie")-(IF(AND(Schulden!J8<Schulden!J13,D10>0),MAX(0,D10+E10-MIN(Schulden!G8,D10+E10)),0)+IF(AND(Schulden!J9<Schulden!J13,H10>0),MAX(0,H10+I10-MIN(Schulden!G9,H10+I10)),0)+IF(AND(Schulden!J10<Schulden!J13,L10>0),MAX(0,L10+M10-MIN(Schulden!G10,L10+M10)),0)+IF(AND(Schulden!J11<Schulden!J13,P10>0),MAX(0,P10+Q10-MIN(Schulden!G11,P10+Q10)),0)+IF(AND(Schulden!J12<Schulden!J13,T10>0),MAX(0,T10+U10-MIN(Schulden!G12,T10+U10)),0)+IF(AND(Schulden!J13<Schulden!J13,X10>0),MAX(0,X10+Y10-MIN(Schulden!G13,X10+Y10)),0)+IF(AND(Schulden!J14<Schulden!J13,AB10>0),MAX(0,AB10+AC10-MIN(Schulden!G14,AB10+AC10)),0)+IF(AND(Schulden!J15<Schulden!J13,AF10>0),MAX(0,AF10+AG10-MIN(Schulden!G15,AF10+AG10)),0)+IF(AND(Schulden!J16<Schulden!J13,AJ10>0),MAX(0,AJ10+AK10-MIN(Schulden!G16,AJ10+AK10)),0)+IF(AND(Schulden!J17<Schulden!J13,AN10>0),MAX(0,AN10+AO10-MIN(Schulden!G17,AN10+AO10)),0)+IF(AND(Schulden!J18<Schulden!J13,AR10>0),MAX(0,AR10+AS10-MIN(Schulden!G18,AR10+AS10)),0)+IF(AND(Schulden!J19<Schulden!J13,AV10>0),MAX(0,AV10+AW10-MIN(Schulden!G19,AV10+AW10)),0)+IF(AND(Schulden!J20<Schulden!J13,AZ10>0),MAX(0,AZ10+BA10-MIN(Schulden!G20,AZ10+BA10)),0)+IF(AND(Schulden!J21<Schulden!J13,BD10>0),MAX(0,BD10+BE10-MIN(Schulden!G21,BD10+BE10)),0)+IF(AND(Schulden!J22<Schulden!J13,BH10>0),MAX(0,BH10+BI10-MIN(Schulden!G22,BH10+BI10)),0))),MAX(0,X10+Y10-MIN(Schulden!G13,X10+Y10)))+SUMIFS(Sonderzahlungen!$D$8:$D$67,Sonderzahlungen!$G$8:$G$67,$B10,Sonderzahlungen!$E$8:$E$67,"Gezielte Schuld",Sonderzahlungen!$F$8:$F$67,Schulden!B13))) | AA10: =MAX(0,X10+Y10-Z10) | AB10: =AE9 | AC10: =IF(AB10<=0,0,AB10*Schulden!F14/12) | AD10: =IF(AB10<=0,0,MIN(AB10+AC10,MIN(Schulden!G14,AB10+AC10)+MIN(MAX(0,Strategie!$C$9+SUMIFS(Sonderzahlungen!$D$8:$D$67,Sonderzahlungen!$G$8:$G$67,$B10,Sonderzahlungen!$E$8:$E$67,"Nach Strategie")-(IF(AND(Schulden!J8<Schulden!J14,D10>0),MAX(0,D10+E10-MIN(Schulden!G8,D10+E10)),0)+IF(AND(Schulden!J9<Schulden!J14,H10>0),MAX(0,H10+I10-MIN(Schulden!G9,H10+I10)),0)+IF(AND(Schulden!J10<Schulden!J14,L10>0),MAX(0,L10+M10-MIN(Schulden!G10,L10+M10)),0)+IF(AND(Schulden!J11<Schulden!J14,P10>0),MAX(0,P10+Q10-MIN(Schulden!G11,P10+Q10)),0)+IF(AND(Schulden!J12<Schulden!J14,T10>0),MAX(0,T10+U10-MIN(Schulden!G12,T10+U10)),0)+IF(AND(Schulden!J13<Schulden!J14,X10>0),MAX(0,X10+Y10-MIN(Schulden!G13,X10+Y10)),0)+IF(AND(Schulden!J14<Schulden!J14,AB10>0),MAX(0,AB10+AC10-MIN(Schulden!G14,AB10+AC10)),0)+IF(AND(Schulden!J15<Schulden!J14,AF10>0),MAX(0,AF10+AG10-MIN(Schulden!G15,AF10+AG10)),0)+IF(AND(Schulden!J16<Schulden!J14,AJ10>0),MAX(0,AJ10+AK10-MIN(Schulden!G16,AJ10+AK10)),0)+IF(AND(Schulden!J17<Schulden!J14,AN10>0),MAX(0,AN10+AO10-MIN(Schulden!G17,AN10+AO10)),0)+IF(AND(Schulden!J18<Schulden!J14,AR10>0),MAX(0,AR10+AS10-MIN(Schulden!G18,AR10+AS10)),0)+IF(AND(Schulden!J19<Schulden!J14,AV10>0),MAX(0,AV10+AW10-MIN(Schulden!G19,AV10+AW10)),0)+IF(AND(Schulden!J20<Schulden!J14,AZ10>0),MAX(0,AZ10+BA10-MIN(Schulden!G20,AZ10+BA10)),0)+IF(AND(Schulden!J21<Schulden!J14,BD10>0),MAX(0,BD10+BE10-MIN(Schulden!G21,BD10+BE10)),0)+IF(AND(Schulden!J22<Schulden!J14,BH10>0),MAX(0,BH10+BI10-MIN(Schulden!G22,BH10+BI10)),0))),MAX(0,AB10+AC10-MIN(Schulden!G14,AB10+AC10)))+SUMIFS(Sonderzahlungen!$D$8:$D$67,Sonderzahlungen!$G$8:$G$67,$B10,Sonderzahlungen!$E$8:$E$67,"Gezielte Schuld",Sonderzahlungen!$F$8:$F$67,Schulden!B14))) | AE10: =MAX(0,AB10+AC10-AD10) | AF10: =AI9 | AG10: =IF(AF10<=0,0,AF10*Schulden!F15/12) | AH10: =IF(AF10<=0,0,MIN(AF10+AG10,MIN(Schulden!G15,AF10+AG10)+MIN(MAX(0,Strategie!$C$9+SUMIFS(Sonderzahlungen!$D$8:$D$67,Sonderzahlungen!$G$8:$G$67,$B10,Sonderzahlungen!$E$8:$E$67,"Nach Strategie")-(IF(AND(Schulden!J8<Schulden!J15,D10>0),MAX(0,D10+E10-MIN(Schulden!G8,D10+E10)),0)+IF(AND(Schulden!J9<Schulden!J15,H10>0),MAX(0,H10+I10-MIN(Schulden!G9,H10+I10)),0)+IF(AND(Schulden!J10<Schulden!J15,L10>0),MAX(0,L10+M10-MIN(Schulden!G10,L10+M10)),0)+IF(AND(Schulden!J11<Schulden!J15,P10>0),MAX(0,P10+Q10-MIN(Schulden!G11,P10+Q10)),0)+IF(AND(Schulden!J12<Schulden!J15,T10>0),MAX(0,T10+U10-MIN(Schulden!G12,T10+U10)),0)+IF(AND(Schulden!J13<Schulden!J15,X10>0),MAX(0,X10+Y10-MIN(Schulden!G13,X10+Y10)),0)+IF(AND(Schulden!J14<Schulden!J15,AB10>0),MAX(0,AB10+AC10-MIN(Schulden!G14,AB10+AC10)),0)+IF(AND(Schulden!J15<Schulden!J15,AF10>0),MAX(0,AF10+AG10-MIN(Schulden!G15,AF10+AG10)),0)+IF(AND(Schulden!J16<Schulden!J15,AJ10>0),MAX(0,AJ10+AK10-MIN(Schulden!G16,AJ10+AK10)),0)+IF(AND(Schulden!J17<Schulden!J15,AN10>0),MAX(0,AN10+AO10-MIN(Schulden!G17,AN10+AO10)),0)+IF(AND(Schulden!J18<Schulden!J15,AR10>0),MAX(0,AR10+AS10-MIN(Schulden!G18,AR10+AS10)),0)+IF(AND(Schulden!J19<Schulden!J15,AV10>0),MAX(0,AV10+AW10-MIN(Schulden!G19,AV10+AW10)),0)+IF(AND(Schulden!J20<Schulden!J15,AZ10>0),MAX(0,AZ10+BA10-MIN(Schulden!G20,AZ10+BA10)),0)+IF(AND(Schulden!J21<Schulden!J15,BD10>0),MAX(0,BD10+BE10-MIN(Schulden!G21,BD10+BE10)),0)+IF(AND(Schulden!J22<Schulden!J15,BH10>0),MAX(0,BH10+BI10-MIN(Schulden!G22,BH10+BI10)),0))),MAX(0,AF10+AG10-MIN(Schulden!G15,AF10+AG10)))+SUMIFS(Sonderzahlungen!$D$8:$D$67,Sonderzahlungen!$G$8:$G$67,$B10,Sonderzahlungen!$E$8:$E$67,"Gezielte Schuld",Sonderzahlungen!$F$8:$F$67,Schulden!B15))) | AI10: =MAX(0,AF10+AG10-AH10) | AJ10: =AM9 | AK10: =IF(AJ10<=0,0,AJ10*Schulden!F16/12) | AL10: =IF(AJ10<=0,0,MIN(AJ10+AK10,MIN(Schulden!G16,AJ10+AK10)+MIN(MAX(0,Strategie!$C$9+SUMIFS(Sonderzahlungen!$D$8:$D$67,Sonderzahlungen!$G$8:$G$67,$B10,Sonderzahlungen!$E$8:$E$67,"Nach Strategie")-(IF(AND(Schulden!J8<Schulden!J16,D10>0),MAX(0,D10+E10-MIN(Schulden!G8,D10+E10)),0)+IF(AND(Schulden!J9<Schulden!J16,H10>0),MAX(0,H10+I10-MIN(Schulden!G9,H10+I10)),0)+IF(AND(Schulden!J10<Schulden!J16,L10>0),MAX(0,L10+M10-MIN(Schulden!G10,L10+M10)),0)+IF(AND(Schulden!J11<Schulden!J16,P10>0),MAX(0,P10+Q10-MIN(Schulden!G11,P10+Q10)),0)+IF(AND(Schulden!J12<Schulden!J16,T10>0),MAX(0,T10+U10-MIN(Schulden!G12,T10+U10)),0)+IF(AND(Schulden!J13<Schulden!J16,X10>0),MAX(0,X10+Y10-MIN(Schulden!G13,X10+Y10)),0)+IF(AND(Schulden!J14<Schulden!J16,AB10>0),MAX(0,AB10+AC10-MIN(Schulden!G14,AB10+AC10)),0)+IF(AND(Schulden!J15<Schulden!J16,AF10>0),MAX(0,AF10+AG10-MIN(Schulden!G15,AF10+AG10)),0)+IF(AND(Schulden!J16<Schulden!J16,AJ10>0),MAX(0,AJ10+AK10-MIN(Schulden!G16,AJ10+AK10)),0)+IF(AND(Schulden!J17<Schulden!J16,AN10>0),MAX(0,AN10+AO10-MIN(Schulden!G17,AN10+AO10)),0)+IF(AND(Schulden!J18<Schulden!J16,AR10>0),MAX(0,AR10+AS10-MIN(Schulden!G18,AR10+AS10)),0)+IF(AND(Schulden!J19<Schulden!J16,AV10>0),MAX(0,AV10+AW10-MIN(Schulden!G19,AV10+AW10)),0)+IF(AND(Schulden!J20<Schulden!J16,AZ10>0),MAX(0,AZ10+BA10-MIN(Schulden!G20,AZ10+BA10)),0)+IF(AND(Schulden!J21<Schulden!J16,BD10>0),MAX(0,BD10+BE10-MIN(Schulden!G21,BD10+BE10)),0)+IF(AND(Schulden!J22<Schulden!J16,BH10>0),MAX(0,BH10+BI10-MIN(Schulden!G22,BH10+BI10)),0))),MAX(0,AJ10+AK10-MIN(Schulden!G16,AJ10+AK10)))+SUMIFS(Sonderzahlungen!$D$8:$D$67,Sonderzahlungen!$G$8:$G$67,$B10,Sonderzahlungen!$E$8:$E$67,"Gezielte Schuld",Sonderzahlungen!$F$8:$F$67,Schulden!B16))) | AM10: =MAX(0,AJ10+AK10-AL10) | AN10: =AQ9 | AO10: =IF(AN10<=0,0,AN10*Schulden!F17/12) | AP10: =IF(AN10<=0,0,MIN(AN10+AO10,MIN(Schulden!G17,AN10+AO10)+MIN(MAX(0,Strategie!$C$9+SUMIFS(Sonderzahlungen!$D$8:$D$67,Sonderzahlungen!$G$8:$G$67,$B10,Sonderzahlungen!$E$8:$E$67,"Nach Strategie")-(IF(AND(Schulden!J8<Schulden!J17,D10>0),MAX(0,D10+E10-MIN(Schulden!G8,D10+E10)),0)+IF(AND(Schulden!J9<Schulden!J17,H10>0),MAX(0,H10+I10-MIN(Schulden!G9,H10+I10)),0)+IF(AND(Schulden!J10<Schulden!J17,L10>0),MAX(0,L10+M10-MIN(Schulden!G10,L10+M10)),0)+IF(AND(Schulden!J11<Schulden!J17,P10>0),MAX(0,P10+Q10-MIN(Schulden!G11,P10+Q10)),0)+IF(AND(Schulden!J12<Schulden!J17,T10>0),MAX(0,T10+U10-MIN(Schulden!G12,T10+U10)),0)+IF(AND(Schulden!J13<Schulden!J17,X10>0),MAX(0,X10+Y10-MIN(Schulden!G13,X10+Y10)),0)+IF(AND(Schulden!J14<Schulden!J17,AB10>0),MAX(0,AB10+AC10-MIN(Schulden!G14,AB10+AC10)),0)+IF(AND(Schulden!J15<Schulden!J17,AF10>0),MAX(0,AF10+AG10-MIN(Schulden!G15,AF10+AG10)),0)+IF(AND(Schulden!J16<Schulden!J17,AJ10>0),MAX(0,AJ10+AK10-MIN(Schulden!G16,AJ10+AK10)),0)+IF(AND(Schulden!J17<Schulden!J17,AN10>0),MAX(0,AN10+AO10-MIN(Schulden!G17,AN10+AO10)),0)+IF(AND(Schulden!J18<Schulden!J17,AR10>0),MAX(0,AR10+AS10-MIN(Schulden!G18,AR10+AS10)),0)+IF(AND(Schulden!J19<Schulden!J17,AV10>0),MAX(0,AV10+AW10-MIN(Schulden!G19,AV10+AW10)),0)+IF(AND(Schulden!J20<Schulden!J17,AZ10>0),MAX(0,AZ10+BA10-MIN(Schulden!G20,AZ10+BA10)),0)+IF(AND(Schulden!J21<Schulden!J17,BD10>0),MAX(0,BD10+BE10-MIN(Schulden!G21,BD10+BE10)),0)+IF(AND(Schulden!J22<Schulden!J17,BH10>0),MAX(0,BH10+BI10-MIN(Schulden!G22,BH10+BI10)),0))),MAX(0,AN10+AO10-MIN(Schulden!G17,AN10+AO10)))+SUMIFS(Sonderzahlungen!$D$8:$D$67,Sonderzahlungen!$G$8:$G$67,$B10,Sonderzahlungen!$E$8:$E$67,"Gezielte Schuld",Sonderzahlungen!$F$8:$F$67,Schulden!B17))) | AQ10: =MAX(0,AN10+AO10-AP10) | AR10: =AU9 | AS10: =IF(AR10<=0,0,AR10*Schulden!F18/12) | AT10: =IF(AR10<=0,0,MIN(AR10+AS10,MIN(Schulden!G18,AR10+AS10)+MIN(MAX(0,Strategie!$C$9+SUMIFS(Sonderzahlungen!$D$8:$D$67,Sonderzahlungen!$G$8:$G$67,$B10,Sonderzahlungen!$E$8:$E$67,"Nach Strategie")-(IF(AND(Schulden!J8<Schulden!J18,D10>0),MAX(0,D10+E10-MIN(Schulden!G8,D10+E10)),0)+IF(AND(Schulden!J9<Schulden!J18,H10>0),MAX(0,H10+I10-MIN(Schulden!G9,H10+I10)),0)+IF(AND(Schulden!J10<Schulden!J18,L10>0),MAX(0,L10+M10-MIN(Schulden!G10,L10+M10)),0)+IF(AND(Schulden!J11<Schulden!J18,P10>0),MAX(0,P10+Q10-MIN(Schulden!G11,P10+Q10)),0)+IF(AND(Schulden!J12<Schulden!J18,T10>0),MAX(0,T10+U10-MIN(Schulden!G12,T10+U10)),0)+IF(AND(Schulden!J13<Schulden!J18,X10>0),MAX(0,X10+Y10-MIN(Schulden!G13,X10+Y10)),0)+IF(AND(Schulden!J14<Schulden!J18,AB10>0),MAX(0,AB10+AC10-MIN(Schulden!G14,AB10+AC10)),0)+IF(AND(Schulden!J15<Schulden!J18,AF10>0),MAX(0,AF10+AG10-MIN(Schulden!G15,AF10+AG10)),0)+IF(AND(Schulden!J16<Schulden!J18,AJ10>0),MAX(0,AJ10+AK10-MIN(Schulden!G16,AJ10+AK10)),0)+IF(AND(Schulden!J17<Schulden!J18,AN10>0),MAX(0,AN10+AO10-MIN(Schulden!G17,AN10+AO10)),0)+IF(AND(Schulden!J18<Schulden!J18,AR10>0),MAX(0,AR10+AS10-MIN(Schulden!G18,AR10+AS10)),0)+IF(AND(Schulden!J19<Schulden!J18,AV10>0),MAX(0,AV10+AW10-MIN(Schulden!G19,AV10+AW10)),0)+IF(AND(Schulden!J20<Schulden!J18,AZ10>0),MAX(0,AZ10+BA10-MIN(Schulden!G20,AZ10+BA10)),0)+IF(AND(Schulden!J21<Schulden!J18,BD10>0),MAX(0,BD10+BE10-MIN(Schulden!G21,BD10+BE10)),0)+IF(AND(Schulden!J22<Schulden!J18,BH10>0),MAX(0,BH10+BI10-MIN(Schulden!G22,BH10+BI10)),0))),MAX(0,AR10+AS10-MIN(Schulden!G18,AR10+AS10)))+SUMIFS(Sonderzahlungen!$D$8:$D$67,Sonderzahlungen!$G$8:$G$67,$B10,Sonderzahlungen!$E$8:$E$67,"Gezielte Schuld",Sonderzahlungen!$F$8:$F$67,Schulden!B18))) | AU10: =MAX(0,AR10+AS10-AT10) | AV10: =AY9 | AW10: =IF(AV10<=0,0,AV10*Schulden!F19/12) | AX10: =IF(AV10<=0,0,MIN(AV10+AW10,MIN(Schulden!G19,AV10+AW10)+MIN(MAX(0,Strategie!$C$9+SUMIFS(Sonderzahlungen!$D$8:$D$67,Sonderzahlungen!$G$8:$G$67,$B10,Sonderzahlungen!$E$8:$E$67,"Nach Strategie")-(IF(AND(Schulden!J8<Schulden!J19,D10>0),MAX(0,D10+E10-MIN(Schulden!G8,D10+E10)),0)+IF(AND(Schulden!J9<Schulden!J19,H10>0),MAX(0,H10+I10-MIN(Schulden!G9,H10+I10)),0)+IF(AND(Schulden!J10<Schulden!J19,L10>0),MAX(0,L10+M10-MIN(Schulden!G10,L10+M10)),0)+IF(AND(Schulden!J11<Schulden!J19,P10>0),MAX(0,P10+Q10-MIN(Schulden!G11,P10+Q10)),0)+IF(AND(Schulden!J12<Schulden!J19,T10>0),MAX(0,T10+U10-MIN(Schulden!G12,T10+U10)),0)+IF(AND(Schulden!J13<Schulden!J19,X10>0),MAX(0,X10+Y10-MIN(Schulden!G13,X10+Y10)),0)+IF(AND(Schulden!J14<Schulden!J19,AB10>0),MAX(0,AB10+AC10-MIN(Schulden!G14,AB10+AC10)),0)+IF(AND(Schulden!J15<Schulden!J19,AF10>0),MAX(0,AF10+AG10-MIN(Schulden!G15,AF10+AG10)),0)+IF(AND(Schulden!J16<Schulden!J19,AJ10>0),MAX(0,AJ10+AK10-MIN(Schulden!G16,AJ10+AK10)),0)+IF(AND(Schulden!J17<Schulden!J19,AN10>0),MAX(0,AN10+AO10-MIN(Schulden!G17,AN10+AO10)),0)+IF(AND(Schulden!J18<Schulden!J19,AR10>0),MAX(0,AR10+AS10-MIN(Schulden!G18,AR10+AS10)),0)+IF(AND(Schulden!J19<Schulden!J19,AV10>0),MAX(0,AV10+AW10-MIN(Schulden!G19,AV10+AW10)),0)+IF(AND(Schulden!J20<Schulden!J19,AZ10>0),MAX(0,AZ10+BA10-MIN(Schulden!G20,AZ10+BA10)),0)+IF(AND(Schulden!J21<Schulden!J19,BD10>0),MAX(0,BD10+BE10-MIN(Schulden!G21,BD10+BE10)),0)+IF(AND(Schulden!J22<Schulden!J19,BH10>0),MAX(0,BH10+BI10-MIN(Schulden!G22,BH10+BI10)),0))),MAX(0,AV10+AW10-MIN(Schulden!G19,AV10+AW10)))+SUMIFS(Sonderzahlungen!$D$8:$D$67,Sonderzahlungen!$G$8:$G$67,$B10,Sonderzahlungen!$E$8:$E$67,"Gezielte Schuld",Sonderzahlungen!$F$8:$F$67,Schulden!B19))) | AY10: =MAX(0,AV10+AW10-AX10) | AZ10: =BC9 | BA10: =IF(AZ10<=0,0,AZ10*Schulden!F20/12) | BB10: =IF(AZ10<=0,0,MIN(AZ10+BA10,MIN(Schulden!G20,AZ10+BA10)+MIN(MAX(0,Strategie!$C$9+SUMIFS(Sonderzahlungen!$D$8:$D$67,Sonderzahlungen!$G$8:$G$67,$B10,Sonderzahlungen!$E$8:$E$67,"Nach Strategie")-(IF(AND(Schulden!J8<Schulden!J20,D10>0),MAX(0,D10+E10-MIN(Schulden!G8,D10+E10)),0)+IF(AND(Schulden!J9<Schulden!J20,H10>0),MAX(0,H10+I10-MIN(Schulden!G9,H10+I10)),0)+IF(AND(Schulden!J10<Schulden!J20,L10>0),MAX(0,L10+M10-MIN(Schulden!G10,L10+M10)),0)+IF(AND(Schulden!J11<Schulden!J20,P10>0),MAX(0,P10+Q10-MIN(Schulden!G11,P10+Q10)),0)+IF(AND(Schulden!J12<Schulden!J20,T10>0),MAX(0,T10+U10-MIN(Schulden!G12,T10+U10)),0)+IF(AND(Schulden!J13<Schulden!J20,X10>0),MAX(0,X10+Y10-MIN(Schulden!G13,X10+Y10)),0)+IF(AND(Schulden!J14<Schulden!J20,AB10>0),MAX(0,AB10+AC10-MIN(Schulden!G14,AB10+AC10)),0)+IF(AND(Schulden!J15<Schulden!J20,AF10>0),MAX(0,AF10+AG10-MIN(Schulden!G15,AF10+AG10)),0)+IF(AND(Schulden!J16<Schulden!J20,AJ10>0),MAX(0,AJ10+AK10-MIN(Schulden!G16,AJ10+AK10)),0)+IF(AND(Schulden!J17<Schulden!J20,AN10>0),MAX(0,AN10+AO10-MIN(Schulden!G17,AN10+AO10)),0)+IF(AND(Schulden!J18<Schulden!J20,AR10>0),MAX(0,AR10+AS10-MIN(Schulden!G18,AR10+AS10)),0)+IF(AND(Schulden!J19<Schulden!J20,AV10>0),MAX(0,AV10+AW10-MIN(Schulden!G19,AV10+AW10)),0)+IF(AND(Schulden!J20<Schulden!J20,AZ10>0),MAX(0,AZ10+BA10-MIN(Schulden!G20,AZ10+BA10)),0)+IF(AND(Schulden!J21<Schulden!J20,BD10>0),MAX(0,BD10+BE10-MIN(Schulden!G21,BD10+BE10)),0)+IF(AND(Schulden!J22<Schulden!J20,BH10>0),MAX(0,BH10+BI10-MIN(Schulden!G22,BH10+BI10)),0))),MAX(0,AZ10+BA10-MIN(Schulden!G20,AZ10+BA10)))+SUMIFS(Sonderzahlungen!$D$8:$D$67,Sonderzahlungen!$G$8:$G$67,$B10,Sonderzahlungen!$E$8:$E$67,"Gezielte Schuld",Sonderzahlungen!$F$8:$F$67,Schulden!B20))) | BC10: =MAX(0,AZ10+BA10-BB10) | BD10: =BG9 | BE10: =IF(BD10<=0,0,BD10*Schulden!F21/12) | BF10: =IF(BD10<=0,0,MIN(BD10+BE10,MIN(Schulden!G21,BD10+BE10)+MIN(MAX(0,Strategie!$C$9+SUMIFS(Sonderzahlungen!$D$8:$D$67,Sonderzahlungen!$G$8:$G$67,$B10,Sonderzahlungen!$E$8:$E$67,"Nach Strategie")-(IF(AND(Schulden!J8<Schulden!J21,D10>0),MAX(0,D10+E10-MIN(Schulden!G8,D10+E10)),0)+IF(AND(Schulden!J9<Schulden!J21,H10>0),MAX(0,H10+I10-MIN(Schulden!G9,H10+I10)),0)+IF(AND(Schulden!J10<Schulden!J21,L10>0),MAX(0,L10+M10-MIN(Schulden!G10,L10+M10)),0)+IF(AND(Schulden!J11<Schulden!J21,P10>0),MAX(0,P10+Q10-MIN(Schulden!G11,P10+Q10)),0)+IF(AND(Schulden!J12<Schulden!J21,T10>0),MAX(0,T10+U10-MIN(Schulden!G12,T10+U10)),0)+IF(AND(Schulden!J13<Schulden!J21,X10>0),MAX(0,X10+Y10-MIN(Schulden!G13,X10+Y10)),0)+IF(AND(Schulden!J14<Schulden!J21,AB10>0),MAX(0,AB10+AC10-MIN(Schulden!G14,AB10+AC10)),0)+IF(AND(Schulden!J15<Schulden!J21,AF10>0),MAX(0,AF10+AG10-MIN(Schulden!G15,AF10+AG10)),0)+IF(AND(Schulden!J16<Schulden!J21,AJ10>0),MAX(0,AJ10+AK10-MIN(Schulden!G16,AJ10+AK10)),0)+IF(AND(Schulden!J17<Schulden!J21,AN10>0),MAX(0,AN10+AO10-MIN(Schulden!G17,AN10+AO10)),0)+IF(AND(Schulden!J18<Schulden!J21,AR10>0),MAX(0,AR10+AS10-MIN(Schulden!G18,AR10+AS10)),0)+IF(AND(Schulden!J19<Schulden!J21,AV10>0),MAX(0,AV10+AW10-MIN(Schulden!G19,AV10+AW10)),0)+IF(AND(Schulden!J20<Schulden!J21,AZ10>0),MAX(0,AZ10+BA10-MIN(Schulden!G20,AZ10+BA10)),0)+IF(AND(Schulden!J21<Schulden!J21,BD10>0),MAX(0,BD10+BE10-MIN(Schulden!G21,BD10+BE10)),0)+IF(AND(Schulden!J22<Schulden!J21,BH10>0),MAX(0,BH10+BI10-MIN(Schulden!G22,BH10+BI10)),0))),MAX(0,BD10+BE10-MIN(Schulden!G21,BD10+BE10)))+SUMIFS(Sonderzahlungen!$D$8:$D$67,Sonderzahlungen!$G$8:$G$67,$B10,Sonderzahlungen!$E$8:$E$67,"Gezielte Schuld",Sonderzahlungen!$F$8:$F$67,Schulden!B21))) | BG10: =MAX(0,BD10+BE10-BF10) | BH10: =BK9 | BI10: =IF(BH10<=0,0,BH10*Schulden!F22/12) | BJ10: =IF(BH10<=0,0,MIN(BH10+BI10,MIN(Schulden!G22,BH10+BI10)+MIN(MAX(0,Strategie!$C$9+SUMIFS(Sonderzahlungen!$D$8:$D$67,Sonderzahlungen!$G$8:$G$67,$B10,Sonderzahlungen!$E$8:$E$67,"Nach Strategie")-(IF(AND(Schulden!J8<Schulden!J22,D10>0),MAX(0,D10+E10-MIN(Schulden!G8,D10+E10)),0)+IF(AND(Schulden!J9<Schulden!J22,H10>0),MAX(0,H10+I10-MIN(Schulden!G9,H10+I10)),0)+IF(AND(Schulden!J10<Schulden!J22,L10>0),MAX(0,L10+M10-MIN(Schulden!G10,L10+M10)),0)+IF(AND(Schulden!J11<Schulden!J22,P10>0),MAX(0,P10+Q10-MIN(Schulden!G11,P10+Q10)),0)+IF(AND(Schulden!J12<Schulden!J22,T10>0),MAX(0,T10+U10-MIN(Schulden!G12,T10+U10)),0)+IF(AND(Schulden!J13<Schulden!J22,X10>0),MAX(0,X10+Y10-MIN(Schulden!G13,X10+Y10)),0)+IF(AND(Schulden!J14<Schulden!J22,AB10>0),MAX(0,AB10+AC10-MIN(Schulden!G14,AB10+AC10)),0)+IF(AND(Schulden!J15<Schulden!J22,AF10>0),MAX(0,AF10+AG10-MIN(Schulden!G15,AF10+AG10)),0)+IF(AND(Schulden!J16<Schulden!J22,AJ10>0),MAX(0,AJ10+AK10-MIN(Schulden!G16,AJ10+AK10)),0)+IF(AND(Schulden!J17<Schulden!J22,AN10>0),MAX(0,AN10+AO10-MIN(Schulden!G17,AN10+AO10)),0)+IF(AND(Schulden!J18<Schulden!J22,AR10>0),MAX(0,AR10+AS10-MIN(Schulden!G18,AR10+AS10)),0)+IF(AND(Schulden!J19<Schulden!J22,AV10>0),MAX(0,AV10+AW10-MIN(Schulden!G19,AV10+AW10)),0)+IF(AND(Schulden!J20<Schulden!J22,AZ10>0),MAX(0,AZ10+BA10-MIN(Schulden!G20,AZ10+BA10)),0)+IF(AND(Schulden!J21<Schulden!J22,BD10>0),MAX(0,BD10+BE10-MIN(Schulden!G21,BD10+BE10)),0)+IF(AND(Schulden!J22<Schulden!J22,BH10>0),MAX(0,BH10+BI10-MIN(Schulden!G22,BH10+BI10)),0))),MAX(0,BH10+BI10-MIN(Schulden!G22,BH10+BI10)))+SUMIFS(Sonderzahlungen!$D$8:$D$67,Sonderzahlungen!$G$8:$G$67,$B10,Sonderzahlungen!$E$8:$E$67,"Gezielte Schuld",Sonderzahlungen!$F$8:$F$67,Schulden!B22))) | BK10: =MAX(0,BH10+BI10-BJ10)
B11: =EDATE(B10,1) | C11: =SUMIFS(Sonderzahlungen!$D$8:$D$67,Sonderzahlungen!$G$8:$G$67,B11) | D11: =G10 | E11: =IF(D11<=0,0,D11*Schulden!F8/12) | F11: =IF(D11<=0,0,MIN(D11+E11,MIN(Schulden!G8,D11+E11)+MIN(MAX(0,Strategie!$C$9+SUMIFS(Sonderzahlungen!$D$8:$D$67,Sonderzahlungen!$G$8:$G$67,$B11,Sonderzahlungen!$E$8:$E$67,"Nach Strategie")-(IF(AND(Schulden!J8<Schulden!J8,D11>0),MAX(0,D11+E11-MIN(Schulden!G8,D11+E11)),0)+IF(AND(Schulden!J9<Schulden!J8,H11>0),MAX(0,H11+I11-MIN(Schulden!G9,H11+I11)),0)+IF(AND(Schulden!J10<Schulden!J8,L11>0),MAX(0,L11+M11-MIN(Schulden!G10,L11+M11)),0)+IF(AND(Schulden!J11<Schulden!J8,P11>0),MAX(0,P11+Q11-MIN(Schulden!G11,P11+Q11)),0)+IF(AND(Schulden!J12<Schulden!J8,T11>0),MAX(0,T11+U11-MIN(Schulden!G12,T11+U11)),0)+IF(AND(Schulden!J13<Schulden!J8,X11>0),MAX(0,X11+Y11-MIN(Schulden!G13,X11+Y11)),0)+IF(AND(Schulden!J14<Schulden!J8,AB11>0),MAX(0,AB11+AC11-MIN(Schulden!G14,AB11+AC11)),0)+IF(AND(Schulden!J15<Schulden!J8,AF11>0),MAX(0,AF11+AG11-MIN(Schulden!G15,AF11+AG11)),0)+IF(AND(Schulden!J16<Schulden!J8,AJ11>0),MAX(0,AJ11+AK11-MIN(Schulden!G16,AJ11+AK11)),0)+IF(AND(Schulden!J17<Schulden!J8,AN11>0),MAX(0,AN11+AO11-MIN(Schulden!G17,AN11+AO11)),0)+IF(AND(Schulden!J18<Schulden!J8,AR11>0),MAX(0,AR11+AS11-MIN(Schulden!G18,AR11+AS11)),0)+IF(AND(Schulden!J19<Schulden!J8,AV11>0),MAX(0,AV11+AW11-MIN(Schulden!G19,AV11+AW11)),0)+IF(AND(Schulden!J20<Schulden!J8,AZ11>0),MAX(0,AZ11+BA11-MIN(Schulden!G20,AZ11+BA11)),0)+IF(AND(Schulden!J21<Schulden!J8,BD11>0),MAX(0,BD11+BE11-MIN(Schulden!G21,BD11+BE11)),0)+IF(AND(Schulden!J22<Schulden!J8,BH11>0),MAX(0,BH11+BI11-MIN(Schulden!G22,BH11+BI11)),0))),MAX(0,D11+E11-MIN(Schulden!G8,D11+E11)))+SUMIFS(Sonderzahlungen!$D$8:$D$67,Sonderzahlungen!$G$8:$G$67,$B11,Sonderzahlungen!$E$8:$E$67,"Gezielte Schuld",Sonderzahlungen!$F$8:$F$67,Schulden!B8))) | G11: =MAX(0,D11+E11-F11) | H11: =K10 | I11: =IF(H11<=0,0,H11*Schulden!F9/12) | J11: =IF(H11<=0,0,MIN(H11+I11,MIN(Schulden!G9,H11+I11)+MIN(MAX(0,Strategie!$C$9+SUMIFS(Sonderzahlungen!$D$8:$D$67,Sonderzahlungen!$G$8:$G$67,$B11,Sonderzahlungen!$E$8:$E$67,"Nach Strategie")-(IF(AND(Schulden!J8<Schulden!J9,D11>0),MAX(0,D11+E11-MIN(Schulden!G8,D11+E11)),0)+IF(AND(Schulden!J9<Schulden!J9,H11>0),MAX(0,H11+I11-MIN(Schulden!G9,H11+I11)),0)+IF(AND(Schulden!J10<Schulden!J9,L11>0),MAX(0,L11+M11-MIN(Schulden!G10,L11+M11)),0)+IF(AND(Schulden!J11<Schulden!J9,P11>0),MAX(0,P11+Q11-MIN(Schulden!G11,P11+Q11)),0)+IF(AND(Schulden!J12<Schulden!J9,T11>0),MAX(0,T11+U11-MIN(Schulden!G12,T11+U11)),0)+IF(AND(Schulden!J13<Schulden!J9,X11>0),MAX(0,X11+Y11-MIN(Schulden!G13,X11+Y11)),0)+IF(AND(Schulden!J14<Schulden!J9,AB11>0),MAX(0,AB11+AC11-MIN(Schulden!G14,AB11+AC11)),0)+IF(AND(Schulden!J15<Schulden!J9,AF11>0),MAX(0,AF11+AG11-MIN(Schulden!G15,AF11+AG11)),0)+IF(AND(Schulden!J16<Schulden!J9,AJ11>0),MAX(0,AJ11+AK11-MIN(Schulden!G16,AJ11+AK11)),0)+IF(AND(Schulden!J17<Schulden!J9,AN11>0),MAX(0,AN11+AO11-MIN(Schulden!G17,AN11+AO11)),0)+IF(AND(Schulden!J18<Schulden!J9,AR11>0),MAX(0,AR11+AS11-MIN(Schulden!G18,AR11+AS11)),0)+IF(AND(Schulden!J19<Schulden!J9,AV11>0),MAX(0,AV11+AW11-MIN(Schulden!G19,AV11+AW11)),0)+IF(AND(Schulden!J20<Schulden!J9,AZ11>0),MAX(0,AZ11+BA11-MIN(Schulden!G20,AZ11+BA11)),0)+IF(AND(Schulden!J21<Schulden!J9,BD11>0),MAX(0,BD11+BE11-MIN(Schulden!G21,BD11+BE11)),0)+IF(AND(Schulden!J22<Schulden!J9,BH11>0),MAX(0,BH11+BI11-MIN(Schulden!G22,BH11+BI11)),0))),MAX(0,H11+I11-MIN(Schulden!G9,H11+I11)))+SUMIFS(Sonderzahlungen!$D$8:$D$67,Sonderzahlungen!$G$8:$G$67,$B11,Sonderzahlungen!$E$8:$E$67,"Gezielte Schuld",Sonderzahlungen!$F$8:$F$67,Schulden!B9))) | K11: =MAX(0,H11+I11-J11) | L11: =O10 | M11: =IF(L11<=0,0,L11*Schulden!F10/12) | N11: =IF(L11<=0,0,MIN(L11+M11,MIN(Schulden!G10,L11+M11)+MIN(MAX(0,Strategie!$C$9+SUMIFS(Sonderzahlungen!$D$8:$D$67,Sonderzahlungen!$G$8:$G$67,$B11,Sonderzahlungen!$E$8:$E$67,"Nach Strategie")-(IF(AND(Schulden!J8<Schulden!J10,D11>0),MAX(0,D11+E11-MIN(Schulden!G8,D11+E11)),0)+IF(AND(Schulden!J9<Schulden!J10,H11>0),MAX(0,H11+I11-MIN(Schulden!G9,H11+I11)),0)+IF(AND(Schulden!J10<Schulden!J10,L11>0),MAX(0,L11+M11-MIN(Schulden!G10,L11+M11)),0)+IF(AND(Schulden!J11<Schulden!J10,P11>0),MAX(0,P11+Q11-MIN(Schulden!G11,P11+Q11)),0)+IF(AND(Schulden!J12<Schulden!J10,T11>0),MAX(0,T11+U11-MIN(Schulden!G12,T11+U11)),0)+IF(AND(Schulden!J13<Schulden!J10,X11>0),MAX(0,X11+Y11-MIN(Schulden!G13,X11+Y11)),0)+IF(AND(Schulden!J14<Schulden!J10,AB11>0),MAX(0,AB11+AC11-MIN(Schulden!G14,AB11+AC11)),0)+IF(AND(Schulden!J15<Schulden!J10,AF11>0),MAX(0,AF11+AG11-MIN(Schulden!G15,AF11+AG11)),0)+IF(AND(Schulden!J16<Schulden!J10,AJ11>0),MAX(0,AJ11+AK11-MIN(Schulden!G16,AJ11+AK11)),0)+IF(AND(Schulden!J17<Schulden!J10,AN11>0),MAX(0,AN11+AO11-MIN(Schulden!G17,AN11+AO11)),0)+IF(AND(Schulden!J18<Schulden!J10,AR11>0),MAX(0,AR11+AS11-MIN(Schulden!G18,AR11+AS11)),0)+IF(AND(Schulden!J19<Schulden!J10,AV11>0),MAX(0,AV11+AW11-MIN(Schulden!G19,AV11+AW11)),0)+IF(AND(Schulden!J20<Schulden!J10,AZ11>0),MAX(0,AZ11+BA11-MIN(Schulden!G20,AZ11+BA11)),0)+IF(AND(Schulden!J21<Schulden!J10,BD11>0),MAX(0,BD11+BE11-MIN(Schulden!G21,BD11+BE11)),0)+IF(AND(Schulden!J22<Schulden!J10,BH11>0),MAX(0,BH11+BI11-MIN(Schulden!G22,BH11+BI11)),0))),MAX(0,L11+M11-MIN(Schulden!G10,L11+M11)))+SUMIFS(Sonderzahlungen!$D$8:$D$67,Sonderzahlungen!$G$8:$G$67,$B11,Sonderzahlungen!$E$8:$E$67,"Gezielte Schuld",Sonderzahlungen!$F$8:$F$67,Schulden!B10))) | O11: =MAX(0,L11+M11-N11) | P11: =S10 | Q11: =IF(P11<=0,0,P11*Schulden!F11/12) | R11: =IF(P11<=0,0,MIN(P11+Q11,MIN(Schulden!G11,P11+Q11)+MIN(MAX(0,Strategie!$C$9+SUMIFS(Sonderzahlungen!$D$8:$D$67,Sonderzahlungen!$G$8:$G$67,$B11,Sonderzahlungen!$E$8:$E$67,"Nach Strategie")-(IF(AND(Schulden!J8<Schulden!J11,D11>0),MAX(0,D11+E11-MIN(Schulden!G8,D11+E11)),0)+IF(AND(Schulden!J9<Schulden!J11,H11>0),MAX(0,H11+I11-MIN(Schulden!G9,H11+I11)),0)+IF(AND(Schulden!J10<Schulden!J11,L11>0),MAX(0,L11+M11-MIN(Schulden!G10,L11+M11)),0)+IF(AND(Schulden!J11<Schulden!J11,P11>0),MAX(0,P11+Q11-MIN(Schulden!G11,P11+Q11)),0)+IF(AND(Schulden!J12<Schulden!J11,T11>0),MAX(0,T11+U11-MIN(Schulden!G12,T11+U11)),0)+IF(AND(Schulden!J13<Schulden!J11,X11>0),MAX(0,X11+Y11-MIN(Schulden!G13,X11+Y11)),0)+IF(AND(Schulden!J14<Schulden!J11,AB11>0),MAX(0,AB11+AC11-MIN(Schulden!G14,AB11+AC11)),0)+IF(AND(Schulden!J15<Schulden!J11,AF11>0),MAX(0,AF11+AG11-MIN(Schulden!G15,AF11+AG11)),0)+IF(AND(Schulden!J16<Schulden!J11,AJ11>0),MAX(0,AJ11+AK11-MIN(Schulden!G16,AJ11+AK11)),0)+IF(AND(Schulden!J17<Schulden!J11,AN11>0),MAX(0,AN11+AO11-MIN(Schulden!G17,AN11+AO11)),0)+IF(AND(Schulden!J18<Schulden!J11,AR11>0),MAX(0,AR11+AS11-MIN(Schulden!G18,AR11+AS11)),0)+IF(AND(Schulden!J19<Schulden!J11,AV11>0),MAX(0,AV11+AW11-MIN(Schulden!G19,AV11+AW11)),0)+IF(AND(Schulden!J20<Schulden!J11,AZ11>0),MAX(0,AZ11+BA11-MIN(Schulden!G20,AZ11+BA11)),0)+IF(AND(Schulden!J21<Schulden!J11,BD11>0),MAX(0,BD11+BE11-MIN(Schulden!G21,BD11+BE11)),0)+IF(AND(Schulden!J22<Schulden!J11,BH11>0),MAX(0,BH11+BI11-MIN(Schulden!G22,BH11+BI11)),0))),MAX(0,P11+Q11-MIN(Schulden!G11,P11+Q11)))+SUMIFS(Sonderzahlungen!$D$8:$D$67,Sonderzahlungen!$G$8:$G$67,$B11,Sonderzahlungen!$E$8:$E$67,"Gezielte Schuld",Sonderzahlungen!$F$8:$F$67,Schulden!B11))) | S11: =MAX(0,P11+Q11-R11) | T11: =W10 | U11: =IF(T11<=0,0,T11*Schulden!F12/12) | V11: =IF(T11<=0,0,MIN(T11+U11,MIN(Schulden!G12,T11+U11)+MIN(MAX(0,Strategie!$C$9+SUMIFS(Sonderzahlungen!$D$8:$D$67,Sonderzahlungen!$G$8:$G$67,$B11,Sonderzahlungen!$E$8:$E$67,"Nach Strategie")-(IF(AND(Schulden!J8<Schulden!J12,D11>0),MAX(0,D11+E11-MIN(Schulden!G8,D11+E11)),0)+IF(AND(Schulden!J9<Schulden!J12,H11>0),MAX(0,H11+I11-MIN(Schulden!G9,H11+I11)),0)+IF(AND(Schulden!J10<Schulden!J12,L11>0),MAX(0,L11+M11-MIN(Schulden!G10,L11+M11)),0)+IF(AND(Schulden!J11<Schulden!J12,P11>0),MAX(0,P11+Q11-MIN(Schulden!G11,P11+Q11)),0)+IF(AND(Schulden!J12<Schulden!J12,T11>0),MAX(0,T11+U11-MIN(Schulden!G12,T11+U11)),0)+IF(AND(Schulden!J13<Schulden!J12,X11>0),MAX(0,X11+Y11-MIN(Schulden!G13,X11+Y11)),0)+IF(AND(Schulden!J14<Schulden!J12,AB11>0),MAX(0,AB11+AC11-MIN(Schulden!G14,AB11+AC11)),0)+IF(AND(Schulden!J15<Schulden!J12,AF11>0),MAX(0,AF11+AG11-MIN(Schulden!G15,AF11+AG11)),0)+IF(AND(Schulden!J16<Schulden!J12,AJ11>0),MAX(0,AJ11+AK11-MIN(Schulden!G16,AJ11+AK11)),0)+IF(AND(Schulden!J17<Schulden!J12,AN11>0),MAX(0,AN11+AO11-MIN(Schulden!G17,AN11+AO11)),0)+IF(AND(Schulden!J18<Schulden!J12,AR11>0),MAX(0,AR11+AS11-MIN(Schulden!G18,AR11+AS11)),0)+IF(AND(Schulden!J19<Schulden!J12,AV11>0),MAX(0,AV11+AW11-MIN(Schulden!G19,AV11+AW11)),0)+IF(AND(Schulden!J20<Schulden!J12,AZ11>0),MAX(0,AZ11+BA11-MIN(Schulden!G20,AZ11+BA11)),0)+IF(AND(Schulden!J21<Schulden!J12,BD11>0),MAX(0,BD11+BE11-MIN(Schulden!G21,BD11+BE11)),0)+IF(AND(Schulden!J22<Schulden!J12,BH11>0),MAX(0,BH11+BI11-MIN(Schulden!G22,BH11+BI11)),0))),MAX(0,T11+U11-MIN(Schulden!G12,T11+U11)))+SUMIFS(Sonderzahlungen!$D$8:$D$67,Sonderzahlungen!$G$8:$G$67,$B11,Sonderzahlungen!$E$8:$E$67,"Gezielte Schuld",Sonderzahlungen!$F$8:$F$67,Schulden!B12))) | W11: =MAX(0,T11+U11-V11) | X11: =AA10 | Y11: =IF(X11<=0,0,X11*Schulden!F13/12) | Z11: =IF(X11<=0,0,MIN(X11+Y11,MIN(Schulden!G13,X11+Y11)+MIN(MAX(0,Strategie!$C$9+SUMIFS(Sonderzahlungen!$D$8:$D$67,Sonderzahlungen!$G$8:$G$67,$B11,Sonderzahlungen!$E$8:$E$67,"Nach Strategie")-(IF(AND(Schulden!J8<Schulden!J13,D11>0),MAX(0,D11+E11-MIN(Schulden!G8,D11+E11)),0)+IF(AND(Schulden!J9<Schulden!J13,H11>0),MAX(0,H11+I11-MIN(Schulden!G9,H11+I11)),0)+IF(AND(Schulden!J10<Schulden!J13,L11>0),MAX(0,L11+M11-MIN(Schulden!G10,L11+M11)),0)+IF(AND(Schulden!J11<Schulden!J13,P11>0),MAX(0,P11+Q11-MIN(Schulden!G11,P11+Q11)),0)+IF(AND(Schulden!J12<Schulden!J13,T11>0),MAX(0,T11+U11-MIN(Schulden!G12,T11+U11)),0)+IF(AND(Schulden!J13<Schulden!J13,X11>0),MAX(0,X11+Y11-MIN(Schulden!G13,X11+Y11)),0)+IF(AND(Schulden!J14<Schulden!J13,AB11>0),MAX(0,AB11+AC11-MIN(Schulden!G14,AB11+AC11)),0)+IF(AND(Schulden!J15<Schulden!J13,AF11>0),MAX(0,AF11+AG11-MIN(Schulden!G15,AF11+AG11)),0)+IF(AND(Schulden!J16<Schulden!J13,AJ11>0),MAX(0,AJ11+AK11-MIN(Schulden!G16,AJ11+AK11)),0)+IF(AND(Schulden!J17<Schulden!J13,AN11>0),MAX(0,AN11+AO11-MIN(Schulden!G17,AN11+AO11)),0)+IF(AND(Schulden!J18<Schulden!J13,AR11>0),MAX(0,AR11+AS11-MIN(Schulden!G18,AR11+AS11)),0)+IF(AND(Schulden!J19<Schulden!J13,AV11>0),MAX(0,AV11+AW11-MIN(Schulden!G19,AV11+AW11)),0)+IF(AND(Schulden!J20<Schulden!J13,AZ11>0),MAX(0,AZ11+BA11-MIN(Schulden!G20,AZ11+BA11)),0)+IF(AND(Schulden!J21<Schulden!J13,BD11>0),MAX(0,BD11+BE11-MIN(Schulden!G21,BD11+BE11)),0)+IF(AND(Schulden!J22<Schulden!J13,BH11>0),MAX(0,BH11+BI11-MIN(Schulden!G22,BH11+BI11)),0))),MAX(0,X11+Y11-MIN(Schulden!G13,X11+Y11)))+SUMIFS(Sonderzahlungen!$D$8:$D$67,Sonderzahlungen!$G$8:$G$67,$B11,Sonderzahlungen!$E$8:$E$67,"Gezielte Schuld",Sonderzahlungen!$F$8:$F$67,Schulden!B13))) | AA11: =MAX(0,X11+Y11-Z11) | AB11: =AE10 | AC11: =IF(AB11<=0,0,AB11*Schulden!F14/12) | AD11: =IF(AB11<=0,0,MIN(AB11+AC11,MIN(Schulden!G14,AB11+AC11)+MIN(MAX(0,Strategie!$C$9+SUMIFS(Sonderzahlungen!$D$8:$D$67,Sonderzahlungen!$G$8:$G$67,$B11,Sonderzahlungen!$E$8:$E$67,"Nach Strategie")-(IF(AND(Schulden!J8<Schulden!J14,D11>0),MAX(0,D11+E11-MIN(Schulden!G8,D11+E11)),0)+IF(AND(Schulden!J9<Schulden!J14,H11>0),MAX(0,H11+I11-MIN(Schulden!G9,H11+I11)),0)+IF(AND(Schulden!J10<Schulden!J14,L11>0),MAX(0,L11+M11-MIN(Schulden!G10,L11+M11)),0)+IF(AND(Schulden!J11<Schulden!J14,P11>0),MAX(0,P11+Q11-MIN(Schulden!G11,P11+Q11)),0)+IF(AND(Schulden!J12<Schulden!J14,T11>0),MAX(0,T11+U11-MIN(Schulden!G12,T11+U11)),0)+IF(AND(Schulden!J13<Schulden!J14,X11>0),MAX(0,X11+Y11-MIN(Schulden!G13,X11+Y11)),0)+IF(AND(Schulden!J14<Schulden!J14,AB11>0),MAX(0,AB11+AC11-MIN(Schulden!G14,AB11+AC11)),0)+IF(AND(Schulden!J15<Schulden!J14,AF11>0),MAX(0,AF11+AG11-MIN(Schulden!G15,AF11+AG11)),0)+IF(AND(Schulden!J16<Schulden!J14,AJ11>0),MAX(0,AJ11+AK11-MIN(Schulden!G16,AJ11+AK11)),0)+IF(AND(Schulden!J17<Schulden!J14,AN11>0),MAX(0,AN11+AO11-MIN(Schulden!G17,AN11+AO11)),0)+IF(AND(Schulden!J18<Schulden!J14,AR11>0),MAX(0,AR11+AS11-MIN(Schulden!G18,AR11+AS11)),0)+IF(AND(Schulden!J19<Schulden!J14,AV11>0),MAX(0,AV11+AW11-MIN(Schulden!G19,AV11+AW11)),0)+IF(AND(Schulden!J20<Schulden!J14,AZ11>0),MAX(0,AZ11+BA11-MIN(Schulden!G20,AZ11+BA11)),0)+IF(AND(Schulden!J21<Schulden!J14,BD11>0),MAX(0,BD11+BE11-MIN(Schulden!G21,BD11+BE11)),0)+IF(AND(Schulden!J22<Schulden!J14,BH11>0),MAX(0,BH11+BI11-MIN(Schulden!G22,BH11+BI11)),0))),MAX(0,AB11+AC11-MIN(Schulden!G14,AB11+AC11)))+SUMIFS(Sonderzahlungen!$D$8:$D$67,Sonderzahlungen!$G$8:$G$67,$B11,Sonderzahlungen!$E$8:$E$67,"Gezielte Schuld",Sonderzahlungen!$F$8:$F$67,Schulden!B14))) | AE11: =MAX(0,AB11+AC11-AD11) | AF11: =AI10 | AG11: =IF(AF11<=0,0,AF11*Schulden!F15/12) | AH11: =IF(AF11<=0,0,MIN(AF11+AG11,MIN(Schulden!G15,AF11+AG11)+MIN(MAX(0,Strategie!$C$9+SUMIFS(Sonderzahlungen!$D$8:$D$67,Sonderzahlungen!$G$8:$G$67,$B11,Sonderzahlungen!$E$8:$E$67,"Nach Strategie")-(IF(AND(Schulden!J8<Schulden!J15,D11>0),MAX(0,D11+E11-MIN(Schulden!G8,D11+E11)),0)+IF(AND(Schulden!J9<Schulden!J15,H11>0),MAX(0,H11+I11-MIN(Schulden!G9,H11+I11)),0)+IF(AND(Schulden!J10<Schulden!J15,L11>0),MAX(0,L11+M11-MIN(Schulden!G10,L11+M11)),0)+IF(AND(Schulden!J11<Schulden!J15,P11>0),MAX(0,P11+Q11-MIN(Schulden!G11,P11+Q11)),0)+IF(AND(Schulden!J12<Schulden!J15,T11>0),MAX(0,T11+U11-MIN(Schulden!G12,T11+U11)),0)+IF(AND(Schulden!J13<Schulden!J15,X11>0),MAX(0,X11+Y11-MIN(Schulden!G13,X11+Y11)),0)+IF(AND(Schulden!J14<Schulden!J15,AB11>0),MAX(0,AB11+AC11-MIN(Schulden!G14,AB11+AC11)),0)+IF(AND(Schulden!J15<Schulden!J15,AF11>0),MAX(0,AF11+AG11-MIN(Schulden!G15,AF11+AG11)),0)+IF(AND(Schulden!J16<Schulden!J15,AJ11>0),MAX(0,AJ11+AK11-MIN(Schulden!G16,AJ11+AK11)),0)+IF(AND(Schulden!J17<Schulden!J15,AN11>0),MAX(0,AN11+AO11-MIN(Schulden!G17,AN11+AO11)),0)+IF(AND(Schulden!J18<Schulden!J15,AR11>0),MAX(0,AR11+AS11-MIN(Schulden!G18,AR11+AS11)),0)+IF(AND(Schulden!J19<Schulden!J15,AV11>0),MAX(0,AV11+AW11-MIN(Schulden!G19,AV11+AW11)),0)+IF(AND(Schulden!J20<Schulden!J15,AZ11>0),MAX(0,AZ11+BA11-MIN(Schulden!G20,AZ11+BA11)),0)+IF(AND(Schulden!J21<Schulden!J15,BD11>0),MAX(0,BD11+BE11-MIN(Schulden!G21,BD11+BE11)),0)+IF(AND(Schulden!J22<Schulden!J15,BH11>0),MAX(0,BH11+BI11-MIN(Schulden!G22,BH11+BI11)),0))),MAX(0,AF11+AG11-MIN(Schulden!G15,AF11+AG11)))+SUMIFS(Sonderzahlungen!$D$8:$D$67,Sonderzahlungen!$G$8:$G$67,$B11,Sonderzahlungen!$E$8:$E$67,"Gezielte Schuld",Sonderzahlungen!$F$8:$F$67,Schulden!B15))) | AI11: =MAX(0,AF11+AG11-AH11) | AJ11: =AM10 | AK11: =IF(AJ11<=0,0,AJ11*Schulden!F16/12) | AL11: =IF(AJ11<=0,0,MIN(AJ11+AK11,MIN(Schulden!G16,AJ11+AK11)+MIN(MAX(0,Strategie!$C$9+SUMIFS(Sonderzahlungen!$D$8:$D$67,Sonderzahlungen!$G$8:$G$67,$B11,Sonderzahlungen!$E$8:$E$67,"Nach Strategie")-(IF(AND(Schulden!J8<Schulden!J16,D11>0),MAX(0,D11+E11-MIN(Schulden!G8,D11+E11)),0)+IF(AND(Schulden!J9<Schulden!J16,H11>0),MAX(0,H11+I11-MIN(Schulden!G9,H11+I11)),0)+IF(AND(Schulden!J10<Schulden!J16,L11>0),MAX(0,L11+M11-MIN(Schulden!G10,L11+M11)),0)+IF(AND(Schulden!J11<Schulden!J16,P11>0),MAX(0,P11+Q11-MIN(Schulden!G11,P11+Q11)),0)+IF(AND(Schulden!J12<Schulden!J16,T11>0),MAX(0,T11+U11-MIN(Schulden!G12,T11+U11)),0)+IF(AND(Schulden!J13<Schulden!J16,X11>0),MAX(0,X11+Y11-MIN(Schulden!G13,X11+Y11)),0)+IF(AND(Schulden!J14<Schulden!J16,AB11>0),MAX(0,AB11+AC11-MIN(Schulden!G14,AB11+AC11)),0)+IF(AND(Schulden!J15<Schulden!J16,AF11>0),MAX(0,AF11+AG11-MIN(Schulden!G15,AF11+AG11)),0)+IF(AND(Schulden!J16<Schulden!J16,AJ11>0),MAX(0,AJ11+AK11-MIN(Schulden!G16,AJ11+AK11)),0)+IF(AND(Schulden!J17<Schulden!J16,AN11>0),MAX(0,AN11+AO11-MIN(Schulden!G17,AN11+AO11)),0)+IF(AND(Schulden!J18<Schulden!J16,AR11>0),MAX(0,AR11+AS11-MIN(Schulden!G18,AR11+AS11)),0)+IF(AND(Schulden!J19<Schulden!J16,AV11>0),MAX(0,AV11+AW11-MIN(Schulden!G19,AV11+AW11)),0)+IF(AND(Schulden!J20<Schulden!J16,AZ11>0),MAX(0,AZ11+BA11-MIN(Schulden!G20,AZ11+BA11)),0)+IF(AND(Schulden!J21<Schulden!J16,BD11>0),MAX(0,BD11+BE11-MIN(Schulden!G21,BD11+BE11)),0)+IF(AND(Schulden!J22<Schulden!J16,BH11>0),MAX(0,BH11+BI11-MIN(Schulden!G22,BH11+BI11)),0))),MAX(0,AJ11+AK11-MIN(Schulden!G16,AJ11+AK11)))+SUMIFS(Sonderzahlungen!$D$8:$D$67,Sonderzahlungen!$G$8:$G$67,$B11,Sonderzahlungen!$E$8:$E$67,"Gezielte Schuld",Sonderzahlungen!$F$8:$F$67,Schulden!B16))) | AM11: =MAX(0,AJ11+AK11-AL11) | AN11: =AQ10 | AO11: =IF(AN11<=0,0,AN11*Schulden!F17/12) | AP11: =IF(AN11<=0,0,MIN(AN11+AO11,MIN(Schulden!G17,AN11+AO11)+MIN(MAX(0,Strategie!$C$9+SUMIFS(Sonderzahlungen!$D$8:$D$67,Sonderzahlungen!$G$8:$G$67,$B11,Sonderzahlungen!$E$8:$E$67,"Nach Strategie")-(IF(AND(Schulden!J8<Schulden!J17,D11>0),MAX(0,D11+E11-MIN(Schulden!G8,D11+E11)),0)+IF(AND(Schulden!J9<Schulden!J17,H11>0),MAX(0,H11+I11-MIN(Schulden!G9,H11+I11)),0)+IF(AND(Schulden!J10<Schulden!J17,L11>0),MAX(0,L11+M11-MIN(Schulden!G10,L11+M11)),0)+IF(AND(Schulden!J11<Schulden!J17,P11>0),MAX(0,P11+Q11-MIN(Schulden!G11,P11+Q11)),0)+IF(AND(Schulden!J12<Schulden!J17,T11>0),MAX(0,T11+U11-MIN(Schulden!G12,T11+U11)),0)+IF(AND(Schulden!J13<Schulden!J17,X11>0),MAX(0,X11+Y11-MIN(Schulden!G13,X11+Y11)),0)+IF(AND(Schulden!J14<Schulden!J17,AB11>0),MAX(0,AB11+AC11-MIN(Schulden!G14,AB11+AC11)),0)+IF(AND(Schulden!J15<Schulden!J17,AF11>0),MAX(0,AF11+AG11-MIN(Schulden!G15,AF11+AG11)),0)+IF(AND(Schulden!J16<Schulden!J17,AJ11>0),MAX(0,AJ11+AK11-MIN(Schulden!G16,AJ11+AK11)),0)+IF(AND(Schulden!J17<Schulden!J17,AN11>0),MAX(0,AN11+AO11-MIN(Schulden!G17,AN11+AO11)),0)+IF(AND(Schulden!J18<Schulden!J17,AR11>0),MAX(0,AR11+AS11-MIN(Schulden!G18,AR11+AS11)),0)+IF(AND(Schulden!J19<Schulden!J17,AV11>0),MAX(0,AV11+AW11-MIN(Schulden!G19,AV11+AW11)),0)+IF(AND(Schulden!J20<Schulden!J17,AZ11>0),MAX(0,AZ11+BA11-MIN(Schulden!G20,AZ11+BA11)),0)+IF(AND(Schulden!J21<Schulden!J17,BD11>0),MAX(0,BD11+BE11-MIN(Schulden!G21,BD11+BE11)),0)+IF(AND(Schulden!J22<Schulden!J17,BH11>0),MAX(0,BH11+BI11-MIN(Schulden!G22,BH11+BI11)),0))),MAX(0,AN11+AO11-MIN(Schulden!G17,AN11+AO11)))+SUMIFS(Sonderzahlungen!$D$8:$D$67,Sonderzahlungen!$G$8:$G$67,$B11,Sonderzahlungen!$E$8:$E$67,"Gezielte Schuld",Sonderzahlungen!$F$8:$F$67,Schulden!B17))) | AQ11: =MAX(0,AN11+AO11-AP11) | AR11: =AU10 | AS11: =IF(AR11<=0,0,AR11*Schulden!F18/12) | AT11: =IF(AR11<=0,0,MIN(AR11+AS11,MIN(Schulden!G18,AR11+AS11)+MIN(MAX(0,Strategie!$C$9+SUMIFS(Sonderzahlungen!$D$8:$D$67,Sonderzahlungen!$G$8:$G$67,$B11,Sonderzahlungen!$E$8:$E$67,"Nach Strategie")-(IF(AND(Schulden!J8<Schulden!J18,D11>0),MAX(0,D11+E11-MIN(Schulden!G8,D11+E11)),0)+IF(AND(Schulden!J9<Schulden!J18,H11>0),MAX(0,H11+I11-MIN(Schulden!G9,H11+I11)),0)+IF(AND(Schulden!J10<Schulden!J18,L11>0),MAX(0,L11+M11-MIN(Schulden!G10,L11+M11)),0)+IF(AND(Schulden!J11<Schulden!J18,P11>0),MAX(0,P11+Q11-MIN(Schulden!G11,P11+Q11)),0)+IF(AND(Schulden!J12<Schulden!J18,T11>0),MAX(0,T11+U11-MIN(Schulden!G12,T11+U11)),0)+IF(AND(Schulden!J13<Schulden!J18,X11>0),MAX(0,X11+Y11-MIN(Schulden!G13,X11+Y11)),0)+IF(AND(Schulden!J14<Schulden!J18,AB11>0),MAX(0,AB11+AC11-MIN(Schulden!G14,AB11+AC11)),0)+IF(AND(Schulden!J15<Schulden!J18,AF11>0),MAX(0,AF11+AG11-MIN(Schulden!G15,AF11+AG11)),0)+IF(AND(Schulden!J16<Schulden!J18,AJ11>0),MAX(0,AJ11+AK11-MIN(Schulden!G16,AJ11+AK11)),0)+IF(AND(Schulden!J17<Schulden!J18,AN11>0),MAX(0,AN11+AO11-MIN(Schulden!G17,AN11+AO11)),0)+IF(AND(Schulden!J18<Schulden!J18,AR11>0),MAX(0,AR11+AS11-MIN(Schulden!G18,AR11+AS11)),0)+IF(AND(Schulden!J19<Schulden!J18,AV11>0),MAX(0,AV11+AW11-MIN(Schulden!G19,AV11+AW11)),0)+IF(AND(Schulden!J20<Schulden!J18,AZ11>0),MAX(0,AZ11+BA11-MIN(Schulden!G20,AZ11+BA11)),0)+IF(AND(Schulden!J21<Schulden!J18,BD11>0),MAX(0,BD11+BE11-MIN(Schulden!G21,BD11+BE11)),0)+IF(AND(Schulden!J22<Schulden!J18,BH11>0),MAX(0,BH11+BI11-MIN(Schulden!G22,BH11+BI11)),0))),MAX(0,AR11+AS11-MIN(Schulden!G18,AR11+AS11)))+SUMIFS(Sonderzahlungen!$D$8:$D$67,Sonderzahlungen!$G$8:$G$67,$B11,Sonderzahlungen!$E$8:$E$67,"Gezielte Schuld",Sonderzahlungen!$F$8:$F$67,Schulden!B18))) | AU11: =MAX(0,AR11+AS11-AT11) | AV11: =AY10 | AW11: =IF(AV11<=0,0,AV11*Schulden!F19/12) | AX11: =IF(AV11<=0,0,MIN(AV11+AW11,MIN(Schulden!G19,AV11+AW11)+MIN(MAX(0,Strategie!$C$9+SUMIFS(Sonderzahlungen!$D$8:$D$67,Sonderzahlungen!$G$8:$G$67,$B11,Sonderzahlungen!$E$8:$E$67,"Nach Strategie")-(IF(AND(Schulden!J8<Schulden!J19,D11>0),MAX(0,D11+E11-MIN(Schulden!G8,D11+E11)),0)+IF(AND(Schulden!J9<Schulden!J19,H11>0),MAX(0,H11+I11-MIN(Schulden!G9,H11+I11)),0)+IF(AND(Schulden!J10<Schulden!J19,L11>0),MAX(0,L11+M11-MIN(Schulden!G10,L11+M11)),0)+IF(AND(Schulden!J11<Schulden!J19,P11>0),MAX(0,P11+Q11-MIN(Schulden!G11,P11+Q11)),0)+IF(AND(Schulden!J12<Schulden!J19,T11>0),MAX(0,T11+U11-MIN(Schulden!G12,T11+U11)),0)+IF(AND(Schulden!J13<Schulden!J19,X11>0),MAX(0,X11+Y11-MIN(Schulden!G13,X11+Y11)),0)+IF(AND(Schulden!J14<Schulden!J19,AB11>0),MAX(0,AB11+AC11-MIN(Schulden!G14,AB11+AC11)),0)+IF(AND(Schulden!J15<Schulden!J19,AF11>0),MAX(0,AF11+AG11-MIN(Schulden!G15,AF11+AG11)),0)+IF(AND(Schulden!J16<Schulden!J19,AJ11>0),MAX(0,AJ11+AK11-MIN(Schulden!G16,AJ11+AK11)),0)+IF(AND(Schulden!J17<Schulden!J19,AN11>0),MAX(0,AN11+AO11-MIN(Schulden!G17,AN11+AO11)),0)+IF(AND(Schulden!J18<Schulden!J19,AR11>0),MAX(0,AR11+AS11-MIN(Schulden!G18,AR11+AS11)),0)+IF(AND(Schulden!J19<Schulden!J19,AV11>0),MAX(0,AV11+AW11-MIN(Schulden!G19,AV11+AW11)),0)+IF(AND(Schulden!J20<Schulden!J19,AZ11>0),MAX(0,AZ11+BA11-MIN(Schulden!G20,AZ11+BA11)),0)+IF(AND(Schulden!J21<Schulden!J19,BD11>0),MAX(0,BD11+BE11-MIN(Schulden!G21,BD11+BE11)),0)+IF(AND(Schulden!J22<Schulden!J19,BH11>0),MAX(0,BH11+BI11-MIN(Schulden!G22,BH11+BI11)),0))),MAX(0,AV11+AW11-MIN(Schulden!G19,AV11+AW11)))+SUMIFS(Sonderzahlungen!$D$8:$D$67,Sonderzahlungen!$G$8:$G$67,$B11,Sonderzahlungen!$E$8:$E$67,"Gezielte Schuld",Sonderzahlungen!$F$8:$F$67,Schulden!B19))) | AY11: =MAX(0,AV11+AW11-AX11) | AZ11: =BC10 | BA11: =IF(AZ11<=0,0,AZ11*Schulden!F20/12) | BB11: =IF(AZ11<=0,0,MIN(AZ11+BA11,MIN(Schulden!G20,AZ11+BA11)+MIN(MAX(0,Strategie!$C$9+SUMIFS(Sonderzahlungen!$D$8:$D$67,Sonderzahlungen!$G$8:$G$67,$B11,Sonderzahlungen!$E$8:$E$67,"Nach Strategie")-(IF(AND(Schulden!J8<Schulden!J20,D11>0),MAX(0,D11+E11-MIN(Schulden!G8,D11+E11)),0)+IF(AND(Schulden!J9<Schulden!J20,H11>0),MAX(0,H11+I11-MIN(Schulden!G9,H11+I11)),0)+IF(AND(Schulden!J10<Schulden!J20,L11>0),MAX(0,L11+M11-MIN(Schulden!G10,L11+M11)),0)+IF(AND(Schulden!J11<Schulden!J20,P11>0),MAX(0,P11+Q11-MIN(Schulden!G11,P11+Q11)),0)+IF(AND(Schulden!J12<Schulden!J20,T11>0),MAX(0,T11+U11-MIN(Schulden!G12,T11+U11)),0)+IF(AND(Schulden!J13<Schulden!J20,X11>0),MAX(0,X11+Y11-MIN(Schulden!G13,X11+Y11)),0)+IF(AND(Schulden!J14<Schulden!J20,AB11>0),MAX(0,AB11+AC11-MIN(Schulden!G14,AB11+AC11)),0)+IF(AND(Schulden!J15<Schulden!J20,AF11>0),MAX(0,AF11+AG11-MIN(Schulden!G15,AF11+AG11)),0)+IF(AND(Schulden!J16<Schulden!J20,AJ11>0),MAX(0,AJ11+AK11-MIN(Schulden!G16,AJ11+AK11)),0)+IF(AND(Schulden!J17<Schulden!J20,AN11>0),MAX(0,AN11+AO11-MIN(Schulden!G17,AN11+AO11)),0)+IF(AND(Schulden!J18<Schulden!J20,AR11>0),MAX(0,AR11+AS11-MIN(Schulden!G18,AR11+AS11)),0)+IF(AND(Schulden!J19<Schulden!J20,AV11>0),MAX(0,AV11+AW11-MIN(Schulden!G19,AV11+AW11)),0)+IF(AND(Schulden!J20<Schulden!J20,AZ11>0),MAX(0,AZ11+BA11-MIN(Schulden!G20,AZ11+BA11)),0)+IF(AND(Schulden!J21<Schulden!J20,BD11>0),MAX(0,BD11+BE11-MIN(Schulden!G21,BD11+BE11)),0)+IF(AND(Schulden!J22<Schulden!J20,BH11>0),MAX(0,BH11+BI11-MIN(Schulden!G22,BH11+BI11)),0))),MAX(0,AZ11+BA11-MIN(Schulden!G20,AZ11+BA11)))+SUMIFS(Sonderzahlungen!$D$8:$D$67,Sonderzahlungen!$G$8:$G$67,$B11,Sonderzahlungen!$E$8:$E$67,"Gezielte Schuld",Sonderzahlungen!$F$8:$F$67,Schulden!B20))) | BC11: =MAX(0,AZ11+BA11-BB11) | BD11: =BG10 | BE11: =IF(BD11<=0,0,BD11*Schulden!F21/12) | BF11: =IF(BD11<=0,0,MIN(BD11+BE11,MIN(Schulden!G21,BD11+BE11)+MIN(MAX(0,Strategie!$C$9+SUMIFS(Sonderzahlungen!$D$8:$D$67,Sonderzahlungen!$G$8:$G$67,$B11,Sonderzahlungen!$E$8:$E$67,"Nach Strategie")-(IF(AND(Schulden!J8<Schulden!J21,D11>0),MAX(0,D11+E11-MIN(Schulden!G8,D11+E11)),0)+IF(AND(Schulden!J9<Schulden!J21,H11>0),MAX(0,H11+I11-MIN(Schulden!G9,H11+I11)),0)+IF(AND(Schulden!J10<Schulden!J21,L11>0),MAX(0,L11+M11-MIN(Schulden!G10,L11+M11)),0)+IF(AND(Schulden!J11<Schulden!J21,P11>0),MAX(0,P11+Q11-MIN(Schulden!G11,P11+Q11)),0)+IF(AND(Schulden!J12<Schulden!J21,T11>0),MAX(0,T11+U11-MIN(Schulden!G12,T11+U11)),0)+IF(AND(Schulden!J13<Schulden!J21,X11>0),MAX(0,X11+Y11-MIN(Schulden!G13,X11+Y11)),0)+IF(AND(Schulden!J14<Schulden!J21,AB11>0),MAX(0,AB11+AC11-MIN(Schulden!G14,AB11+AC11)),0)+IF(AND(Schulden!J15<Schulden!J21,AF11>0),MAX(0,AF11+AG11-MIN(Schulden!G15,AF11+AG11)),0)+IF(AND(Schulden!J16<Schulden!J21,AJ11>0),MAX(0,AJ11+AK11-MIN(Schulden!G16,AJ11+AK11)),0)+IF(AND(Schulden!J17<Schulden!J21,AN11>0),MAX(0,AN11+AO11-MIN(Schulden!G17,AN11+AO11)),0)+IF(AND(Schulden!J18<Schulden!J21,AR11>0),MAX(0,AR11+AS11-MIN(Schulden!G18,AR11+AS11)),0)+IF(AND(Schulden!J19<Schulden!J21,AV11>0),MAX(0,AV11+AW11-MIN(Schulden!G19,AV11+AW11)),0)+IF(AND(Schulden!J20<Schulden!J21,AZ11>0),MAX(0,AZ11+BA11-MIN(Schulden!G20,AZ11+BA11)),0)+IF(AND(Schulden!J21<Schulden!J21,BD11>0),MAX(0,BD11+BE11-MIN(Schulden!G21,BD11+BE11)),0)+IF(AND(Schulden!J22<Schulden!J21,BH11>0),MAX(0,BH11+BI11-MIN(Schulden!G22,BH11+BI11)),0))),MAX(0,BD11+BE11-MIN(Schulden!G21,BD11+BE11)))+SUMIFS(Sonderzahlungen!$D$8:$D$67,Sonderzahlungen!$G$8:$G$67,$B11,Sonderzahlungen!$E$8:$E$67,"Gezielte Schuld",Sonderzahlungen!$F$8:$F$67,Schulden!B21))) | BG11: =MAX(0,BD11+BE11-BF11) | BH11: =BK10 | BI11: =IF(BH11<=0,0,BH11*Schulden!F22/12) | BJ11: =IF(BH11<=0,0,MIN(BH11+BI11,MIN(Schulden!G22,BH11+BI11)+MIN(MAX(0,Strategie!$C$9+SUMIFS(Sonderzahlungen!$D$8:$D$67,Sonderzahlungen!$G$8:$G$67,$B11,Sonderzahlungen!$E$8:$E$67,"Nach Strategie")-(IF(AND(Schulden!J8<Schulden!J22,D11>0),MAX(0,D11+E11-MIN(Schulden!G8,D11+E11)),0)+IF(AND(Schulden!J9<Schulden!J22,H11>0),MAX(0,H11+I11-MIN(Schulden!G9,H11+I11)),0)+IF(AND(Schulden!J10<Schulden!J22,L11>0),MAX(0,L11+M11-MIN(Schulden!G10,L11+M11)),0)+IF(AND(Schulden!J11<Schulden!J22,P11>0),MAX(0,P11+Q11-MIN(Schulden!G11,P11+Q11)),0)+IF(AND(Schulden!J12<Schulden!J22,T11>0),MAX(0,T11+U11-MIN(Schulden!G12,T11+U11)),0)+IF(AND(Schulden!J13<Schulden!J22,X11>0),MAX(0,X11+Y11-MIN(Schulden!G13,X11+Y11)),0)+IF(AND(Schulden!J14<Schulden!J22,AB11>0),MAX(0,AB11+AC11-MIN(Schulden!G14,AB11+AC11)),0)+IF(AND(Schulden!J15<Schulden!J22,AF11>0),MAX(0,AF11+AG11-MIN(Schulden!G15,AF11+AG11)),0)+IF(AND(Schulden!J16<Schulden!J22,AJ11>0),MAX(0,AJ11+AK11-MIN(Schulden!G16,AJ11+AK11)),0)+IF(AND(Schulden!J17<Schulden!J22,AN11>0),MAX(0,AN11+AO11-MIN(Schulden!G17,AN11+AO11)),0)+IF(AND(Schulden!J18<Schulden!J22,AR11>0),MAX(0,AR11+AS11-MIN(Schulden!G18,AR11+AS11)),0)+IF(AND(Schulden!J19<Schulden!J22,AV11>0),MAX(0,AV11+AW11-MIN(Schulden!G19,AV11+AW11)),0)+IF(AND(Schulden!J20<Schulden!J22,AZ11>0),MAX(0,AZ11+BA11-MIN(Schulden!G20,AZ11+BA11)),0)+IF(AND(Schulden!J21<Schulden!J22,BD11>0),MAX(0,BD11+BE11-MIN(Schulden!G21,BD11+BE11)),0)+IF(AND(Schulden!J22<Schulden!J22,BH11>0),MAX(0,BH11+BI11-MIN(Schulden!G22,BH11+BI11)),0))),MAX(0,BH11+BI11-MIN(Schulden!G22,BH11+BI11)))+SUMIFS(Sonderzahlungen!$D$8:$D$67,Sonderzahlungen!$G$8:$G$67,$B11,Sonderzahlungen!$E$8:$E$67,"Gezielte Schuld",Sonderzahlungen!$F$8:$F$67,Schulden!B22))) | BK11: =MAX(0,BH11+BI11-BJ11)
B12: =EDATE(B11,1) | C12: =SUMIFS(Sonderzahlungen!$D$8:$D$67,Sonderzahlungen!$G$8:$G$67,B12) | D12: =G11 | E12: =IF(D12<=0,0,D12*Schulden!F8/12) | F12: =IF(D12<=0,0,MIN(D12+E12,MIN(Schulden!G8,D12+E12)+MIN(MAX(0,Strategie!$C$9+SUMIFS(Sonderzahlungen!$D$8:$D$67,Sonderzahlungen!$G$8:$G$67,$B12,Sonderzahlungen!$E$8:$E$67,"Nach Strategie")-(IF(AND(Schulden!J8<Schulden!J8,D12>0),MAX(0,D12+E12-MIN(Schulden!G8,D12+E12)),0)+IF(AND(Schulden!J9<Schulden!J8,H12>0),MAX(0,H12+I12-MIN(Schulden!G9,H12+I12)),0)+IF(AND(Schulden!J10<Schulden!J8,L12>0),MAX(0,L12+M12-MIN(Schulden!G10,L12+M12)),0)+IF(AND(Schulden!J11<Schulden!J8,P12>0),MAX(0,P12+Q12-MIN(Schulden!G11,P12+Q12)),0)+IF(AND(Schulden!J12<Schulden!J8,T12>0),MAX(0,T12+U12-MIN(Schulden!G12,T12+U12)),0)+IF(AND(Schulden!J13<Schulden!J8,X12>0),MAX(0,X12+Y12-MIN(Schulden!G13,X12+Y12)),0)+IF(AND(Schulden!J14<Schulden!J8,AB12>0),MAX(0,AB12+AC12-MIN(Schulden!G14,AB12+AC12)),0)+IF(AND(Schulden!J15<Schulden!J8,AF12>0),MAX(0,AF12+AG12-MIN(Schulden!G15,AF12+AG12)),0)+IF(AND(Schulden!J16<Schulden!J8,AJ12>0),MAX(0,AJ12+AK12-MIN(Schulden!G16,AJ12+AK12)),0)+IF(AND(Schulden!J17<Schulden!J8,AN12>0),MAX(0,AN12+AO12-MIN(Schulden!G17,AN12+AO12)),0)+IF(AND(Schulden!J18<Schulden!J8,AR12>0),MAX(0,AR12+AS12-MIN(Schulden!G18,AR12+AS12)),0)+IF(AND(Schulden!J19<Schulden!J8,AV12>0),MAX(0,AV12+AW12-MIN(Schulden!G19,AV12+AW12)),0)+IF(AND(Schulden!J20<Schulden!J8,AZ12>0),MAX(0,AZ12+BA12-MIN(Schulden!G20,AZ12+BA12)),0)+IF(AND(Schulden!J21<Schulden!J8,BD12>0),MAX(0,BD12+BE12-MIN(Schulden!G21,BD12+BE12)),0)+IF(AND(Schulden!J22<Schulden!J8,BH12>0),MAX(0,BH12+BI12-MIN(Schulden!G22,BH12+BI12)),0))),MAX(0,D12+E12-MIN(Schulden!G8,D12+E12)))+SUMIFS(Sonderzahlungen!$D$8:$D$67,Sonderzahlungen!$G$8:$G$67,$B12,Sonderzahlungen!$E$8:$E$67,"Gezielte Schuld",Sonderzahlungen!$F$8:$F$67,Schulden!B8))) | G12: =MAX(0,D12+E12-F12) | H12: =K11 | I12: =IF(H12<=0,0,H12*Schulden!F9/12) | J12: =IF(H12<=0,0,MIN(H12+I12,MIN(Schulden!G9,H12+I12)+MIN(MAX(0,Strategie!$C$9+SUMIFS(Sonderzahlungen!$D$8:$D$67,Sonderzahlungen!$G$8:$G$67,$B12,Sonderzahlungen!$E$8:$E$67,"Nach Strategie")-(IF(AND(Schulden!J8<Schulden!J9,D12>0),MAX(0,D12+E12-MIN(Schulden!G8,D12+E12)),0)+IF(AND(Schulden!J9<Schulden!J9,H12>0),MAX(0,H12+I12-MIN(Schulden!G9,H12+I12)),0)+IF(AND(Schulden!J10<Schulden!J9,L12>0),MAX(0,L12+M12-MIN(Schulden!G10,L12+M12)),0)+IF(AND(Schulden!J11<Schulden!J9,P12>0),MAX(0,P12+Q12-MIN(Schulden!G11,P12+Q12)),0)+IF(AND(Schulden!J12<Schulden!J9,T12>0),MAX(0,T12+U12-MIN(Schulden!G12,T12+U12)),0)+IF(AND(Schulden!J13<Schulden!J9,X12>0),MAX(0,X12+Y12-MIN(Schulden!G13,X12+Y12)),0)+IF(AND(Schulden!J14<Schulden!J9,AB12>0),MAX(0,AB12+AC12-MIN(Schulden!G14,AB12+AC12)),0)+IF(AND(Schulden!J15<Schulden!J9,AF12>0),MAX(0,AF12+AG12-MIN(Schulden!G15,AF12+AG12)),0)+IF(AND(Schulden!J16<Schulden!J9,AJ12>0),MAX(0,AJ12+AK12-MIN(Schulden!G16,AJ12+AK12)),0)+IF(AND(Schulden!J17<Schulden!J9,AN12>0),MAX(0,AN12+AO12-MIN(Schulden!G17,AN12+AO12)),0)+IF(AND(Schulden!J18<Schulden!J9,AR12>0),MAX(0,AR12+AS12-MIN(Schulden!G18,AR12+AS12)),0)+IF(AND(Schulden!J19<Schulden!J9,AV12>0),MAX(0,AV12+AW12-MIN(Schulden!G19,AV12+AW12)),0)+IF(AND(Schulden!J20<Schulden!J9,AZ12>0),MAX(0,AZ12+BA12-MIN(Schulden!G20,AZ12+BA12)),0)+IF(AND(Schulden!J21<Schulden!J9,BD12>0),MAX(0,BD12+BE12-MIN(Schulden!G21,BD12+BE12)),0)+IF(AND(Schulden!J22<Schulden!J9,BH12>0),MAX(0,BH12+BI12-MIN(Schulden!G22,BH12+BI12)),0))),MAX(0,H12+I12-MIN(Schulden!G9,H12+I12)))+SUMIFS(Sonderzahlungen!$D$8:$D$67,Sonderzahlungen!$G$8:$G$67,$B12,Sonderzahlungen!$E$8:$E$67,"Gezielte Schuld",Sonderzahlungen!$F$8:$F$67,Schulden!B9))) | K12: =MAX(0,H12+I12-J12) | L12: =O11 | M12: =IF(L12<=0,0,L12*Schulden!F10/12) | N12: =IF(L12<=0,0,MIN(L12+M12,MIN(Schulden!G10,L12+M12)+MIN(MAX(0,Strategie!$C$9+SUMIFS(Sonderzahlungen!$D$8:$D$67,Sonderzahlungen!$G$8:$G$67,$B12,Sonderzahlungen!$E$8:$E$67,"Nach Strategie")-(IF(AND(Schulden!J8<Schulden!J10,D12>0),MAX(0,D12+E12-MIN(Schulden!G8,D12+E12)),0)+IF(AND(Schulden!J9<Schulden!J10,H12>0),MAX(0,H12+I12-MIN(Schulden!G9,H12+I12)),0)+IF(AND(Schulden!J10<Schulden!J10,L12>0),MAX(0,L12+M12-MIN(Schulden!G10,L12+M12)),0)+IF(AND(Schulden!J11<Schulden!J10,P12>0),MAX(0,P12+Q12-MIN(Schulden!G11,P12+Q12)),0)+IF(AND(Schulden!J12<Schulden!J10,T12>0),MAX(0,T12+U12-MIN(Schulden!G12,T12+U12)),0)+IF(AND(Schulden!J13<Schulden!J10,X12>0),MAX(0,X12+Y12-MIN(Schulden!G13,X12+Y12)),0)+IF(AND(Schulden!J14<Schulden!J10,AB12>0),MAX(0,AB12+AC12-MIN(Schulden!G14,AB12+AC12)),0)+IF(AND(Schulden!J15<Schulden!J10,AF12>0),MAX(0,AF12+AG12-MIN(Schulden!G15,AF12+AG12)),0)+IF(AND(Schulden!J16<Schulden!J10,AJ12>0),MAX(0,AJ12+AK12-MIN(Schulden!G16,AJ12+AK12)),0)+IF(AND(Schulden!J17<Schulden!J10,AN12>0),MAX(0,AN12+AO12-MIN(Schulden!G17,AN12+AO12)),0)+IF(AND(Schulden!J18<Schulden!J10,AR12>0),MAX(0,AR12+AS12-MIN(Schulden!G18,AR12+AS12)),0)+IF(AND(Schulden!J19<Schulden!J10,AV12>0),MAX(0,AV12+AW12-MIN(Schulden!G19,AV12+AW12)),0)+IF(AND(Schulden!J20<Schulden!J10,AZ12>0),MAX(0,AZ12+BA12-MIN(Schulden!G20,AZ12+BA12)),0)+IF(AND(Schulden!J21<Schulden!J10,BD12>0),MAX(0,BD12+BE12-MIN(Schulden!G21,BD12+BE12)),0)+IF(AND(Schulden!J22<Schulden!J10,BH12>0),MAX(0,BH12+BI12-MIN(Schulden!G22,BH12+BI12)),0))),MAX(0,L12+M12-MIN(Schulden!G10,L12+M12)))+SUMIFS(Sonderzahlungen!$D$8:$D$67,Sonderzahlungen!$G$8:$G$67,$B12,Sonderzahlungen!$E$8:$E$67,"Gezielte Schuld",Sonderzahlungen!$F$8:$F$67,Schulden!B10))) | O12: =MAX(0,L12+M12-N12) | P12: =S11 | Q12: =IF(P12<=0,0,P12*Schulden!F11/12) | R12: =IF(P12<=0,0,MIN(P12+Q12,MIN(Schulden!G11,P12+Q12)+MIN(MAX(0,Strategie!$C$9+SUMIFS(Sonderzahlungen!$D$8:$D$67,Sonderzahlungen!$G$8:$G$67,$B12,Sonderzahlungen!$E$8:$E$67,"Nach Strategie")-(IF(AND(Schulden!J8<Schulden!J11,D12>0),MAX(0,D12+E12-MIN(Schulden!G8,D12+E12)),0)+IF(AND(Schulden!J9<Schulden!J11,H12>0),MAX(0,H12+I12-MIN(Schulden!G9,H12+I12)),0)+IF(AND(Schulden!J10<Schulden!J11,L12>0),MAX(0,L12+M12-MIN(Schulden!G10,L12+M12)),0)+IF(AND(Schulden!J11<Schulden!J11,P12>0),MAX(0,P12+Q12-MIN(Schulden!G11,P12+Q12)),0)+IF(AND(Schulden!J12<Schulden!J11,T12>0),MAX(0,T12+U12-MIN(Schulden!G12,T12+U12)),0)+IF(AND(Schulden!J13<Schulden!J11,X12>0),MAX(0,X12+Y12-MIN(Schulden!G13,X12+Y12)),0)+IF(AND(Schulden!J14<Schulden!J11,AB12>0),MAX(0,AB12+AC12-MIN(Schulden!G14,AB12+AC12)),0)+IF(AND(Schulden!J15<Schulden!J11,AF12>0),MAX(0,AF12+AG12-MIN(Schulden!G15,AF12+AG12)),0)+IF(AND(Schulden!J16<Schulden!J11,AJ12>0),MAX(0,AJ12+AK12-MIN(Schulden!G16,AJ12+AK12)),0)+IF(AND(Schulden!J17<Schulden!J11,AN12>0),MAX(0,AN12+AO12-MIN(Schulden!G17,AN12+AO12)),0)+IF(AND(Schulden!J18<Schulden!J11,AR12>0),MAX(0,AR12+AS12-MIN(Schulden!G18,AR12+AS12)),0)+IF(AND(Schulden!J19<Schulden!J11,AV12>0),MAX(0,AV12+AW12-MIN(Schulden!G19,AV12+AW12)),0)+IF(AND(Schulden!J20<Schulden!J11,AZ12>0),MAX(0,AZ12+BA12-MIN(Schulden!G20,AZ12+BA12)),0)+IF(AND(Schulden!J21<Schulden!J11,BD12>0),MAX(0,BD12+BE12-MIN(Schulden!G21,BD12+BE12)),0)+IF(AND(Schulden!J22<Schulden!J11,BH12>0),MAX(0,BH12+BI12-MIN(Schulden!G22,BH12+BI12)),0))),MAX(0,P12+Q12-MIN(Schulden!G11,P12+Q12)))+SUMIFS(Sonderzahlungen!$D$8:$D$67,Sonderzahlungen!$G$8:$G$67,$B12,Sonderzahlungen!$E$8:$E$67,"Gezielte Schuld",Sonderzahlungen!$F$8:$F$67,Schulden!B11))) | S12: =MAX(0,P12+Q12-R12) | T12: =W11 | U12: =IF(T12<=0,0,T12*Schulden!F12/12) | V12: =IF(T12<=0,0,MIN(T12+U12,MIN(Schulden!G12,T12+U12)+MIN(MAX(0,Strategie!$C$9+SUMIFS(Sonderzahlungen!$D$8:$D$67,Sonderzahlungen!$G$8:$G$67,$B12,Sonderzahlungen!$E$8:$E$67,"Nach Strategie")-(IF(AND(Schulden!J8<Schulden!J12,D12>0),MAX(0,D12+E12-MIN(Schulden!G8,D12+E12)),0)+IF(AND(Schulden!J9<Schulden!J12,H12>0),MAX(0,H12+I12-MIN(Schulden!G9,H12+I12)),0)+IF(AND(Schulden!J10<Schulden!J12,L12>0),MAX(0,L12+M12-MIN(Schulden!G10,L12+M12)),0)+IF(AND(Schulden!J11<Schulden!J12,P12>0),MAX(0,P12+Q12-MIN(Schulden!G11,P12+Q12)),0)+IF(AND(Schulden!J12<Schulden!J12,T12>0),MAX(0,T12+U12-MIN(Schulden!G12,T12+U12)),0)+IF(AND(Schulden!J13<Schulden!J12,X12>0),MAX(0,X12+Y12-MIN(Schulden!G13,X12+Y12)),0)+IF(AND(Schulden!J14<Schulden!J12,AB12>0),MAX(0,AB12+AC12-MIN(Schulden!G14,AB12+AC12)),0)+IF(AND(Schulden!J15<Schulden!J12,AF12>0),MAX(0,AF12+AG12-MIN(Schulden!G15,AF12+AG12)),0)+IF(AND(Schulden!J16<Schulden!J12,AJ12>0),MAX(0,AJ12+AK12-MIN(Schulden!G16,AJ12+AK12)),0)+IF(AND(Schulden!J17<Schulden!J12,AN12>0),MAX(0,AN12+AO12-MIN(Schulden!G17,AN12+AO12)),0)+IF(AND(Schulden!J18<Schulden!J12,AR12>0),MAX(0,AR12+AS12-MIN(Schulden!G18,AR12+AS12)),0)+IF(AND(Schulden!J19<Schulden!J12,AV12>0),MAX(0,AV12+AW12-MIN(Schulden!G19,AV12+AW12)),0)+IF(AND(Schulden!J20<Schulden!J12,AZ12>0),MAX(0,AZ12+BA12-MIN(Schulden!G20,AZ12+BA12)),0)+IF(AND(Schulden!J21<Schulden!J12,BD12>0),MAX(0,BD12+BE12-MIN(Schulden!G21,BD12+BE12)),0)+IF(AND(Schulden!J22<Schulden!J12,BH12>0),MAX(0,BH12+BI12-MIN(Schulden!G22,BH12+BI12)),0))),MAX(0,T12+U12-MIN(Schulden!G12,T12+U12)))+SUMIFS(Sonderzahlungen!$D$8:$D$67,Sonderzahlungen!$G$8:$G$67,$B12,Sonderzahlungen!$E$8:$E$67,"Gezielte Schuld",Sonderzahlungen!$F$8:$F$67,Schulden!B12))) | W12: =MAX(0,T12+U12-V12) | X12: =AA11 | Y12: =IF(X12<=0,0,X12*Schulden!F13/12) | Z12: =IF(X12<=0,0,MIN(X12+Y12,MIN(Schulden!G13,X12+Y12)+MIN(MAX(0,Strategie!$C$9+SUMIFS(Sonderzahlungen!$D$8:$D$67,Sonderzahlungen!$G$8:$G$67,$B12,Sonderzahlungen!$E$8:$E$67,"Nach Strategie")-(IF(AND(Schulden!J8<Schulden!J13,D12>0),MAX(0,D12+E12-MIN(Schulden!G8,D12+E12)),0)+IF(AND(Schulden!J9<Schulden!J13,H12>0),MAX(0,H12+I12-MIN(Schulden!G9,H12+I12)),0)+IF(AND(Schulden!J10<Schulden!J13,L12>0),MAX(0,L12+M12-MIN(Schulden!G10,L12+M12)),0)+IF(AND(Schulden!J11<Schulden!J13,P12>0),MAX(0,P12+Q12-MIN(Schulden!G11,P12+Q12)),0)+IF(AND(Schulden!J12<Schulden!J13,T12>0),MAX(0,T12+U12-MIN(Schulden!G12,T12+U12)),0)+IF(AND(Schulden!J13<Schulden!J13,X12>0),MAX(0,X12+Y12-MIN(Schulden!G13,X12+Y12)),0)+IF(AND(Schulden!J14<Schulden!J13,AB12>0),MAX(0,AB12+AC12-MIN(Schulden!G14,AB12+AC12)),0)+IF(AND(Schulden!J15<Schulden!J13,AF12>0),MAX(0,AF12+AG12-MIN(Schulden!G15,AF12+AG12)),0)+IF(AND(Schulden!J16<Schulden!J13,AJ12>0),MAX(0,AJ12+AK12-MIN(Schulden!G16,AJ12+AK12)),0)+IF(AND(Schulden!J17<Schulden!J13,AN12>0),MAX(0,AN12+AO12-MIN(Schulden!G17,AN12+AO12)),0)+IF(AND(Schulden!J18<Schulden!J13,AR12>0),MAX(0,AR12+AS12-MIN(Schulden!G18,AR12+AS12)),0)+IF(AND(Schulden!J19<Schulden!J13,AV12>0),MAX(0,AV12+AW12-MIN(Schulden!G19,AV12+AW12)),0)+IF(AND(Schulden!J20<Schulden!J13,AZ12>0),MAX(0,AZ12+BA12-MIN(Schulden!G20,AZ12+BA12)),0)+IF(AND(Schulden!J21<Schulden!J13,BD12>0),MAX(0,BD12+BE12-MIN(Schulden!G21,BD12+BE12)),0)+IF(AND(Schulden!J22<Schulden!J13,BH12>0),MAX(0,BH12+BI12-MIN(Schulden!G22,BH12+BI12)),0))),MAX(0,X12+Y12-MIN(Schulden!G13,X12+Y12)))+SUMIFS(Sonderzahlungen!$D$8:$D$67,Sonderzahlungen!$G$8:$G$67,$B12,Sonderzahlungen!$E$8:$E$67,"Gezielte Schuld",Sonderzahlungen!$F$8:$F$67,Schulden!B13))) | AA12: =MAX(0,X12+Y12-Z12) | AB12: =AE11 | AC12: =IF(AB12<=0,0,AB12*Schulden!F14/12) | AD12: =IF(AB12<=0,0,MIN(AB12+AC12,MIN(Schulden!G14,AB12+AC12)+MIN(MAX(0,Strategie!$C$9+SUMIFS(Sonderzahlungen!$D$8:$D$67,Sonderzahlungen!$G$8:$G$67,$B12,Sonderzahlungen!$E$8:$E$67,"Nach Strategie")-(IF(AND(Schulden!J8<Schulden!J14,D12>0),MAX(0,D12+E12-MIN(Schulden!G8,D12+E12)),0)+IF(AND(Schulden!J9<Schulden!J14,H12>0),MAX(0,H12+I12-MIN(Schulden!G9,H12+I12)),0)+IF(AND(Schulden!J10<Schulden!J14,L12>0),MAX(0,L12+M12-MIN(Schulden!G10,L12+M12)),0)+IF(AND(Schulden!J11<Schulden!J14,P12>0),MAX(0,P12+Q12-MIN(Schulden!G11,P12+Q12)),0)+IF(AND(Schulden!J12<Schulden!J14,T12>0),MAX(0,T12+U12-MIN(Schulden!G12,T12+U12)),0)+IF(AND(Schulden!J13<Schulden!J14,X12>0),MAX(0,X12+Y12-MIN(Schulden!G13,X12+Y12)),0)+IF(AND(Schulden!J14<Schulden!J14,AB12>0),MAX(0,AB12+AC12-MIN(Schulden!G14,AB12+AC12)),0)+IF(AND(Schulden!J15<Schulden!J14,AF12>0),MAX(0,AF12+AG12-MIN(Schulden!G15,AF12+AG12)),0)+IF(AND(Schulden!J16<Schulden!J14,AJ12>0),MAX(0,AJ12+AK12-MIN(Schulden!G16,AJ12+AK12)),0)+IF(AND(Schulden!J17<Schulden!J14,AN12>0),MAX(0,AN12+AO12-MIN(Schulden!G17,AN12+AO12)),0)+IF(AND(Schulden!J18<Schulden!J14,AR12>0),MAX(0,AR12+AS12-MIN(Schulden!G18,AR12+AS12)),0)+IF(AND(Schulden!J19<Schulden!J14,AV12>0),MAX(0,AV12+AW12-MIN(Schulden!G19,AV12+AW12)),0)+IF(AND(Schulden!J20<Schulden!J14,AZ12>0),MAX(0,AZ12+BA12-MIN(Schulden!G20,AZ12+BA12)),0)+IF(AND(Schulden!J21<Schulden!J14,BD12>0),MAX(0,BD12+BE12-MIN(Schulden!G21,BD12+BE12)),0)+IF(AND(Schulden!J22<Schulden!J14,BH12>0),MAX(0,BH12+BI12-MIN(Schulden!G22,BH12+BI12)),0))),MAX(0,AB12+AC12-MIN(Schulden!G14,AB12+AC12)))+SUMIFS(Sonderzahlungen!$D$8:$D$67,Sonderzahlungen!$G$8:$G$67,$B12,Sonderzahlungen!$E$8:$E$67,"Gezielte Schuld",Sonderzahlungen!$F$8:$F$67,Schulden!B14))) | AE12: =MAX(0,AB12+AC12-AD12) | AF12: =AI11 | AG12: =IF(AF12<=0,0,AF12*Schulden!F15/12) | AH12: =IF(AF12<=0,0,MIN(AF12+AG12,MIN(Schulden!G15,AF12+AG12)+MIN(MAX(0,Strategie!$C$9+SUMIFS(Sonderzahlungen!$D$8:$D$67,Sonderzahlungen!$G$8:$G$67,$B12,Sonderzahlungen!$E$8:$E$67,"Nach Strategie")-(IF(AND(Schulden!J8<Schulden!J15,D12>0),MAX(0,D12+E12-MIN(Schulden!G8,D12+E12)),0)+IF(AND(Schulden!J9<Schulden!J15,H12>0),MAX(0,H12+I12-MIN(Schulden!G9,H12+I12)),0)+IF(AND(Schulden!J10<Schulden!J15,L12>0),MAX(0,L12+M12-MIN(Schulden!G10,L12+M12)),0)+IF(AND(Schulden!J11<Schulden!J15,P12>0),MAX(0,P12+Q12-MIN(Schulden!G11,P12+Q12)),0)+IF(AND(Schulden!J12<Schulden!J15,T12>0),MAX(0,T12+U12-MIN(Schulden!G12,T12+U12)),0)+IF(AND(Schulden!J13<Schulden!J15,X12>0),MAX(0,X12+Y12-MIN(Schulden!G13,X12+Y12)),0)+IF(AND(Schulden!J14<Schulden!J15,AB12>0),MAX(0,AB12+AC12-MIN(Schulden!G14,AB12+AC12)),0)+IF(AND(Schulden!J15<Schulden!J15,AF12>0),MAX(0,AF12+AG12-MIN(Schulden!G15,AF12+AG12)),0)+IF(AND(Schulden!J16<Schulden!J15,AJ12>0),MAX(0,AJ12+AK12-MIN(Schulden!G16,AJ12+AK12)),0)+IF(AND(Schulden!J17<Schulden!J15,AN12>0),MAX(0,AN12+AO12-MIN(Schulden!G17,AN12+AO12)),0)+IF(AND(Schulden!J18<Schulden!J15,AR12>0),MAX(0,AR12+AS12-MIN(Schulden!G18,AR12+AS12)),0)+IF(AND(Schulden!J19<Schulden!J15,AV12>0),MAX(0,AV12+AW12-MIN(Schulden!G19,AV12+AW12)),0)+IF(AND(Schulden!J20<Schulden!J15,AZ12>0),MAX(0,AZ12+BA12-MIN(Schulden!G20,AZ12+BA12)),0)+IF(AND(Schulden!J21<Schulden!J15,BD12>0),MAX(0,BD12+BE12-MIN(Schulden!G21,BD12+BE12)),0)+IF(AND(Schulden!J22<Schulden!J15,BH12>0),MAX(0,BH12+BI12-MIN(Schulden!G22,BH12+BI12)),0))),MAX(0,AF12+AG12-MIN(Schulden!G15,AF12+AG12)))+SUMIFS(Sonderzahlungen!$D$8:$D$67,Sonderzahlungen!$G$8:$G$67,$B12,Sonderzahlungen!$E$8:$E$67,"Gezielte Schuld",Sonderzahlungen!$F$8:$F$67,Schulden!B15))) | AI12: =MAX(0,AF12+AG12-AH12) | AJ12: =AM11 | AK12: =IF(AJ12<=0,0,AJ12*Schulden!F16/12) | AL12: =IF(AJ12<=0,0,MIN(AJ12+AK12,MIN(Schulden!G16,AJ12+AK12)+MIN(MAX(0,Strategie!$C$9+SUMIFS(Sonderzahlungen!$D$8:$D$67,Sonderzahlungen!$G$8:$G$67,$B12,Sonderzahlungen!$E$8:$E$67,"Nach Strategie")-(IF(AND(Schulden!J8<Schulden!J16,D12>0),MAX(0,D12+E12-MIN(Schulden!G8,D12+E12)),0)+IF(AND(Schulden!J9<Schulden!J16,H12>0),MAX(0,H12+I12-MIN(Schulden!G9,H12+I12)),0)+IF(AND(Schulden!J10<Schulden!J16,L12>0),MAX(0,L12+M12-MIN(Schulden!G10,L12+M12)),0)+IF(AND(Schulden!J11<Schulden!J16,P12>0),MAX(0,P12+Q12-MIN(Schulden!G11,P12+Q12)),0)+IF(AND(Schulden!J12<Schulden!J16,T12>0),MAX(0,T12+U12-MIN(Schulden!G12,T12+U12)),0)+IF(AND(Schulden!J13<Schulden!J16,X12>0),MAX(0,X12+Y12-MIN(Schulden!G13,X12+Y12)),0)+IF(AND(Schulden!J14<Schulden!J16,AB12>0),MAX(0,AB12+AC12-MIN(Schulden!G14,AB12+AC12)),0)+IF(AND(Schulden!J15<Schulden!J16,AF12>0),MAX(0,AF12+AG12-MIN(Schulden!G15,AF12+AG12)),0)+IF(AND(Schulden!J16<Schulden!J16,AJ12>0),MAX(0,AJ12+AK12-MIN(Schulden!G16,AJ12+AK12)),0)+IF(AND(Schulden!J17<Schulden!J16,AN12>0),MAX(0,AN12+AO12-MIN(Schulden!G17,AN12+AO12)),0)+IF(AND(Schulden!J18<Schulden!J16,AR12>0),MAX(0,AR12+AS12-MIN(Schulden!G18,AR12+AS12)),0)+IF(AND(Schulden!J19<Schulden!J16,AV12>0),MAX(0,AV12+AW12-MIN(Schulden!G19,AV12+AW12)),0)+IF(AND(Schulden!J20<Schulden!J16,AZ12>0),MAX(0,AZ12+BA12-MIN(Schulden!G20,AZ12+BA12)),0)+IF(AND(Schulden!J21<Schulden!J16,BD12>0),MAX(0,BD12+BE12-MIN(Schulden!G21,BD12+BE12)),0)+IF(AND(Schulden!J22<Schulden!J16,BH12>0),MAX(0,BH12+BI12-MIN(Schulden!G22,BH12+BI12)),0))),MAX(0,AJ12+AK12-MIN(Schulden!G16,AJ12+AK12)))+SUMIFS(Sonderzahlungen!$D$8:$D$67,Sonderzahlungen!$G$8:$G$67,$B12,Sonderzahlungen!$E$8:$E$67,"Gezielte Schuld",Sonderzahlungen!$F$8:$F$67,Schulden!B16))) | AM12: =MAX(0,AJ12+AK12-AL12) | AN12: =AQ11 | AO12: =IF(AN12<=0,0,AN12*Schulden!F17/12) | AP12: =IF(AN12<=0,0,MIN(AN12+AO12,MIN(Schulden!G17,AN12+AO12)+MIN(MAX(0,Strategie!$C$9+SUMIFS(Sonderzahlungen!$D$8:$D$67,Sonderzahlungen!$G$8:$G$67,$B12,Sonderzahlungen!$E$8:$E$67,"Nach Strategie")-(IF(AND(Schulden!J8<Schulden!J17,D12>0),MAX(0,D12+E12-MIN(Schulden!G8,D12+E12)),0)+IF(AND(Schulden!J9<Schulden!J17,H12>0),MAX(0,H12+I12-MIN(Schulden!G9,H12+I12)),0)+IF(AND(Schulden!J10<Schulden!J17,L12>0),MAX(0,L12+M12-MIN(Schulden!G10,L12+M12)),0)+IF(AND(Schulden!J11<Schulden!J17,P12>0),MAX(0,P12+Q12-MIN(Schulden!G11,P12+Q12)),0)+IF(AND(Schulden!J12<Schulden!J17,T12>0),MAX(0,T12+U12-MIN(Schulden!G12,T12+U12)),0)+IF(AND(Schulden!J13<Schulden!J17,X12>0),MAX(0,X12+Y12-MIN(Schulden!G13,X12+Y12)),0)+IF(AND(Schulden!J14<Schulden!J17,AB12>0),MAX(0,AB12+AC12-MIN(Schulden!G14,AB12+AC12)),0)+IF(AND(Schulden!J15<Schulden!J17,AF12>0),MAX(0,AF12+AG12-MIN(Schulden!G15,AF12+AG12)),0)+IF(AND(Schulden!J16<Schulden!J17,AJ12>0),MAX(0,AJ12+AK12-MIN(Schulden!G16,AJ12+AK12)),0)+IF(AND(Schulden!J17<Schulden!J17,AN12>0),MAX(0,AN12+AO12-MIN(Schulden!G17,AN12+AO12)),0)+IF(AND(Schulden!J18<Schulden!J17,AR12>0),MAX(0,AR12+AS12-MIN(Schulden!G18,AR12+AS12)),0)+IF(AND(Schulden!J19<Schulden!J17,AV12>0),MAX(0,AV12+AW12-MIN(Schulden!G19,AV12+AW12)),0)+IF(AND(Schulden!J20<Schulden!J17,AZ12>0),MAX(0,AZ12+BA12-MIN(Schulden!G20,AZ12+BA12)),0)+IF(AND(Schulden!J21<Schulden!J17,BD12>0),MAX(0,BD12+BE12-MIN(Schulden!G21,BD12+BE12)),0)+IF(AND(Schulden!J22<Schulden!J17,BH12>0),MAX(0,BH12+BI12-MIN(Schulden!G22,BH12+BI12)),0))),MAX(0,AN12+AO12-MIN(Schulden!G17,AN12+AO12)))+SUMIFS(Sonderzahlungen!$D$8:$D$67,Sonderzahlungen!$G$8:$G$67,$B12,Sonderzahlungen!$E$8:$E$67,"Gezielte Schuld",Sonderzahlungen!$F$8:$F$67,Schulden!B17))) | AQ12: =MAX(0,AN12+AO12-AP12) | AR12: =AU11 | AS12: =IF(AR12<=0,0,AR12*Schulden!F18/12) | AT12: =IF(AR12<=0,0,MIN(AR12+AS12,MIN(Schulden!G18,AR12+AS12)+MIN(MAX(0,Strategie!$C$9+SUMIFS(Sonderzahlungen!$D$8:$D$67,Sonderzahlungen!$G$8:$G$67,$B12,Sonderzahlungen!$E$8:$E$67,"Nach Strategie")-(IF(AND(Schulden!J8<Schulden!J18,D12>0),MAX(0,D12+E12-MIN(Schulden!G8,D12+E12)),0)+IF(AND(Schulden!J9<Schulden!J18,H12>0),MAX(0,H12+I12-MIN(Schulden!G9,H12+I12)),0)+IF(AND(Schulden!J10<Schulden!J18,L12>0),MAX(0,L12+M12-MIN(Schulden!G10,L12+M12)),0)+IF(AND(Schulden!J11<Schulden!J18,P12>0),MAX(0,P12+Q12-MIN(Schulden!G11,P12+Q12)),0)+IF(AND(Schulden!J12<Schulden!J18,T12>0),MAX(0,T12+U12-MIN(Schulden!G12,T12+U12)),0)+IF(AND(Schulden!J13<Schulden!J18,X12>0),MAX(0,X12+Y12-MIN(Schulden!G13,X12+Y12)),0)+IF(AND(Schulden!J14<Schulden!J18,AB12>0),MAX(0,AB12+AC12-MIN(Schulden!G14,AB12+AC12)),0)+IF(AND(Schulden!J15<Schulden!J18,AF12>0),MAX(0,AF12+AG12-MIN(Schulden!G15,AF12+AG12)),0)+IF(AND(Schulden!J16<Schulden!J18,AJ12>0),MAX(0,AJ12+AK12-MIN(Schulden!G16,AJ12+AK12)),0)+IF(AND(Schulden!J17<Schulden!J18,AN12>0),MAX(0,AN12+AO12-MIN(Schulden!G17,AN12+AO12)),0)+IF(AND(Schulden!J18<Schulden!J18,AR12>0),MAX(0,AR12+AS12-MIN(Schulden!G18,AR12+AS12)),0)+IF(AND(Schulden!J19<Schulden!J18,AV12>0),MAX(0,AV12+AW12-MIN(Schulden!G19,AV12+AW12)),0)+IF(AND(Schulden!J20<Schulden!J18,AZ12>0),MAX(0,AZ12+BA12-MIN(Schulden!G20,AZ12+BA12)),0)+IF(AND(Schulden!J21<Schulden!J18,BD12>0),MAX(0,BD12+BE12-MIN(Schulden!G21,BD12+BE12)),0)+IF(AND(Schulden!J22<Schulden!J18,BH12>0),MAX(0,BH12+BI12-MIN(Schulden!G22,BH12+BI12)),0))),MAX(0,AR12+AS12-MIN(Schulden!G18,AR12+AS12)))+SUMIFS(Sonderzahlungen!$D$8:$D$67,Sonderzahlungen!$G$8:$G$67,$B12,Sonderzahlungen!$E$8:$E$67,"Gezielte Schuld",Sonderzahlungen!$F$8:$F$67,Schulden!B18))) | AU12: =MAX(0,AR12+AS12-AT12) | AV12: =AY11 | AW12: =IF(AV12<=0,0,AV12*Schulden!F19/12) | AX12: =IF(AV12<=0,0,MIN(AV12+AW12,MIN(Schulden!G19,AV12+AW12)+MIN(MAX(0,Strategie!$C$9+SUMIFS(Sonderzahlungen!$D$8:$D$67,Sonderzahlungen!$G$8:$G$67,$B12,Sonderzahlungen!$E$8:$E$67,"Nach Strategie")-(IF(AND(Schulden!J8<Schulden!J19,D12>0),MAX(0,D12+E12-MIN(Schulden!G8,D12+E12)),0)+IF(AND(Schulden!J9<Schulden!J19,H12>0),MAX(0,H12+I12-MIN(Schulden!G9,H12+I12)),0)+IF(AND(Schulden!J10<Schulden!J19,L12>0),MAX(0,L12+M12-MIN(Schulden!G10,L12+M12)),0)+IF(AND(Schulden!J11<Schulden!J19,P12>0),MAX(0,P12+Q12-MIN(Schulden!G11,P12+Q12)),0)+IF(AND(Schulden!J12<Schulden!J19,T12>0),MAX(0,T12+U12-MIN(Schulden!G12,T12+U12)),0)+IF(AND(Schulden!J13<Schulden!J19,X12>0),MAX(0,X12+Y12-MIN(Schulden!G13,X12+Y12)),0)+IF(AND(Schulden!J14<Schulden!J19,AB12>0),MAX(0,AB12+AC12-MIN(Schulden!G14,AB12+AC12)),0)+IF(AND(Schulden!J15<Schulden!J19,AF12>0),MAX(0,AF12+AG12-MIN(Schulden!G15,AF12+AG12)),0)+IF(AND(Schulden!J16<Schulden!J19,AJ12>0),MAX(0,AJ12+AK12-MIN(Schulden!G16,AJ12+AK12)),0)+IF(AND(Schulden!J17<Schulden!J19,AN12>0),MAX(0,AN12+AO12-MIN(Schulden!G17,AN12+AO12)),0)+IF(AND(Schulden!J18<Schulden!J19,AR12>0),MAX(0,AR12+AS12-MIN(Schulden!G18,AR12+AS12)),0)+IF(AND(Schulden!J19<Schulden!J19,AV12>0),MAX(0,AV12+AW12-MIN(Schulden!G19,AV12+AW12)),0)+IF(AND(Schulden!J20<Schulden!J19,AZ12>0),MAX(0,AZ12+BA12-MIN(Schulden!G20,AZ12+BA12)),0)+IF(AND(Schulden!J21<Schulden!J19,BD12>0),MAX(0,BD12+BE12-MIN(Schulden!G21,BD12+BE12)),0)+IF(AND(Schulden!J22<Schulden!J19,BH12>0),MAX(0,BH12+BI12-MIN(Schulden!G22,BH12+BI12)),0))),MAX(0,AV12+AW12-MIN(Schulden!G19,AV12+AW12)))+SUMIFS(Sonderzahlungen!$D$8:$D$67,Sonderzahlungen!$G$8:$G$67,$B12,Sonderzahlungen!$E$8:$E$67,"Gezielte Schuld",Sonderzahlungen!$F$8:$F$67,Schulden!B19))) | AY12: =MAX(0,AV12+AW12-AX12) | AZ12: =BC11 | BA12: =IF(AZ12<=0,0,AZ12*Schulden!F20/12) | BB12: =IF(AZ12<=0,0,MIN(AZ12+BA12,MIN(Schulden!G20,AZ12+BA12)+MIN(MAX(0,Strategie!$C$9+SUMIFS(Sonderzahlungen!$D$8:$D$67,Sonderzahlungen!$G$8:$G$67,$B12,Sonderzahlungen!$E$8:$E$67,"Nach Strategie")-(IF(AND(Schulden!J8<Schulden!J20,D12>0),MAX(0,D12+E12-MIN(Schulden!G8,D12+E12)),0)+IF(AND(Schulden!J9<Schulden!J20,H12>0),MAX(0,H12+I12-MIN(Schulden!G9,H12+I12)),0)+IF(AND(Schulden!J10<Schulden!J20,L12>0),MAX(0,L12+M12-MIN(Schulden!G10,L12+M12)),0)+IF(AND(Schulden!J11<Schulden!J20,P12>0),MAX(0,P12+Q12-MIN(Schulden!G11,P12+Q12)),0)+IF(AND(Schulden!J12<Schulden!J20,T12>0),MAX(0,T12+U12-MIN(Schulden!G12,T12+U12)),0)+IF(AND(Schulden!J13<Schulden!J20,X12>0),MAX(0,X12+Y12-MIN(Schulden!G13,X12+Y12)),0)+IF(AND(Schulden!J14<Schulden!J20,AB12>0),MAX(0,AB12+AC12-MIN(Schulden!G14,AB12+AC12)),0)+IF(AND(Schulden!J15<Schulden!J20,AF12>0),MAX(0,AF12+AG12-MIN(Schulden!G15,AF12+AG12)),0)+IF(AND(Schulden!J16<Schulden!J20,AJ12>0),MAX(0,AJ12+AK12-MIN(Schulden!G16,AJ12+AK12)),0)+IF(AND(Schulden!J17<Schulden!J20,AN12>0),MAX(0,AN12+AO12-MIN(Schulden!G17,AN12+AO12)),0)+IF(AND(Schulden!J18<Schulden!J20,AR12>0),MAX(0,AR12+AS12-MIN(Schulden!G18,AR12+AS12)),0)+IF(AND(Schulden!J19<Schulden!J20,AV12>0),MAX(0,AV12+AW12-MIN(Schulden!G19,AV12+AW12)),0)+IF(AND(Schulden!J20<Schulden!J20,AZ12>0),MAX(0,AZ12+BA12-MIN(Schulden!G20,AZ12+BA12)),0)+IF(AND(Schulden!J21<Schulden!J20,BD12>0),MAX(0,BD12+BE12-MIN(Schulden!G21,BD12+BE12)),0)+IF(AND(Schulden!J22<Schulden!J20,BH12>0),MAX(0,BH12+BI12-MIN(Schulden!G22,BH12+BI12)),0))),MAX(0,AZ12+BA12-MIN(Schulden!G20,AZ12+BA12)))+SUMIFS(Sonderzahlungen!$D$8:$D$67,Sonderzahlungen!$G$8:$G$67,$B12,Sonderzahlungen!$E$8:$E$67,"Gezielte Schuld",Sonderzahlungen!$F$8:$F$67,Schulden!B20))) | BC12: =MAX(0,AZ12+BA12-BB12) | BD12: =BG11 | BE12: =IF(BD12<=0,0,BD12*Schulden!F21/12) | BF12: =IF(BD12<=0,0,MIN(BD12+BE12,MIN(Schulden!G21,BD12+BE12)+MIN(MAX(0,Strategie!$C$9+SUMIFS(Sonderzahlungen!$D$8:$D$67,Sonderzahlungen!$G$8:$G$67,$B12,Sonderzahlungen!$E$8:$E$67,"Nach Strategie")-(IF(AND(Schulden!J8<Schulden!J21,D12>0),MAX(0,D12+E12-MIN(Schulden!G8,D12+E12)),0)+IF(AND(Schulden!J9<Schulden!J21,H12>0),MAX(0,H12+I12-MIN(Schulden!G9,H12+I12)),0)+IF(AND(Schulden!J10<Schulden!J21,L12>0),MAX(0,L12+M12-MIN(Schulden!G10,L12+M12)),0)+IF(AND(Schulden!J11<Schulden!J21,P12>0),MAX(0,P12+Q12-MIN(Schulden!G11,P12+Q12)),0)+IF(AND(Schulden!J12<Schulden!J21,T12>0),MAX(0,T12+U12-MIN(Schulden!G12,T12+U12)),0)+IF(AND(Schulden!J13<Schulden!J21,X12>0),MAX(0,X12+Y12-MIN(Schulden!G13,X12+Y12)),0)+IF(AND(Schulden!J14<Schulden!J21,AB12>0),MAX(0,AB12+AC12-MIN(Schulden!G14,AB12+AC12)),0)+IF(AND(Schulden!J15<Schulden!J21,AF12>0),MAX(0,AF12+AG12-MIN(Schulden!G15,AF12+AG12)),0)+IF(AND(Schulden!J16<Schulden!J21,AJ12>0),MAX(0,AJ12+AK12-MIN(Schulden!G16,AJ12+AK12)),0)+IF(AND(Schulden!J17<Schulden!J21,AN12>0),MAX(0,AN12+AO12-MIN(Schulden!G17,AN12+AO12)),0)+IF(AND(Schulden!J18<Schulden!J21,AR12>0),MAX(0,AR12+AS12-MIN(Schulden!G18,AR12+AS12)),0)+IF(AND(Schulden!J19<Schulden!J21,AV12>0),MAX(0,AV12+AW12-MIN(Schulden!G19,AV12+AW12)),0)+IF(AND(Schulden!J20<Schulden!J21,AZ12>0),MAX(0,AZ12+BA12-MIN(Schulden!G20,AZ12+BA12)),0)+IF(AND(Schulden!J21<Schulden!J21,BD12>0),MAX(0,BD12+BE12-MIN(Schulden!G21,BD12+BE12)),0)+IF(AND(Schulden!J22<Schulden!J21,BH12>0),MAX(0,BH12+BI12-MIN(Schulden!G22,BH12+BI12)),0))),MAX(0,BD12+BE12-MIN(Schulden!G21,BD12+BE12)))+SUMIFS(Sonderzahlungen!$D$8:$D$67,Sonderzahlungen!$G$8:$G$67,$B12,Sonderzahlungen!$E$8:$E$67,"Gezielte Schuld",Sonderzahlungen!$F$8:$F$67,Schulden!B21))) | BG12: =MAX(0,BD12+BE12-BF12) | BH12: =BK11 | BI12: =IF(BH12<=0,0,BH12*Schulden!F22/12) | BJ12: =IF(BH12<=0,0,MIN(BH12+BI12,MIN(Schulden!G22,BH12+BI12)+MIN(MAX(0,Strategie!$C$9+SUMIFS(Sonderzahlungen!$D$8:$D$67,Sonderzahlungen!$G$8:$G$67,$B12,Sonderzahlungen!$E$8:$E$67,"Nach Strategie")-(IF(AND(Schulden!J8<Schulden!J22,D12>0),MAX(0,D12+E12-MIN(Schulden!G8,D12+E12)),0)+IF(AND(Schulden!J9<Schulden!J22,H12>0),MAX(0,H12+I12-MIN(Schulden!G9,H12+I12)),0)+IF(AND(Schulden!J10<Schulden!J22,L12>0),MAX(0,L12+M12-MIN(Schulden!G10,L12+M12)),0)+IF(AND(Schulden!J11<Schulden!J22,P12>0),MAX(0,P12+Q12-MIN(Schulden!G11,P12+Q12)),0)+IF(AND(Schulden!J12<Schulden!J22,T12>0),MAX(0,T12+U12-MIN(Schulden!G12,T12+U12)),0)+IF(AND(Schulden!J13<Schulden!J22,X12>0),MAX(0,X12+Y12-MIN(Schulden!G13,X12+Y12)),0)+IF(AND(Schulden!J14<Schulden!J22,AB12>0),MAX(0,AB12+AC12-MIN(Schulden!G14,AB12+AC12)),0)+IF(AND(Schulden!J15<Schulden!J22,AF12>0),MAX(0,AF12+AG12-MIN(Schulden!G15,AF12+AG12)),0)+IF(AND(Schulden!J16<Schulden!J22,AJ12>0),MAX(0,AJ12+AK12-MIN(Schulden!G16,AJ12+AK12)),0)+IF(AND(Schulden!J17<Schulden!J22,AN12>0),MAX(0,AN12+AO12-MIN(Schulden!G17,AN12+AO12)),0)+IF(AND(Schulden!J18<Schulden!J22,AR12>0),MAX(0,AR12+AS12-MIN(Schulden!G18,AR12+AS12)),0)+IF(AND(Schulden!J19<Schulden!J22,AV12>0),MAX(0,AV12+AW12-MIN(Schulden!G19,AV12+AW12)),0)+IF(AND(Schulden!J20<Schulden!J22,AZ12>0),MAX(0,AZ12+BA12-MIN(Schulden!G20,AZ12+BA12)),0)+IF(AND(Schulden!J21<Schulden!J22,BD12>0),MAX(0,BD12+BE12-MIN(Schulden!G21,BD12+BE12)),0)+IF(AND(Schulden!J22<Schulden!J22,BH12>0),MAX(0,BH12+BI12-MIN(Schulden!G22,BH12+BI12)),0))),MAX(0,BH12+BI12-MIN(Schulden!G22,BH12+BI12)))+SUMIFS(Sonderzahlungen!$D$8:$D$67,Sonderzahlungen!$G$8:$G$67,$B12,Sonderzahlungen!$E$8:$E$67,"Gezielte Schuld",Sonderzahlungen!$F$8:$F$67,Schulden!B22))) | BK12: =MAX(0,BH12+BI12-BJ12)
B13: =EDATE(B12,1) | C13: =SUMIFS(Sonderzahlungen!$D$8:$D$67,Sonderzahlungen!$G$8:$G$67,B13) | D13: =G12 | E13: =IF(D13<=0,0,D13*Schulden!F8/12) | F13: =IF(D13<=0,0,MIN(D13+E13,MIN(Schulden!G8,D13+E13)+MIN(MAX(0,Strategie!$C$9+SUMIFS(Sonderzahlungen!$D$8:$D$67,Sonderzahlungen!$G$8:$G$67,$B13,Sonderzahlungen!$E$8:$E$67,"Nach Strategie")-(IF(AND(Schulden!J8<Schulden!J8,D13>0),MAX(0,D13+E13-MIN(Schulden!G8,D13+E13)),0)+IF(AND(Schulden!J9<Schulden!J8,H13>0),MAX(0,H13+I13-MIN(Schulden!G9,H13+I13)),0)+IF(AND(Schulden!J10<Schulden!J8,L13>0),MAX(0,L13+M13-MIN(Schulden!G10,L13+M13)),0)+IF(AND(Schulden!J11<Schulden!J8,P13>0),MAX(0,P13+Q13-MIN(Schulden!G11,P13+Q13)),0)+IF(AND(Schulden!J12<Schulden!J8,T13>0),MAX(0,T13+U13-MIN(Schulden!G12,T13+U13)),0)+IF(AND(Schulden!J13<Schulden!J8,X13>0),MAX(0,X13+Y13-MIN(Schulden!G13,X13+Y13)),0)+IF(AND(Schulden!J14<Schulden!J8,AB13>0),MAX(0,AB13+AC13-MIN(Schulden!G14,AB13+AC13)),0)+IF(AND(Schulden!J15<Schulden!J8,AF13>0),MAX(0,AF13+AG13-MIN(Schulden!G15,AF13+AG13)),0)+IF(AND(Schulden!J16<Schulden!J8,AJ13>0),MAX(0,AJ13+AK13-MIN(Schulden!G16,AJ13+AK13)),0)+IF(AND(Schulden!J17<Schulden!J8,AN13>0),MAX(0,AN13+AO13-MIN(Schulden!G17,AN13+AO13)),0)+IF(AND(Schulden!J18<Schulden!J8,AR13>0),MAX(0,AR13+AS13-MIN(Schulden!G18,AR13+AS13)),0)+IF(AND(Schulden!J19<Schulden!J8,AV13>0),MAX(0,AV13+AW13-MIN(Schulden!G19,AV13+AW13)),0)+IF(AND(Schulden!J20<Schulden!J8,AZ13>0),MAX(0,AZ13+BA13-MIN(Schulden!G20,AZ13+BA13)),0)+IF(AND(Schulden!J21<Schulden!J8,BD13>0),MAX(0,BD13+BE13-MIN(Schulden!G21,BD13+BE13)),0)+IF(AND(Schulden!J22<Schulden!J8,BH13>0),MAX(0,BH13+BI13-MIN(Schulden!G22,BH13+BI13)),0))),MAX(0,D13+E13-MIN(Schulden!G8,D13+E13)))+SUMIFS(Sonderzahlungen!$D$8:$D$67,Sonderzahlungen!$G$8:$G$67,$B13,Sonderzahlungen!$E$8:$E$67,"Gezielte Schuld",Sonderzahlungen!$F$8:$F$67,Schulden!B8))) | G13: =MAX(0,D13+E13-F13) | H13: =K12 | I13: =IF(H13<=0,0,H13*Schulden!F9/12) | J13: =IF(H13<=0,0,MIN(H13+I13,MIN(Schulden!G9,H13+I13)+MIN(MAX(0,Strategie!$C$9+SUMIFS(Sonderzahlungen!$D$8:$D$67,Sonderzahlungen!$G$8:$G$67,$B13,Sonderzahlungen!$E$8:$E$67,"Nach Strategie")-(IF(AND(Schulden!J8<Schulden!J9,D13>0),MAX(0,D13+E13-MIN(Schulden!G8,D13+E13)),0)+IF(AND(Schulden!J9<Schulden!J9,H13>0),MAX(0,H13+I13-MIN(Schulden!G9,H13+I13)),0)+IF(AND(Schulden!J10<Schulden!J9,L13>0),MAX(0,L13+M13-MIN(Schulden!G10,L13+M13)),0)+IF(AND(Schulden!J11<Schulden!J9,P13>0),MAX(0,P13+Q13-MIN(Schulden!G11,P13+Q13)),0)+IF(AND(Schulden!J12<Schulden!J9,T13>0),MAX(0,T13+U13-MIN(Schulden!G12,T13+U13)),0)+IF(AND(Schulden!J13<Schulden!J9,X13>0),MAX(0,X13+Y13-MIN(Schulden!G13,X13+Y13)),0)+IF(AND(Schulden!J14<Schulden!J9,AB13>0),MAX(0,AB13+AC13-MIN(Schulden!G14,AB13+AC13)),0)+IF(AND(Schulden!J15<Schulden!J9,AF13>0),MAX(0,AF13+AG13-MIN(Schulden!G15,AF13+AG13)),0)+IF(AND(Schulden!J16<Schulden!J9,AJ13>0),MAX(0,AJ13+AK13-MIN(Schulden!G16,AJ13+AK13)),0)+IF(AND(Schulden!J17<Schulden!J9,AN13>0),MAX(0,AN13+AO13-MIN(Schulden!G17,AN13+AO13)),0)+IF(AND(Schulden!J18<Schulden!J9,AR13>0),MAX(0,AR13+AS13-MIN(Schulden!G18,AR13+AS13)),0)+IF(AND(Schulden!J19<Schulden!J9,AV13>0),MAX(0,AV13+AW13-MIN(Schulden!G19,AV13+AW13)),0)+IF(AND(Schulden!J20<Schulden!J9,AZ13>0),MAX(0,AZ13+BA13-MIN(Schulden!G20,AZ13+BA13)),0)+IF(AND(Schulden!J21<Schulden!J9,BD13>0),MAX(0,BD13+BE13-MIN(Schulden!G21,BD13+BE13)),0)+IF(AND(Schulden!J22<Schulden!J9,BH13>0),MAX(0,BH13+BI13-MIN(Schulden!G22,BH13+BI13)),0))),MAX(0,H13+I13-MIN(Schulden!G9,H13+I13)))+SUMIFS(Sonderzahlungen!$D$8:$D$67,Sonderzahlungen!$G$8:$G$67,$B13,Sonderzahlungen!$E$8:$E$67,"Gezielte Schuld",Sonderzahlungen!$F$8:$F$67,Schulden!B9))) | K13: =MAX(0,H13+I13-J13) | L13: =O12 | M13: =IF(L13<=0,0,L13*Schulden!F10/12) | N13: =IF(L13<=0,0,MIN(L13+M13,MIN(Schulden!G10,L13+M13)+MIN(MAX(0,Strategie!$C$9+SUMIFS(Sonderzahlungen!$D$8:$D$67,Sonderzahlungen!$G$8:$G$67,$B13,Sonderzahlungen!$E$8:$E$67,"Nach Strategie")-(IF(AND(Schulden!J8<Schulden!J10,D13>0),MAX(0,D13+E13-MIN(Schulden!G8,D13+E13)),0)+IF(AND(Schulden!J9<Schulden!J10,H13>0),MAX(0,H13+I13-MIN(Schulden!G9,H13+I13)),0)+IF(AND(Schulden!J10<Schulden!J10,L13>0),MAX(0,L13+M13-MIN(Schulden!G10,L13+M13)),0)+IF(AND(Schulden!J11<Schulden!J10,P13>0),MAX(0,P13+Q13-MIN(Schulden!G11,P13+Q13)),0)+IF(AND(Schulden!J12<Schulden!J10,T13>0),MAX(0,T13+U13-MIN(Schulden!G12,T13+U13)),0)+IF(AND(Schulden!J13<Schulden!J10,X13>0),MAX(0,X13+Y13-MIN(Schulden!G13,X13+Y13)),0)+IF(AND(Schulden!J14<Schulden!J10,AB13>0),MAX(0,AB13+AC13-MIN(Schulden!G14,AB13+AC13)),0)+IF(AND(Schulden!J15<Schulden!J10,AF13>0),MAX(0,AF13+AG13-MIN(Schulden!G15,AF13+AG13)),0)+IF(AND(Schulden!J16<Schulden!J10,AJ13>0),MAX(0,AJ13+AK13-MIN(Schulden!G16,AJ13+AK13)),0)+IF(AND(Schulden!J17<Schulden!J10,AN13>0),MAX(0,AN13+AO13-MIN(Schulden!G17,AN13+AO13)),0)+IF(AND(Schulden!J18<Schulden!J10,AR13>0),MAX(0,AR13+AS13-MIN(Schulden!G18,AR13+AS13)),0)+IF(AND(Schulden!J19<Schulden!J10,AV13>0),MAX(0,AV13+AW13-MIN(Schulden!G19,AV13+AW13)),0)+IF(AND(Schulden!J20<Schulden!J10,AZ13>0),MAX(0,AZ13+BA13-MIN(Schulden!G20,AZ13+BA13)),0)+IF(AND(Schulden!J21<Schulden!J10,BD13>0),MAX(0,BD13+BE13-MIN(Schulden!G21,BD13+BE13)),0)+IF(AND(Schulden!J22<Schulden!J10,BH13>0),MAX(0,BH13+BI13-MIN(Schulden!G22,BH13+BI13)),0))),MAX(0,L13+M13-MIN(Schulden!G10,L13+M13)))+SUMIFS(Sonderzahlungen!$D$8:$D$67,Sonderzahlungen!$G$8:$G$67,$B13,Sonderzahlungen!$E$8:$E$67,"Gezielte Schuld",Sonderzahlungen!$F$8:$F$67,Schulden!B10))) | O13: =MAX(0,L13+M13-N13) | P13: =S12 | Q13: =IF(P13<=0,0,P13*Schulden!F11/12) | R13: =IF(P13<=0,0,MIN(P13+Q13,MIN(Schulden!G11,P13+Q13)+MIN(MAX(0,Strategie!$C$9+SUMIFS(Sonderzahlungen!$D$8:$D$67,Sonderzahlungen!$G$8:$G$67,$B13,Sonderzahlungen!$E$8:$E$67,"Nach Strategie")-(IF(AND(Schulden!J8<Schulden!J11,D13>0),MAX(0,D13+E13-MIN(Schulden!G8,D13+E13)),0)+IF(AND(Schulden!J9<Schulden!J11,H13>0),MAX(0,H13+I13-MIN(Schulden!G9,H13+I13)),0)+IF(AND(Schulden!J10<Schulden!J11,L13>0),MAX(0,L13+M13-MIN(Schulden!G10,L13+M13)),0)+IF(AND(Schulden!J11<Schulden!J11,P13>0),MAX(0,P13+Q13-MIN(Schulden!G11,P13+Q13)),0)+IF(AND(Schulden!J12<Schulden!J11,T13>0),MAX(0,T13+U13-MIN(Schulden!G12,T13+U13)),0)+IF(AND(Schulden!J13<Schulden!J11,X13>0),MAX(0,X13+Y13-MIN(Schulden!G13,X13+Y13)),0)+IF(AND(Schulden!J14<Schulden!J11,AB13>0),MAX(0,AB13+AC13-MIN(Schulden!G14,AB13+AC13)),0)+IF(AND(Schulden!J15<Schulden!J11,AF13>0),MAX(0,AF13+AG13-MIN(Schulden!G15,AF13+AG13)),0)+IF(AND(Schulden!J16<Schulden!J11,AJ13>0),MAX(0,AJ13+AK13-MIN(Schulden!G16,AJ13+AK13)),0)+IF(AND(Schulden!J17<Schulden!J11,AN13>0),MAX(0,AN13+AO13-MIN(Schulden!G17,AN13+AO13)),0)+IF(AND(Schulden!J18<Schulden!J11,AR13>0),MAX(0,AR13+AS13-MIN(Schulden!G18,AR13+AS13)),0)+IF(AND(Schulden!J19<Schulden!J11,AV13>0),MAX(0,AV13+AW13-MIN(Schulden!G19,AV13+AW13)),0)+IF(AND(Schulden!J20<Schulden!J11,AZ13>0),MAX(0,AZ13+BA13-MIN(Schulden!G20,AZ13+BA13)),0)+IF(AND(Schulden!J21<Schulden!J11,BD13>0),MAX(0,BD13+BE13-MIN(Schulden!G21,BD13+BE13)),0)+IF(AND(Schulden!J22<Schulden!J11,BH13>0),MAX(0,BH13+BI13-MIN(Schulden!G22,BH13+BI13)),0))),MAX(0,P13+Q13-MIN(Schulden!G11,P13+Q13)))+SUMIFS(Sonderzahlungen!$D$8:$D$67,Sonderzahlungen!$G$8:$G$67,$B13,Sonderzahlungen!$E$8:$E$67,"Gezielte Schuld",Sonderzahlungen!$F$8:$F$67,Schulden!B11))) | S13: =MAX(0,P13+Q13-R13) | T13: =W12 | U13: =IF(T13<=0,0,T13*Schulden!F12/12) | V13: =IF(T13<=0,0,MIN(T13+U13,MIN(Schulden!G12,T13+U13)+MIN(MAX(0,Strategie!$C$9+SUMIFS(Sonderzahlungen!$D$8:$D$67,Sonderzahlungen!$G$8:$G$67,$B13,Sonderzahlungen!$E$8:$E$67,"Nach Strategie")-(IF(AND(Schulden!J8<Schulden!J12,D13>0),MAX(0,D13+E13-MIN(Schulden!G8,D13+E13)),0)+IF(AND(Schulden!J9<Schulden!J12,H13>0),MAX(0,H13+I13-MIN(Schulden!G9,H13+I13)),0)+IF(AND(Schulden!J10<Schulden!J12,L13>0),MAX(0,L13+M13-MIN(Schulden!G10,L13+M13)),0)+IF(AND(Schulden!J11<Schulden!J12,P13>0),MAX(0,P13+Q13-MIN(Schulden!G11,P13+Q13)),0)+IF(AND(Schulden!J12<Schulden!J12,T13>0),MAX(0,T13+U13-MIN(Schulden!G12,T13+U13)),0)+IF(AND(Schulden!J13<Schulden!J12,X13>0),MAX(0,X13+Y13-MIN(Schulden!G13,X13+Y13)),0)+IF(AND(Schulden!J14<Schulden!J12,AB13>0),MAX(0,AB13+AC13-MIN(Schulden!G14,AB13+AC13)),0)+IF(AND(Schulden!J15<Schulden!J12,AF13>0),MAX(0,AF13+AG13-MIN(Schulden!G15,AF13+AG13)),0)+IF(AND(Schulden!J16<Schulden!J12,AJ13>0),MAX(0,AJ13+AK13-MIN(Schulden!G16,AJ13+AK13)),0)+IF(AND(Schulden!J17<Schulden!J12,AN13>0),MAX(0,AN13+AO13-MIN(Schulden!G17,AN13+AO13)),0)+IF(AND(Schulden!J18<Schulden!J12,AR13>0),MAX(0,AR13+AS13-MIN(Schulden!G18,AR13+AS13)),0)+IF(AND(Schulden!J19<Schulden!J12,AV13>0),MAX(0,AV13+AW13-MIN(Schulden!G19,AV13+AW13)),0)+IF(AND(Schulden!J20<Schulden!J12,AZ13>0),MAX(0,AZ13+BA13-MIN(Schulden!G20,AZ13+BA13)),0)+IF(AND(Schulden!J21<Schulden!J12,BD13>0),MAX(0,BD13+BE13-MIN(Schulden!G21,BD13+BE13)),0)+IF(AND(Schulden!J22<Schulden!J12,BH13>0),MAX(0,BH13+BI13-MIN(Schulden!G22,BH13+BI13)),0))),MAX(0,T13+U13-MIN(Schulden!G12,T13+U13)))+SUMIFS(Sonderzahlungen!$D$8:$D$67,Sonderzahlungen!$G$8:$G$67,$B13,Sonderzahlungen!$E$8:$E$67,"Gezielte Schuld",Sonderzahlungen!$F$8:$F$67,Schulden!B12))) | W13: =MAX(0,T13+U13-V13) | X13: =AA12 | Y13: =IF(X13<=0,0,X13*Schulden!F13/12) | Z13: =IF(X13<=0,0,MIN(X13+Y13,MIN(Schulden!G13,X13+Y13)+MIN(MAX(0,Strategie!$C$9+SUMIFS(Sonderzahlungen!$D$8:$D$67,Sonderzahlungen!$G$8:$G$67,$B13,Sonderzahlungen!$E$8:$E$67,"Nach Strategie")-(IF(AND(Schulden!J8<Schulden!J13,D13>0),MAX(0,D13+E13-MIN(Schulden!G8,D13+E13)),0)+IF(AND(Schulden!J9<Schulden!J13,H13>0),MAX(0,H13+I13-MIN(Schulden!G9,H13+I13)),0)+IF(AND(Schulden!J10<Schulden!J13,L13>0),MAX(0,L13+M13-MIN(Schulden!G10,L13+M13)),0)+IF(AND(Schulden!J11<Schulden!J13,P13>0),MAX(0,P13+Q13-MIN(Schulden!G11,P13+Q13)),0)+IF(AND(Schulden!J12<Schulden!J13,T13>0),MAX(0,T13+U13-MIN(Schulden!G12,T13+U13)),0)+IF(AND(Schulden!J13<Schulden!J13,X13>0),MAX(0,X13+Y13-MIN(Schulden!G13,X13+Y13)),0)+IF(AND(Schulden!J14<Schulden!J13,AB13>0),MAX(0,AB13+AC13-MIN(Schulden!G14,AB13+AC13)),0)+IF(AND(Schulden!J15<Schulden!J13,AF13>0),MAX(0,AF13+AG13-MIN(Schulden!G15,AF13+AG13)),0)+IF(AND(Schulden!J16<Schulden!J13,AJ13>0),MAX(0,AJ13+AK13-MIN(Schulden!G16,AJ13+AK13)),0)+IF(AND(Schulden!J17<Schulden!J13,AN13>0),MAX(0,AN13+AO13-MIN(Schulden!G17,AN13+AO13)),0)+IF(AND(Schulden!J18<Schulden!J13,AR13>0),MAX(0,AR13+AS13-MIN(Schulden!G18,AR13+AS13)),0)+IF(AND(Schulden!J19<Schulden!J13,AV13>0),MAX(0,AV13+AW13-MIN(Schulden!G19,AV13+AW13)),0)+IF(AND(Schulden!J20<Schulden!J13,AZ13>0),MAX(0,AZ13+BA13-MIN(Schulden!G20,AZ13+BA13)),0)+IF(AND(Schulden!J21<Schulden!J13,BD13>0),MAX(0,BD13+BE13-MIN(Schulden!G21,BD13+BE13)),0)+IF(AND(Schulden!J22<Schulden!J13,BH13>0),MAX(0,BH13+BI13-MIN(Schulden!G22,BH13+BI13)),0))),MAX(0,X13+Y13-MIN(Schulden!G13,X13+Y13)))+SUMIFS(Sonderzahlungen!$D$8:$D$67,Sonderzahlungen!$G$8:$G$67,$B13,Sonderzahlungen!$E$8:$E$67,"Gezielte Schuld",Sonderzahlungen!$F$8:$F$67,Schulden!B13))) | AA13: =MAX(0,X13+Y13-Z13) | AB13: =AE12 | AC13: =IF(AB13<=0,0,AB13*Schulden!F14/12) | AD13: =IF(AB13<=0,0,MIN(AB13+AC13,MIN(Schulden!G14,AB13+AC13)+MIN(MAX(0,Strategie!$C$9+SUMIFS(Sonderzahlungen!$D$8:$D$67,Sonderzahlungen!$G$8:$G$67,$B13,Sonderzahlungen!$E$8:$E$67,"Nach Strategie")-(IF(AND(Schulden!J8<Schulden!J14,D13>0),MAX(0,D13+E13-MIN(Schulden!G8,D13+E13)),0)+IF(AND(Schulden!J9<Schulden!J14,H13>0),MAX(0,H13+I13-MIN(Schulden!G9,H13+I13)),0)+IF(AND(Schulden!J10<Schulden!J14,L13>0),MAX(0,L13+M13-MIN(Schulden!G10,L13+M13)),0)+IF(AND(Schulden!J11<Schulden!J14,P13>0),MAX(0,P13+Q13-MIN(Schulden!G11,P13+Q13)),0)+IF(AND(Schulden!J12<Schulden!J14,T13>0),MAX(0,T13+U13-MIN(Schulden!G12,T13+U13)),0)+IF(AND(Schulden!J13<Schulden!J14,X13>0),MAX(0,X13+Y13-MIN(Schulden!G13,X13+Y13)),0)+IF(AND(Schulden!J14<Schulden!J14,AB13>0),MAX(0,AB13+AC13-MIN(Schulden!G14,AB13+AC13)),0)+IF(AND(Schulden!J15<Schulden!J14,AF13>0),MAX(0,AF13+AG13-MIN(Schulden!G15,AF13+AG13)),0)+IF(AND(Schulden!J16<Schulden!J14,AJ13>0),MAX(0,AJ13+AK13-MIN(Schulden!G16,AJ13+AK13)),0)+IF(AND(Schulden!J17<Schulden!J14,AN13>0),MAX(0,AN13+AO13-MIN(Schulden!G17,AN13+AO13)),0)+IF(AND(Schulden!J18<Schulden!J14,AR13>0),MAX(0,AR13+AS13-MIN(Schulden!G18,AR13+AS13)),0)+IF(AND(Schulden!J19<Schulden!J14,AV13>0),MAX(0,AV13+AW13-MIN(Schulden!G19,AV13+AW13)),0)+IF(AND(Schulden!J20<Schulden!J14,AZ13>0),MAX(0,AZ13+BA13-MIN(Schulden!G20,AZ13+BA13)),0)+IF(AND(Schulden!J21<Schulden!J14,BD13>0),MAX(0,BD13+BE13-MIN(Schulden!G21,BD13+BE13)),0)+IF(AND(Schulden!J22<Schulden!J14,BH13>0),MAX(0,BH13+BI13-MIN(Schulden!G22,BH13+BI13)),0))),MAX(0,AB13+AC13-MIN(Schulden!G14,AB13+AC13)))+SUMIFS(Sonderzahlungen!$D$8:$D$67,Sonderzahlungen!$G$8:$G$67,$B13,Sonderzahlungen!$E$8:$E$67,"Gezielte Schuld",Sonderzahlungen!$F$8:$F$67,Schulden!B14))) | AE13: =MAX(0,AB13+AC13-AD13) | AF13: =AI12 | AG13: =IF(AF13<=0,0,AF13*Schulden!F15/12) | AH13: =IF(AF13<=0,0,MIN(AF13+AG13,MIN(Schulden!G15,AF13+AG13)+MIN(MAX(0,Strategie!$C$9+SUMIFS(Sonderzahlungen!$D$8:$D$67,Sonderzahlungen!$G$8:$G$67,$B13,Sonderzahlungen!$E$8:$E$67,"Nach Strategie")-(IF(AND(Schulden!J8<Schulden!J15,D13>0),MAX(0,D13+E13-MIN(Schulden!G8,D13+E13)),0)+IF(AND(Schulden!J9<Schulden!J15,H13>0),MAX(0,H13+I13-MIN(Schulden!G9,H13+I13)),0)+IF(AND(Schulden!J10<Schulden!J15,L13>0),MAX(0,L13+M13-MIN(Schulden!G10,L13+M13)),0)+IF(AND(Schulden!J11<Schulden!J15,P13>0),MAX(0,P13+Q13-MIN(Schulden!G11,P13+Q13)),0)+IF(AND(Schulden!J12<Schulden!J15,T13>0),MAX(0,T13+U13-MIN(Schulden!G12,T13+U13)),0)+IF(AND(Schulden!J13<Schulden!J15,X13>0),MAX(0,X13+Y13-MIN(Schulden!G13,X13+Y13)),0)+IF(AND(Schulden!J14<Schulden!J15,AB13>0),MAX(0,AB13+AC13-MIN(Schulden!G14,AB13+AC13)),0)+IF(AND(Schulden!J15<Schulden!J15,AF13>0),MAX(0,AF13+AG13-MIN(Schulden!G15,AF13+AG13)),0)+IF(AND(Schulden!J16<Schulden!J15,AJ13>0),MAX(0,AJ13+AK13-MIN(Schulden!G16,AJ13+AK13)),0)+IF(AND(Schulden!J17<Schulden!J15,AN13>0),MAX(0,AN13+AO13-MIN(Schulden!G17,AN13+AO13)),0)+IF(AND(Schulden!J18<Schulden!J15,AR13>0),MAX(0,AR13+AS13-MIN(Schulden!G18,AR13+AS13)),0)+IF(AND(Schulden!J19<Schulden!J15,AV13>0),MAX(0,AV13+AW13-MIN(Schulden!G19,AV13+AW13)),0)+IF(AND(Schulden!J20<Schulden!J15,AZ13>0),MAX(0,AZ13+BA13-MIN(Schulden!G20,AZ13+BA13)),0)+IF(AND(Schulden!J21<Schulden!J15,BD13>0),MAX(0,BD13+BE13-MIN(Schulden!G21,BD13+BE13)),0)+IF(AND(Schulden!J22<Schulden!J15,BH13>0),MAX(0,BH13+BI13-MIN(Schulden!G22,BH13+BI13)),0))),MAX(0,AF13+AG13-MIN(Schulden!G15,AF13+AG13)))+SUMIFS(Sonderzahlungen!$D$8:$D$67,Sonderzahlungen!$G$8:$G$67,$B13,Sonderzahlungen!$E$8:$E$67,"Gezielte Schuld",Sonderzahlungen!$F$8:$F$67,Schulden!B15))) | AI13: =MAX(0,AF13+AG13-AH13) | AJ13: =AM12 | AK13: =IF(AJ13<=0,0,AJ13*Schulden!F16/12) | AL13: =IF(AJ13<=0,0,MIN(AJ13+AK13,MIN(Schulden!G16,AJ13+AK13)+MIN(MAX(0,Strategie!$C$9+SUMIFS(Sonderzahlungen!$D$8:$D$67,Sonderzahlungen!$G$8:$G$67,$B13,Sonderzahlungen!$E$8:$E$67,"Nach Strategie")-(IF(AND(Schulden!J8<Schulden!J16,D13>0),MAX(0,D13+E13-MIN(Schulden!G8,D13+E13)),0)+IF(AND(Schulden!J9<Schulden!J16,H13>0),MAX(0,H13+I13-MIN(Schulden!G9,H13+I13)),0)+IF(AND(Schulden!J10<Schulden!J16,L13>0),MAX(0,L13+M13-MIN(Schulden!G10,L13+M13)),0)+IF(AND(Schulden!J11<Schulden!J16,P13>0),MAX(0,P13+Q13-MIN(Schulden!G11,P13+Q13)),0)+IF(AND(Schulden!J12<Schulden!J16,T13>0),MAX(0,T13+U13-MIN(Schulden!G12,T13+U13)),0)+IF(AND(Schulden!J13<Schulden!J16,X13>0),MAX(0,X13+Y13-MIN(Schulden!G13,X13+Y13)),0)+IF(AND(Schulden!J14<Schulden!J16,AB13>0),MAX(0,AB13+AC13-MIN(Schulden!G14,AB13+AC13)),0)+IF(AND(Schulden!J15<Schulden!J16,AF13>0),MAX(0,AF13+AG13-MIN(Schulden!G15,AF13+AG13)),0)+IF(AND(Schulden!J16<Schulden!J16,AJ13>0),MAX(0,AJ13+AK13-MIN(Schulden!G16,AJ13+AK13)),0)+IF(AND(Schulden!J17<Schulden!J16,AN13>0),MAX(0,AN13+AO13-MIN(Schulden!G17,AN13+AO13)),0)+IF(AND(Schulden!J18<Schulden!J16,AR13>0),MAX(0,AR13+AS13-MIN(Schulden!G18,AR13+AS13)),0)+IF(AND(Schulden!J19<Schulden!J16,AV13>0),MAX(0,AV13+AW13-MIN(Schulden!G19,AV13+AW13)),0)+IF(AND(Schulden!J20<Schulden!J16,AZ13>0),MAX(0,AZ13+BA13-MIN(Schulden!G20,AZ13+BA13)),0)+IF(AND(Schulden!J21<Schulden!J16,BD13>0),MAX(0,BD13+BE13-MIN(Schulden!G21,BD13+BE13)),0)+IF(AND(Schulden!J22<Schulden!J16,BH13>0),MAX(0,BH13+BI13-MIN(Schulden!G22,BH13+BI13)),0))),MAX(0,AJ13+AK13-MIN(Schulden!G16,AJ13+AK13)))+SUMIFS(Sonderzahlungen!$D$8:$D$67,Sonderzahlungen!$G$8:$G$67,$B13,Sonderzahlungen!$E$8:$E$67,"Gezielte Schuld",Sonderzahlungen!$F$8:$F$67,Schulden!B16))) | AM13: =MAX(0,AJ13+AK13-AL13) | AN13: =AQ12 | AO13: =IF(AN13<=0,0,AN13*Schulden!F17/12) | AP13: =IF(AN13<=0,0,MIN(AN13+AO13,MIN(Schulden!G17,AN13+AO13)+MIN(MAX(0,Strategie!$C$9+SUMIFS(Sonderzahlungen!$D$8:$D$67,Sonderzahlungen!$G$8:$G$67,$B13,Sonderzahlungen!$E$8:$E$67,"Nach Strategie")-(IF(AND(Schulden!J8<Schulden!J17,D13>0),MAX(0,D13+E13-MIN(Schulden!G8,D13+E13)),0)+IF(AND(Schulden!J9<Schulden!J17,H13>0),MAX(0,H13+I13-MIN(Schulden!G9,H13+I13)),0)+IF(AND(Schulden!J10<Schulden!J17,L13>0),MAX(0,L13+M13-MIN(Schulden!G10,L13+M13)),0)+IF(AND(Schulden!J11<Schulden!J17,P13>0),MAX(0,P13+Q13-MIN(Schulden!G11,P13+Q13)),0)+IF(AND(Schulden!J12<Schulden!J17,T13>0),MAX(0,T13+U13-MIN(Schulden!G12,T13+U13)),0)+IF(AND(Schulden!J13<Schulden!J17,X13>0),MAX(0,X13+Y13-MIN(Schulden!G13,X13+Y13)),0)+IF(AND(Schulden!J14<Schulden!J17,AB13>0),MAX(0,AB13+AC13-MIN(Schulden!G14,AB13+AC13)),0)+IF(AND(Schulden!J15<Schulden!J17,AF13>0),MAX(0,AF13+AG13-MIN(Schulden!G15,AF13+AG13)),0)+IF(AND(Schulden!J16<Schulden!J17,AJ13>0),MAX(0,AJ13+AK13-MIN(Schulden!G16,AJ13+AK13)),0)+IF(AND(Schulden!J17<Schulden!J17,AN13>0),MAX(0,AN13+AO13-MIN(Schulden!G17,AN13+AO13)),0)+IF(AND(Schulden!J18<Schulden!J17,AR13>0),MAX(0,AR13+AS13-MIN(Schulden!G18,AR13+AS13)),0)+IF(AND(Schulden!J19<Schulden!J17,AV13>0),MAX(0,AV13+AW13-MIN(Schulden!G19,AV13+AW13)),0)+IF(AND(Schulden!J20<Schulden!J17,AZ13>0),MAX(0,AZ13+BA13-MIN(Schulden!G20,AZ13+BA13)),0)+IF(AND(Schulden!J21<Schulden!J17,BD13>0),MAX(0,BD13+BE13-MIN(Schulden!G21,BD13+BE13)),0)+IF(AND(Schulden!J22<Schulden!J17,BH13>0),MAX(0,BH13+BI13-MIN(Schulden!G22,BH13+BI13)),0))),MAX(0,AN13+AO13-MIN(Schulden!G17,AN13+AO13)))+SUMIFS(Sonderzahlungen!$D$8:$D$67,Sonderzahlungen!$G$8:$G$67,$B13,Sonderzahlungen!$E$8:$E$67,"Gezielte Schuld",Sonderzahlungen!$F$8:$F$67,Schulden!B17))) | AQ13: =MAX(0,AN13+AO13-AP13) | AR13: =AU12 | AS13: =IF(AR13<=0,0,AR13*Schulden!F18/12) | AT13: =IF(AR13<=0,0,MIN(AR13+AS13,MIN(Schulden!G18,AR13+AS13)+MIN(MAX(0,Strategie!$C$9+SUMIFS(Sonderzahlungen!$D$8:$D$67,Sonderzahlungen!$G$8:$G$67,$B13,Sonderzahlungen!$E$8:$E$67,"Nach Strategie")-(IF(AND(Schulden!J8<Schulden!J18,D13>0),MAX(0,D13+E13-MIN(Schulden!G8,D13+E13)),0)+IF(AND(Schulden!J9<Schulden!J18,H13>0),MAX(0,H13+I13-MIN(Schulden!G9,H13+I13)),0)+IF(AND(Schulden!J10<Schulden!J18,L13>0),MAX(0,L13+M13-MIN(Schulden!G10,L13+M13)),0)+IF(AND(Schulden!J11<Schulden!J18,P13>0),MAX(0,P13+Q13-MIN(Schulden!G11,P13+Q13)),0)+IF(AND(Schulden!J12<Schulden!J18,T13>0),MAX(0,T13+U13-MIN(Schulden!G12,T13+U13)),0)+IF(AND(Schulden!J13<Schulden!J18,X13>0),MAX(0,X13+Y13-MIN(Schulden!G13,X13+Y13)),0)+IF(AND(Schulden!J14<Schulden!J18,AB13>0),MAX(0,AB13+AC13-MIN(Schulden!G14,AB13+AC13)),0)+IF(AND(Schulden!J15<Schulden!J18,AF13>0),MAX(0,AF13+AG13-MIN(Schulden!G15,AF13+AG13)),0)+IF(AND(Schulden!J16<Schulden!J18,AJ13>0),MAX(0,AJ13+AK13-MIN(Schulden!G16,AJ13+AK13)),0)+IF(AND(Schulden!J17<Schulden!J18,AN13>0),MAX(0,AN13+AO13-MIN(Schulden!G17,AN13+AO13)),0)+IF(AND(Schulden!J18<Schulden!J18,AR13>0),MAX(0,AR13+AS13-MIN(Schulden!G18,AR13+AS13)),0)+IF(AND(Schulden!J19<Schulden!J18,AV13>0),MAX(0,AV13+AW13-MIN(Schulden!G19,AV13+AW13)),0)+IF(AND(Schulden!J20<Schulden!J18,AZ13>0),MAX(0,AZ13+BA13-MIN(Schulden!G20,AZ13+BA13)),0)+IF(AND(Schulden!J21<Schulden!J18,BD13>0),MAX(0,BD13+BE13-MIN(Schulden!G21,BD13+BE13)),0)+IF(AND(Schulden!J22<Schulden!J18,BH13>0),MAX(0,BH13+BI13-MIN(Schulden!G22,BH13+BI13)),0))),MAX(0,AR13+AS13-MIN(Schulden!G18,AR13+AS13)))+SUMIFS(Sonderzahlungen!$D$8:$D$67,Sonderzahlungen!$G$8:$G$67,$B13,Sonderzahlungen!$E$8:$E$67,"Gezielte Schuld",Sonderzahlungen!$F$8:$F$67,Schulden!B18))) | AU13: =MAX(0,AR13+AS13-AT13) | AV13: =AY12 | AW13: =IF(AV13<=0,0,AV13*Schulden!F19/12) | AX13: =IF(AV13<=0,0,MIN(AV13+AW13,MIN(Schulden!G19,AV13+AW13)+MIN(MAX(0,Strategie!$C$9+SUMIFS(Sonderzahlungen!$D$8:$D$67,Sonderzahlungen!$G$8:$G$67,$B13,Sonderzahlungen!$E$8:$E$67,"Nach Strategie")-(IF(AND(Schulden!J8<Schulden!J19,D13>0),MAX(0,D13+E13-MIN(Schulden!G8,D13+E13)),0)+IF(AND(Schulden!J9<Schulden!J19,H13>0),MAX(0,H13+I13-MIN(Schulden!G9,H13+I13)),0)+IF(AND(Schulden!J10<Schulden!J19,L13>0),MAX(0,L13+M13-MIN(Schulden!G10,L13+M13)),0)+IF(AND(Schulden!J11<Schulden!J19,P13>0),MAX(0,P13+Q13-MIN(Schulden!G11,P13+Q13)),0)+IF(AND(Schulden!J12<Schulden!J19,T13>0),MAX(0,T13+U13-MIN(Schulden!G12,T13+U13)),0)+IF(AND(Schulden!J13<Schulden!J19,X13>0),MAX(0,X13+Y13-MIN(Schulden!G13,X13+Y13)),0)+IF(AND(Schulden!J14<Schulden!J19,AB13>0),MAX(0,AB13+AC13-MIN(Schulden!G14,AB13+AC13)),0)+IF(AND(Schulden!J15<Schulden!J19,AF13>0),MAX(0,AF13+AG13-MIN(Schulden!G15,AF13+AG13)),0)+IF(AND(Schulden!J16<Schulden!J19,AJ13>0),MAX(0,AJ13+AK13-MIN(Schulden!G16,AJ13+AK13)),0)+IF(AND(Schulden!J17<Schulden!J19,AN13>0),MAX(0,AN13+AO13-MIN(Schulden!G17,AN13+AO13)),0)+IF(AND(Schulden!J18<Schulden!J19,AR13>0),MAX(0,AR13+AS13-MIN(Schulden!G18,AR13+AS13)),0)+IF(AND(Schulden!J19<Schulden!J19,AV13>0),MAX(0,AV13+AW13-MIN(Schulden!G19,AV13+AW13)),0)+IF(AND(Schulden!J20<Schulden!J19,AZ13>0),MAX(0,AZ13+BA13-MIN(Schulden!G20,AZ13+BA13)),0)+IF(AND(Schulden!J21<Schulden!J19,BD13>0),MAX(0,BD13+BE13-MIN(Schulden!G21,BD13+BE13)),0)+IF(AND(Schulden!J22<Schulden!J19,BH13>0),MAX(0,BH13+BI13-MIN(Schulden!G22,BH13+BI13)),0))),MAX(0,AV13+AW13-MIN(Schulden!G19,AV13+AW13)))+SUMIFS(Sonderzahlungen!$D$8:$D$67,Sonderzahlungen!$G$8:$G$67,$B13,Sonderzahlungen!$E$8:$E$67,"Gezielte Schuld",Sonderzahlungen!$F$8:$F$67,Schulden!B19))) | AY13: =MAX(0,AV13+AW13-AX13) | AZ13: =BC12 | BA13: =IF(AZ13<=0,0,AZ13*Schulden!F20/12) | BB13: =IF(AZ13<=0,0,MIN(AZ13+BA13,MIN(Schulden!G20,AZ13+BA13)+MIN(MAX(0,Strategie!$C$9+SUMIFS(Sonderzahlungen!$D$8:$D$67,Sonderzahlungen!$G$8:$G$67,$B13,Sonderzahlungen!$E$8:$E$67,"Nach Strategie")-(IF(AND(Schulden!J8<Schulden!J20,D13>0),MAX(0,D13+E13-MIN(Schulden!G8,D13+E13)),0)+IF(AND(Schulden!J9<Schulden!J20,H13>0),MAX(0,H13+I13-MIN(Schulden!G9,H13+I13)),0)+IF(AND(Schulden!J10<Schulden!J20,L13>0),MAX(0,L13+M13-MIN(Schulden!G10,L13+M13)),0)+IF(AND(Schulden!J11<Schulden!J20,P13>0),MAX(0,P13+Q13-MIN(Schulden!G11,P13+Q13)),0)+IF(AND(Schulden!J12<Schulden!J20,T13>0),MAX(0,T13+U13-MIN(Schulden!G12,T13+U13)),0)+IF(AND(Schulden!J13<Schulden!J20,X13>0),MAX(0,X13+Y13-MIN(Schulden!G13,X13+Y13)),0)+IF(AND(Schulden!J14<Schulden!J20,AB13>0),MAX(0,AB13+AC13-MIN(Schulden!G14,AB13+AC13)),0)+IF(AND(Schulden!J15<Schulden!J20,AF13>0),MAX(0,AF13+AG13-MIN(Schulden!G15,AF13+AG13)),0)+IF(AND(Schulden!J16<Schulden!J20,AJ13>0),MAX(0,AJ13+AK13-MIN(Schulden!G16,AJ13+AK13)),0)+IF(AND(Schulden!J17<Schulden!J20,AN13>0),MAX(0,AN13+AO13-MIN(Schulden!G17,AN13+AO13)),0)+IF(AND(Schulden!J18<Schulden!J20,AR13>0),MAX(0,AR13+AS13-MIN(Schulden!G18,AR13+AS13)),0)+IF(AND(Schulden!J19<Schulden!J20,AV13>0),MAX(0,AV13+AW13-MIN(Schulden!G19,AV13+AW13)),0)+IF(AND(Schulden!J20<Schulden!J20,AZ13>0),MAX(0,AZ13+BA13-MIN(Schulden!G20,AZ13+BA13)),0)+IF(AND(Schulden!J21<Schulden!J20,BD13>0),MAX(0,BD13+BE13-MIN(Schulden!G21,BD13+BE13)),0)+IF(AND(Schulden!J22<Schulden!J20,BH13>0),MAX(0,BH13+BI13-MIN(Schulden!G22,BH13+BI13)),0))),MAX(0,AZ13+BA13-MIN(Schulden!G20,AZ13+BA13)))+SUMIFS(Sonderzahlungen!$D$8:$D$67,Sonderzahlungen!$G$8:$G$67,$B13,Sonderzahlungen!$E$8:$E$67,"Gezielte Schuld",Sonderzahlungen!$F$8:$F$67,Schulden!B20))) | BC13: =MAX(0,AZ13+BA13-BB13) | BD13: =BG12 | BE13: =IF(BD13<=0,0,BD13*Schulden!F21/12) | BF13: =IF(BD13<=0,0,MIN(BD13+BE13,MIN(Schulden!G21,BD13+BE13)+MIN(MAX(0,Strategie!$C$9+SUMIFS(Sonderzahlungen!$D$8:$D$67,Sonderzahlungen!$G$8:$G$67,$B13,Sonderzahlungen!$E$8:$E$67,"Nach Strategie")-(IF(AND(Schulden!J8<Schulden!J21,D13>0),MAX(0,D13+E13-MIN(Schulden!G8,D13+E13)),0)+IF(AND(Schulden!J9<Schulden!J21,H13>0),MAX(0,H13+I13-MIN(Schulden!G9,H13+I13)),0)+IF(AND(Schulden!J10<Schulden!J21,L13>0),MAX(0,L13+M13-MIN(Schulden!G10,L13+M13)),0)+IF(AND(Schulden!J11<Schulden!J21,P13>0),MAX(0,P13+Q13-MIN(Schulden!G11,P13+Q13)),0)+IF(AND(Schulden!J12<Schulden!J21,T13>0),MAX(0,T13+U13-MIN(Schulden!G12,T13+U13)),0)+IF(AND(Schulden!J13<Schulden!J21,X13>0),MAX(0,X13+Y13-MIN(Schulden!G13,X13+Y13)),0)+IF(AND(Schulden!J14<Schulden!J21,AB13>0),MAX(0,AB13+AC13-MIN(Schulden!G14,AB13+AC13)),0)+IF(AND(Schulden!J15<Schulden!J21,AF13>0),MAX(0,AF13+AG13-MIN(Schulden!G15,AF13+AG13)),0)+IF(AND(Schulden!J16<Schulden!J21,AJ13>0),MAX(0,AJ13+AK13-MIN(Schulden!G16,AJ13+AK13)),0)+IF(AND(Schulden!J17<Schulden!J21,AN13>0),MAX(0,AN13+AO13-MIN(Schulden!G17,AN13+AO13)),0)+IF(AND(Schulden!J18<Schulden!J21,AR13>0),MAX(0,AR13+AS13-MIN(Schulden!G18,AR13+AS13)),0)+IF(AND(Schulden!J19<Schulden!J21,AV13>0),MAX(0,AV13+AW13-MIN(Schulden!G19,AV13+AW13)),0)+IF(AND(Schulden!J20<Schulden!J21,AZ13>0),MAX(0,AZ13+BA13-MIN(Schulden!G20,AZ13+BA13)),0)+IF(AND(Schulden!J21<Schulden!J21,BD13>0),MAX(0,BD13+BE13-MIN(Schulden!G21,BD13+BE13)),0)+IF(AND(Schulden!J22<Schulden!J21,BH13>0),MAX(0,BH13+BI13-MIN(Schulden!G22,BH13+BI13)),0))),MAX(0,BD13+BE13-MIN(Schulden!G21,BD13+BE13)))+SUMIFS(Sonderzahlungen!$D$8:$D$67,Sonderzahlungen!$G$8:$G$67,$B13,Sonderzahlungen!$E$8:$E$67,"Gezielte Schuld",Sonderzahlungen!$F$8:$F$67,Schulden!B21))) | BG13: =MAX(0,BD13+BE13-BF13) | BH13: =BK12 | BI13: =IF(BH13<=0,0,BH13*Schulden!F22/12) | BJ13: =IF(BH13<=0,0,MIN(BH13+BI13,MIN(Schulden!G22,BH13+BI13)+MIN(MAX(0,Strategie!$C$9+SUMIFS(Sonderzahlungen!$D$8:$D$67,Sonderzahlungen!$G$8:$G$67,$B13,Sonderzahlungen!$E$8:$E$67,"Nach Strategie")-(IF(AND(Schulden!J8<Schulden!J22,D13>0),MAX(0,D13+E13-MIN(Schulden!G8,D13+E13)),0)+IF(AND(Schulden!J9<Schulden!J22,H13>0),MAX(0,H13+I13-MIN(Schulden!G9,H13+I13)),0)+IF(AND(Schulden!J10<Schulden!J22,L13>0),MAX(0,L13+M13-MIN(Schulden!G10,L13+M13)),0)+IF(AND(Schulden!J11<Schulden!J22,P13>0),MAX(0,P13+Q13-MIN(Schulden!G11,P13+Q13)),0)+IF(AND(Schulden!J12<Schulden!J22,T13>0),MAX(0,T13+U13-MIN(Schulden!G12,T13+U13)),0)+IF(AND(Schulden!J13<Schulden!J22,X13>0),MAX(0,X13+Y13-MIN(Schulden!G13,X13+Y13)),0)+IF(AND(Schulden!J14<Schulden!J22,AB13>0),MAX(0,AB13+AC13-MIN(Schulden!G14,AB13+AC13)),0)+IF(AND(Schulden!J15<Schulden!J22,AF13>0),MAX(0,AF13+AG13-MIN(Schulden!G15,AF13+AG13)),0)+IF(AND(Schulden!J16<Schulden!J22,AJ13>0),MAX(0,AJ13+AK13-MIN(Schulden!G16,AJ13+AK13)),0)+IF(AND(Schulden!J17<Schulden!J22,AN13>0),MAX(0,AN13+AO13-MIN(Schulden!G17,AN13+AO13)),0)+IF(AND(Schulden!J18<Schulden!J22,AR13>0),MAX(0,AR13+AS13-MIN(Schulden!G18,AR13+AS13)),0)+IF(AND(Schulden!J19<Schulden!J22,AV13>0),MAX(0,AV13+AW13-MIN(Schulden!G19,AV13+AW13)),0)+IF(AND(Schulden!J20<Schulden!J22,AZ13>0),MAX(0,AZ13+BA13-MIN(Schulden!G20,AZ13+BA13)),0)+IF(AND(Schulden!J21<Schulden!J22,BD13>0),MAX(0,BD13+BE13-MIN(Schulden!G21,BD13+BE13)),0)+IF(AND(Schulden!J22<Schulden!J22,BH13>0),MAX(0,BH13+BI13-MIN(Schulden!G22,BH13+BI13)),0))),MAX(0,BH13+BI13-MIN(Schulden!G22,BH13+BI13)))+SUMIFS(Sonderzahlungen!$D$8:$D$67,Sonderzahlungen!$G$8:$G$67,$B13,Sonderzahlungen!$E$8:$E$67,"Gezielte Schuld",Sonderzahlungen!$F$8:$F$67,Schulden!B22))) | BK13: =MAX(0,BH13+BI13-BJ13)
